Workbook

Sheet Situation Interne Intermédiaire
B1: TABLEAU DES RESULTATS
B2: SDP
B3: BILAN 31/12/2025
A7: En K CFA | C7: B0 2025 | D7: B1 2025 | E7: B2 2025 | F7: B3 2025 | G7: =B3 -> BILAN 31/12/2025
A8: ACTIVITE COMPTABLE | C8: 0 | D8: 0 | E8: 0 | F8: 2645698.1 | G8: =+'Rés.par affaires'!AN68 -> 2645698.1
A9: Bâtiment | C9: 0 | D9: 0 | E9: 0 | F9: 1049009.4 | G9: ='Rés.par affaires'!AN31 -> 1049009.4
A10: Routes - Ouvrages d'art | C10: 0 | D10: 0 | E10: 0 | F10: 1556688.7 | G10: ='Rés.par affaires'!AN55 -> 1556688.7
A11: BET | C11: 0 | D11: 0 | E11: 0 | F11: 40000 | G11: ='Rés.par affaires'!AN67 -> 40000
A12: ACTIVITE NETTE CONSOLIDEE | C12: 0 | D12: 0 | E12: 0 | F12: 2645698.1 | G12: =+G8 -> 2645698.1
A13: Dépenses directes Opérations | C13: 0 | D13: 0 | E13: 0 | F13: -1904501.2 | G13: =+'Rés.par affaires'!AO68-'Rés.par affaires'!AN68 -> -1904501.2
A14: MARGE BRUTE CHANTIERS | C14: 0 | D14: 0 | E14: 0 | F14: 741196.83 | G14: =G8+G13 -> 741196.83
C15: 0 | D15: 0 | E15: 0 | F15: 0.28015171 | G15: =+G14/G12 -> 0.28015171
A16: FRAIS DE SIEGE | B16: =+'Rés.par affaires'!AP11 -> 0.2 | C16: 0 | D16: 0 | E16: 0 | F16: -529139.61 | G16: =+'Rés.par affaires'!AP68 -> -529139.61
A17: MARGE NETTE ANALYTIQUE | C17: 0 | D17: 0 | E17: 0 | F17: 212057.22 | G17: =G14+SUM(G16:G16) -> 212057.22
A18: Ecart / frais de structure | C18: 0 | D18: 0 | E18: 0 | F18: 529139.61 | G18: =+'Frais de Siège'!L116/1000 -> 529139.61
A19: MARGE NETTE STRUCTURE | C19: 0 | D19: 0 | E19: 0 | F19: 741196.83 | G19: =SUM(G17:G18) -> 741196.83
C20: 0 | D20: 0 | E20: 0 | F20: 0.28015171 | G20: =G19/G12 -> 0.28015171
A21: Pertes et Profits Opérationnels (PPO) Hors Exploitation | C21: 0 | D21: 0 | E21: 0 | F21: 0 | G21: 0
A22: PPO Personnel | C22: 0 | D22: 0 | E22: 0 | F22: 0 | G22: 0
A23: Licenciements | C23: 0 | D23: 0 | E23: 0 | F23: 0 | G23: 0
A24: Médailles du travail | C24: 0 | D24: 0 | E24: 0 | F24: 0 | G24: 0
A25: Formations | C25: 0 | D25: 0 | E25: 0 | F25: 0 | G25: 0
A26: Autres PPO | C26: 0 | D26: 0 | E26: 0 | F26: 0 | G26: 0
A27: Contentieux | C27: 0 | D27: 0 | E27: 0 | F27: 0 | G27: 0
A28: Créances douteuses | C28: 0 | D28: 0 | E28: 0 | F28: 0 | G28: 0
A29: RESULTAT OPERATIONNEL SUR ACTIVITE | C29: =C19+SUM(C22:C28) -> 0 | D29: =D19+SUM(D22:D28) -> 0 | E29: =E19+SUM(E22:E28) -> 0 | F29: 741196.83 | G29: =G19+SUM(G22:G28) -> 741196.83
C30: 0 | D30: 0 | E30: 0 | F30: 0.28015171 | G30: =G29/G8 -> 0.28015171
A31: Autres résultats financiers | C31: 0 | D31: 0 | E31: 0 | F31: 0 | G31: 0
A32: RESULTAT OPERATIONNEL COURANT | C32: =+C29+C31 -> 0 | D32: =+D29+D31 -> 0 | E32: =+E29+E31 -> 0 | F32: 741196.83 | G32: =+G29+G31 -> 741196.83
C33: 0 | D33: 0 | E33: 0 | F33: 0.28015171 | G33: =G32/G12 -> 0.28015171
A34: Impot sur Bénéfice (30 % du résultat) | F34: ? | G34: ?
A35: CCIB | F35: ? | G35: ?
A36: Taxe Dévellopement du sport | F36: ? | G36: ?
A37: IMPOTS/BENEFICES | C37: =SUM(C34:C36) -> 0 | D37: =SUM(D34:D36) -> 0 | E37: =SUM(E34:E36) -> 0 | F37: 0 | G37: =SUM(G34:G36) -> 0
A39: RESULTAT NET SOCIAL | C39: =C32+C37 -> 0 | D39: =D32+D37 -> 0 | E39: =E32+E37 -> 0 | F39: 741196.83 | G39: =G32+G37 -> 741196.83
C40: 0 | D40: 0 | E40: 0 | F40: 0.28015171 | G40: =G39/G8 -> 0.28015171

Sheet Rés.par affaires
C2: RESULTATS PAR AFFAIRES | K2: 44560
C3: ='Situation Interne Intermédiaire'!B2 -> SDP
A4: K CFA | C4: ='Situation Interne Intermédiaire'!B3 -> BILAN 31/12/2025 | Q4: En K CFA
AH5: 0
A6: AFFAIRES | C6: PREVISIONS A FIN D'AFFAIRE | H6: CUMUL EXERCICES ANTERIEURS | M6: CUMUL AU STADE EXERCICE EN COURS | R6: EXERCICE EN COURS | W6: ACTIVITE DETAILLE EXERCICE EN COURS | AI6: B3 2025 | AN6: =C4 -> BILAN 31/12/2025 | AS6: EXERCICES SUIVANTS
B8: T
B9: A | C9: Activité | D9: Marge brute | E9: Frais siège | F9: Marge nette / affaire | G9: % activité | H9: Activité | I9: Marge brute | J9: Frais siège | K9: Marge nette / affaire | L9: % activité | M9: Activité | N9: Marge brute | O9: Frais siège | P9: Marge nette / affaire | Q9: % activité | R9: Activité | S9: Marge brute | T9: Frais siège | U9: Marge nette / affaire | V9: % activité | AI9: Activité | AJ9: Marge brute | AK9: Frais siège | AL9: Marge nette / affaire | AM9: % activité | AN9: Activité | AO9: Marge brute | AP9: Frais siège | AQ9: Marge nette / affaire | AR9: % activité | AS9: Activité | AT9: Marge brute | AU9: Frais siège | AV9: Marge nette / affaire | AW9: % activité
B10: P | W10: 44196 | X10: =W10+31 -> 44227 | Y10: =X10+31 -> 44258 | Z10: =Y10+31 -> 44289 | AA10: =Z10+31 -> 44320 | AB10: =AA10+31 -> 44351 | AC10: =AB10+31 -> 44382 | AD10: =AC10+31 -> 44413 | AE10: =AD10+31 -> 44444 | ... AH10: =AG10+31 -> 44537
B11: E | E11: 0.2 | J11: 0.2 | O11: 0.2 | T11: 0.2 | AK11: 0.2 | AP11: 0.2 | AU11: 0.2
C12: a | D12: b | F12: c | G12: d = c / a | H12: e | I12: f | K12: g | L12: h = g / e | M12: i | N12: j = i x (b/a) | P12: k | Q12: l = k / i | R12: i | S12: j = i x (b/a) | U12: k | V12: l = k / i | AL12: c | AM12: d = c / a | AN12: m | AO12: n = [(m+e) x (b/a)] - f | AQ12: o | AR12: p = o / m | AS12: q | AT12: r = b - f - n | AV12: s | AW12: t = s / q
A13: BATIMENT
A14: OPERATIONS SOLDEES | B14: T | C14: 100000 | D14: 24000 | E14: =-C14*E$11 -> -20000 | F14: =SUM(D14:E14) -> 4000 | G14: =IF(C14=0,0,F14/C14) -> 0.04 | H14: 0 | I14: 0 | J14: =-H14*J$11 -> 0 | K14: =SUM(I14:J14) -> 0 | L14: =IF(H14=0,0,K14/H14) -> 0 | M14: =+H14+SUMIF(W$10:AH$10,"<="&K$2,W14:AH14) -> 0 | N14: =I14+AO14 -> 0 | O14: =-$M14*O$11 -> 0 | P14: =SUM(N14:O14) -> 0 | Q14: =IF(M14=0,0,P14/M14) -> 0 | R14: =M14-H14 -> 0 | S14: =+N14-I14 -> 0 | T14: =-$R14*T$11 -> 0 | U14: =SUM(S14:T14) -> 0 | V14: =IF(R14=0,0,U14/R14) -> 0 | X14: 0 | Y14: 0 | Z14: 0 | AD14: 0 | AE14: 0 | AF14: 0 | AI14: 0 | AJ14: 24000 | AK14: =-3.919964-4.72 -> -8.639964 | AL14: 0 | AM14: 0 | AN14: =SUM(W14:AH14) -> 0 | AO14: =IF(C14=0,0,((AN14+H14)*(D14/C14))-I14) -> 0 | AP14: =-AN14*AP$11 -> 0 | AQ14: =+AO14+AP14 -> 0 | AR14: =IF(AN14=0,0,AQ14/AN14) -> 0 | AS14: =C14-H14-AN14 -> 100000 | AT14: =+D14-I14-AO14 -> 24000 | AU14: =-AS14*AU$11 -> -20000 | AV14: =+AT14+AU14 -> 4000 | AW14: =IF(AS14=0,0,AV14/AS14) -> 0.04
B15: T | E15: =-C15*E$11 -> 0 | F15: =SUM(D15:E15) -> 0 | G15: =IF(C15=0,0,F15/C15) -> 0 | J15: =-H15*J$11 -> 0 | L15: =IF(H15=0,0,K15/H15) -> 0 | M15: =+H15+SUMIF(W$10:AH$10,"<="&K$2,W15:AH15) -> 0 | N15: =I15+AO15 -> 0 | O15: =-$M15*O$11 -> 0 | P15: =SUM(N15:O15) -> 0 | Q15: =IF(M15=0,0,P15/M15) -> 0 | R15: =M15-H15 -> 0 | S15: =+N15-I15 -> 0 | T15: =-$R15*T$11 -> 0 | U15: =SUM(S15:T15) -> 0 | V15: =IF(R15=0,0,U15/R15) -> 0 | AN15: =SUM(W15:AH15) -> 0 | AO15: =IF(C15=0,0,((AN15+H15)*(D15/C15))-I15) -> 0 | AP15: =-AN15*AP$11 -> 0 | AQ15: =+AO15+AP15 -> 0 | AR15: =IF(AN15=0,0,AQ15/AN15) -> 0 | AS15: =C15-H15-AN15 -> 0 | AT15: =+D15-I15-AO15 -> 0 | AU15: =-AS15*AU$11 -> 0 | AV15: =+AT15+AU15 -> 0 | AW15: =IF(AS15=0,0,AV15/AS15) -> 0
A16: CITEES ADMINISTRATIVES | B16: T | C16: 882000 | D16: 220500 | E16: =-C16*E$11 -> -176400 | F16: =SUM(D16:E16) -> 44100 | G16: =IF(C16=0,0,F16/C16) -> 0.05 | H16: 308077 | I16: 77000 | J16: =-H16*J$11 -> -61615.4 | K16: =SUM(I16:J16) -> 15384.6 | L16: =IF(H16=0,0,K16/H16) -> 0.049937516 | M16: =+H16+SUMIF(W$10:AH$10,"<="&K$2,W16:AH16) -> 799535 | N16: 77000 | O16: =-$M16*O$11 -> -159907 | P16: =SUM(N16:O16) -> -82907 | Q16: =IF(M16=0,0,P16/M16) -> -0.10369402 | R16: =M16-H16 -> 491458 | S16: =+N16-I16 -> 0 | T16: =-$R16*T$11 -> -98291.6 | U16: =SUM(S16:T16) -> -98291.6 | V16: =IF(R16=0,0,U16/R16) -> -0.2 | W16: 40954 | X16: 40964 | Y16: 40954 | Z16: 40954 | AA16: 40954 | AB16: 40954 | AC16: 40954 | AD16: 40954 | AE16: 40954 | AF16: 40954 | AG16: 40954 | AH16: 40954 | AJ16: 135.34022 | AK16: -57.580384 | AL16: 0 | AM16: 0 | AN16: =SUM(W16:AH16) -> 491458 | AO16: =IF(C16=0,0,((AN16+H16)*(D16/C16))-I16) -> 122883.75 | AP16: =-AN16*AP$11 -> -98291.6 | AQ16: =+AO16+AP16 -> 24592.15 | AR16: =IF(AN16=0,0,AQ16/AN16) -> 0.050039169 | AS16: =C16-H16-AN16 -> 82465 | AT16: =+D16-I16-AO16 -> 20616.25 | AU16: =-AS16*AU$11 -> -16493 | AV16: =+AT16+AU16 -> 4123.25 | AW16: =IF(AS16=0,0,AV16/AS16) -> 0.05
A17: PRISON DE OUEDO | B17: T | C17: 199470 | D17: 64000 | E17: =-C17*E$11 -> -39894 | F17: =SUM(D17:E17) -> 24106 | G17: =IF(C17=0,0,F17/C17) -> 0.12085025 | J17: =-H17*J$11 -> 0 | K17: =SUM(I17:J17) -> 0 | L17: =IF(H17=0,0,K17/H17) -> 0 | M17: =+H17+SUMIF(W$10:AH$10,"<="&K$2,W17:AH17) -> 113982.84 | N17: =I17+AO17 -> 36571.423 | O17: =-$M17*O$11 -> -22796.568 | P17: =SUM(N17:O17) -> 13774.855 | Q17: =IF(M17=0,0,P17/M17) -> 0.12085025 | R17: =M17-H17 -> 113982.84 | S17: =+N17-I17 -> 36571.423 | T17: =-$R17*T$11 -> -22796.568 | U17: =SUM(S17:T17) -> 13774.855 | V17: =IF(R17=0,0,U17/R17) -> 0.12085025 | W17: 9498.57 | X17: 9498.57 | Y17: 9498.57 | Z17: 9498.57 | AA17: 9498.57 | AB17: 9498.57 | AC17: 9498.57 | AD17: 9498.57 | AE17: 9498.57 | AF17: 9498.57 | AG17: 9498.57 | AH17: 9498.57 | AI17: 0 | AJ17: 258.63937 | AK17: -130.08928 | AL17: 0 | AM17: 0 | AN17: =SUM(W17:AH17) -> 113982.84 | AO17: =IF(C17=0,0,((AN17+H17)*(D17/C17))-I17) -> 36571.423 | AP17: =-AN17*AP$11 -> -22796.568 | AQ17: =+AO17+AP17 -> 13774.855 | AR17: =IF(AN17=0,0,AQ17/AN17) -> 0.12085025 | AS17: =C17-H17-AN17 -> 85487.16 | AT17: =+D17-I17-AO17 -> 27428.577 | AU17: =-AS17*AU$11 -> -17097.432 | AV17: =+AT17+AU17 -> 10331.145 | AW17: =IF(AS17=0,0,AV17/AS17) -> 0.12085025
A18: CITE FINANCIERE | B18: T | C18: 788406.99 | D18: 205000 | E18: =-C18*E$11 -> -157681.4 | F18: =SUM(D18:E18) -> 47318.602 | G18: =IF(C18=0,0,F18/C18) -> 0.060017989 | J18: =-H18*J$11 -> 0 | K18: =SUM(I18:J18) -> 0 | L18: =IF(H18=0,0,K18/H18) -> 0 | M18: =+H18+SUMIF(W$10:AH$10,"<="&K$2,W18:AH18) -> 179183.4 | N18: =I18+AO18 -> 46590.909 | O18: =-$M18*O$11 -> -35836.681 | P18: =SUM(N18:O18) -> 10754.228 | Q18: =IF(M18=0,0,P18/M18) -> 0.060017989 | R18: =M18-H18 -> 179183.4 | S18: =+N18-I18 -> 46590.909 | T18: =-$R18*T$11 -> -35836.681 | U18: =SUM(S18:T18) -> 10754.228 | V18: =IF(R18=0,0,U18/R18) -> 0.060017989 | AD18: 35836.681 | AE18: 35836.681 | AF18: 35836.681 | AG18: 35836.681 | AH18: 35836.681 | AI18: 0 | AJ18: 0 | AK18: 0 | AL18: 0 | AM18: 0 | AN18: =SUM(W18:AH18) -> 179183.4 | AO18: =IF(C18=0,0,((AN18+H18)*(D18/C18))-I18) -> 46590.909 | AP18: =-AN18*AP$11 -> -35836.681 | AQ18: =+AO18+AP18 -> 10754.228 | AR18: =IF(AN18=0,0,AQ18/AN18) -> 0.060017989 | AS18: =C18-H18-AN18 -> 609223.58 | AT18: =+D18-I18-AO18 -> 158409.09 | AU18: =-AS18*AU$11 -> -121844.72 | AV18: =+AT18+AU18 -> 36564.374 | AW18: =IF(AS18=0,0,AV18/AS18) -> 0.060017989
A19: COVE BEACH | B19: T | C19: 120000 | D19: 36000 | E19: =-C19*E$11 -> -24000 | F19: =SUM(D19:E19) -> 12000 | G19: =IF(C19=0,0,F19/C19) -> 0.1 | J19: =-H19*J$11 -> 0 | K19: =SUM(I19:J19) -> 0 | L19: =IF(H19=0,0,K19/H19) -> 0 | M19: =+H19+SUMIF(W$10:AH$10,"<="&K$2,W19:AH19) -> 90000 | N19: =I19+AO19 -> 27000 | O19: =-$M19*O$11 -> -18000 | P19: =SUM(N19:O19) -> 9000 | Q19: =IF(M19=0,0,P19/M19) -> 0.1 | R19: =M19-H19 -> 90000 | S19: =+N19-I19 -> 27000 | T19: =-$R19*T$11 -> -18000 | U19: =SUM(S19:T19) -> 9000 | V19: =IF(R19=0,0,U19/R19) -> 0.1 | W19: 7500 | X19: 7500 | Y19: 7500 | Z19: 7500 | AA19: 7500 | AB19: 7500 | AC19: 7500 | AD19: 7500 | AE19: 7500 | AF19: 7500 | AG19: 7500 | AH19: 7500 | AI19: 0 | AK19: 0 | AM19: 0 | AN19: =SUM(W19:AH19) -> 90000 | AO19: =IF(C19=0,0,((AN19+H19)*(D19/C19))-I19) -> 27000 | AP19: =-AN19*AP$11 -> -18000 | AQ19: =+AO19+AP19 -> 9000 | AR19: =IF(AN19=0,0,AQ19/AN19) -> 0.1 | AS19: =C19-H19-AN19 -> 30000 | AT19: =+D19-I19-AO19 -> 9000 | AU19: =-AS19*AU$11 -> -6000 | AV19: =+AT19+AU19 -> 3000 | AW19: =IF(AS19=0,0,AV19/AS19) -> 0.1
A20: NATIVE | B20: T | C20: 11200 | D20: 2500 | E20: =-C20*E$11 -> -2240 | F20: =SUM(D20:E20) -> 260 | G20: =IF(C20=0,0,F20/C20) -> 0.023214286 | H20: 3200 | I20: 800 | J20: =-H20*J$11 -> -640 | K20: =SUM(I20:J20) -> 160 | L20: =IF(H20=0,0,K20/H20) -> 0.05 | M20: =+H20+SUMIF(W$10:AH$10,"<="&K$2,W20:AH20) -> 11200 | N20: =I20+AO20 -> 2500 | O20: =-$M20*O$11 -> -2240 | P20: =SUM(N20:O20) -> 260 | Q20: =IF(M20=0,0,P20/M20) -> 0.023214286 | R20: =M20-H20 -> 8000 | S20: =+N20-I20 -> 1700 | T20: =-$R20*T$11 -> -1600 | U20: =SUM(S20:T20) -> 100 | V20: =IF(R20=0,0,U20/R20) -> 0.0125 | W20: 1600 | X20: 1600 | Y20: 1600 | Z20: 1600 | AA20: 1600 | AI20: 0 | AJ20: 0 | AK20: 0 | AL20: 0 | AM20: 0 | AN20: =SUM(W20:AH20) -> 8000 | AO20: =IF(C20=0,0,((AN20+H20)*(D20/C20))-I20) -> 1700 | AP20: =-AN20*AP$11 -> -1600 | AQ20: =+AO20+AP20 -> 100 | AR20: =IF(AN20=0,0,AQ20/AN20) -> 0.0125 | AS20: =C20-H20-AN20 -> 0 | AT20: =+D20-I20-AO20 -> 0 | AU20: =-AS20*AU$11 -> 0 | AV20: =+AT20+AU20 -> 0 | AW20: =IF(AS20=0,0,AV20/AS20) -> 0
A21: NATIVE AVENANT | B21: T | C21: 9600 | D21: 2500 | E21: =-C21*E$11 -> -1920 | F21: =SUM(D21:E21) -> 580 | G21: =IF(C21=0,0,F21/C21) -> 0.060416667 | I21: 0 | J21: =-H21*J$11 -> 0 | K21: =SUM(I21:J21) -> 0 | L21: =IF(H21=0,0,K21/H21) -> 0 | M21: =+H21+SUMIF(W$10:AH$10,"<="&K$2,W21:AH21) -> 9600 | N21: =I21+AO21 -> 2500 | O21: =-$M21*O$11 -> -1920 | P21: =SUM(N21:O21) -> 580 | Q21: =IF(M21=0,0,P21/M21) -> 0.060416667 | R21: =M21-H21 -> 9600 | S21: =+N21-I21 -> 2500 | T21: =-$R21*T$11 -> -1920 | U21: =SUM(S21:T21) -> 580 | V21: =IF(R21=0,0,U21/R21) -> 0.060416667 | AB21: 1600 | AC21: 1600 | AD21: 1600 | AE21: 1600 | AF21: 1600 | AG21: 1600 | AH21: 0 | AI21: 0 | AJ21: 0 | AK21: 0 | AL21: 0 | AM21: 0 | AN21: =SUM(W21:AH21) -> 9600 | AO21: =IF(C21=0,0,((AN21+H21)*(D21/C21))-I21) -> 2500 | AP21: =-AN21*AP$11 -> -1920 | AQ21: =+AO21+AP21 -> 580 | AR21: =IF(AN21=0,0,AQ21/AN21) -> 0.060416667 | AS21: =C21-H21-AN21 -> 0 | AT21: =+D21-I21-AO21 -> 0 | AU21: =-AS21*AU$11 -> 0 | AV21: =+AT21+AU21 -> 0 | AW21: =IF(AS21=0,0,AV21/AS21) -> 0
A22: 22 STADES COMMUNAUX | B22: T | C22: 329843.22 | D22: 80000 | E22: =-C22*E$11 -> -65968.644 | F22: =SUM(D22:E22) -> 14031.356 | G22: =IF(C22=0,0,F22/C22) -> 0.042539471 | J22: =-H22*J$11 -> 0 | K22: =SUM(I22:J22) -> 0 | L22: =IF(H22=0,0,K22/H22) -> 0 | M22: =+H22+SUMIF(W$10:AH$10,"<="&K$2,W22:AH22) -> 109947.74 | N22: =I22+AO22 -> 26666.667 | O22: =-$M22*O$11 -> -21989.548 | P22: =SUM(N22:O22) -> 4677.1187 | Q22: =IF(M22=0,0,P22/M22) -> 0.042539471 | R22: =M22-H22 -> 109947.74 | S22: =+N22-I22 -> 26666.667 | T22: =-$R22*T$11 -> -21989.548 | U22: =SUM(S22:T22) -> 4677.1187 | V22: =IF(R22=0,0,U22/R22) -> 0.042539471 | AE22: 27486.935 | AF22: 27486.935 | AG22: 27486.935 | AH22: 27486.935 | AI22: 0 | AK22: 0 | AM22: 0 | AN22: =SUM(W22:AH22) -> 109947.74 | AO22: =IF(C22=0,0,((AN22+H22)*(D22/C22))-I22) -> 26666.667 | AP22: =-AN22*AP$11 -> -21989.548 | AQ22: =+AO22+AP22 -> 4677.1187 | AR22: =IF(AN22=0,0,AQ22/AN22) -> 0.042539471 | AS22: =C22-H22-AN22 -> 219895.48 | AT22: =+D22-I22-AO22 -> 53333.333 | AU22: =-AS22*AU$11 -> -43979.096 | AV22: =+AT22+AU22 -> 9354.2373 | AW22: =IF(AS22=0,0,AV22/AS22) -> 0.042539471
A23: HOTEL DE VILLE PORTO NOVO | B23: T | C23: 100117 | D23: 28000 | E23: =-C23*E$11 -> -20023.4 | F23: =SUM(D23:E23) -> 7976.6 | G23: =IF(C23=0,0,F23/C23) -> 0.079672783 | H23: 0 | I23: 0 | J23: =-H23*J$11 -> 0 | K23: =SUM(I23:J23) -> 0 | L23: =IF(H23=0,0,K23/H23) -> 0 | M23: =+H23+SUMIF(W$10:AH$10,"<="&K$2,W23:AH23) -> 23837.38 | N23: =I23+AO23 -> 6666.6664 | O23: =-$M23*O$11 -> -4767.476 | P23: =SUM(N23:O23) -> 1899.1904 | Q23: =IF(M23=0,0,P23/M23) -> 0.079672783 | R23: =M23-H23 -> 23837.38 | S23: =+N23-I23 -> 6666.6664 | T23: =-$R23*T$11 -> -4767.476 | U23: =SUM(S23:T23) -> 1899.1904 | V23: =IF(R23=0,0,U23/R23) -> 0.079672783 | AD23: 4767.476 | AE23: 4767.476 | AF23: 4767.476 | AG23: 4767.476 | AH23: 4767.476 | AI23: 0 | AJ23: 0 | AK23: 0 | AL23: 0 | AM23: 0 | AN23: =SUM(W23:AH23) -> 23837.38 | AO23: =IF(C23=0,0,((AN23+H23)*(D23/C23))-I23) -> 6666.6664 | AP23: =-AN23*AP$11 -> -4767.476 | AQ23: =+AO23+AP23 -> 1899.1904 | AR23: =IF(AN23=0,0,AQ23/AN23) -> 0.079672783 | AS23: =C23-H23-AN23 -> 76279.62 | AT23: =+D23-I23-AO23 -> 21333.334 | AU23: =-AS23*AU$11 -> -15255.924 | AV23: =+AT23+AU23 -> 6077.4096 | AW23: =IF(AS23=0,0,AV23/AS23) -> 0.079672783
E24: =-C24*E$11 -> 0 | F24: =SUM(D24:E24) -> 0 | G24: =IF(C24=0,0,F24/C24) -> 0 | J24: =-H24*J$11 -> 0 | K24: =SUM(I24:J24) -> 0 | L24: =IF(H24=0,0,K24/H24) -> 0 | M24: =+H24+SUMIF(W$10:AH$10,"<="&K$2,W24:AH24) -> 0 | N24: =I24+AO24 -> 0 | O24: =-$M24*O$11 -> 0 | P24: =SUM(N24:O24) -> 0 | Q24: =IF(M24=0,0,P24/M24) -> 0 | R24: =M24-H24 -> 0 | S24: =+N24-I24 -> 0 | T24: =-$R24*T$11 -> 0 | U24: =SUM(S24:T24) -> 0 | V24: =IF(R24=0,0,U24/R24) -> 0 | AG24: 0 | AN24: =SUM(W24:AH24) -> 0 | AO24: =IF(C24=0,0,((AN24+H24)*(D24/C24))-I24) -> 0 | AP24: =-AN24*AP$11 -> 0 | AQ24: =+AO24+AP24 -> 0 | AR24: =IF(AN24=0,0,AQ24/AN24) -> 0 | AS24: =C24-H24-AN24 -> 0 | AT24: =+D24-I24-AO24 -> 0 | AU24: =-AS24*AU$11 -> 0 | AV24: =+AT24+AU24 -> 0 | AW24: =IF(AS24=0,0,AV24/AS24) -> 0
A25: CENTRES DE SANTE COTONOU - PAHOU - NATITINGOU | B25: A | C25: 127118.64 | D25: 35000 | E25: =-C25*E$11 -> -25423.729 | F25: =SUM(D25:E25) -> 9576.2712 | G25: =IF(C25=0,0,F25/C25) -> 0.075333333 | J25: =-H25*J$11 -> 0 | K25: =SUM(I25:J25) -> 0 | L25: =IF(H25=0,0,K25/H25) -> 0 | M25: =+H25+SUMIF(W$10:AH$10,"<="&K$2,W25:AH25) -> 23000 | N25: =I25+AO25 -> 6332.6667 | O25: =-$M25*O$11 -> -4600 | P25: =SUM(N25:O25) -> 1732.6667 | Q25: =IF(M25=0,0,P25/M25) -> 0.075333333 | R25: =M25-H25 -> 23000 | S25: =+N25-I25 -> 6332.6667 | T25: =-$R25*T$11 -> -4600 | U25: =SUM(S25:T25) -> 1732.6667 | V25: =IF(R25=0,0,U25/R25) -> 0.075333333 | AG25: 11500 | AH25: 11500 | AN25: =SUM(W25:AH25) -> 23000 | AO25: =IF(C25=0,0,((AN25+H25)*(D25/C25))-I25) -> 6332.6667 | AP25: =-AN25*AP$11 -> -4600 | AQ25: =+AO25+AP25 -> 1732.6667 | AR25: =IF(AN25=0,0,AQ25/AN25) -> 0.075333333 | AS25: =C25-H25-AN25 -> 104118.64 | AT25: =+D25-I25-AO25 -> 28667.333 | AU25: =-AS25*AU$11 -> -20823.729 | AV25: =+AT25+AU25 -> 7843.6045 | AW25: =IF(AS25=0,0,AV25/AS25) -> 0.075333333
E26: =-C26*E$11 -> 0 | F26: =SUM(D26:E26) -> 0 | G26: =IF(C26=0,0,F26/C26) -> 0 | J26: =-H26*J$11 -> 0 | K26: =SUM(I26:J26) -> 0 | L26: =IF(H26=0,0,K26/H26) -> 0 | M26: =+H26+SUMIF(W$10:AH$10,"<="&K$2,W26:AH26) -> 0 | N26: =I26+AO26 -> 0 | O26: =-$M26*O$11 -> 0 | P26: =SUM(N26:O26) -> 0 | Q26: =IF(M26=0,0,P26/M26) -> 0 | R26: =M26-H26 -> 0 | S26: =+N26-I26 -> 0 | T26: =-$R26*T$11 -> 0 | U26: =SUM(S26:T26) -> 0 | V26: =IF(R26=0,0,U26/R26) -> 0 | AI26: 0 | AJ26: 0 | AK26: 0 | AL26: 0 | AM26: 0 | AN26: =SUM(W26:AH26) -> 0 | AO26: =IF(C26=0,0,((AN26+H26)*(D26/C26))-I26) -> 0 | AP26: =-AN26*AP$11 -> 0 | AQ26: =+AO26+AP26 -> 0 | AR26: =IF(AN26=0,0,AQ26/AN26) -> 0 | AS26: =C26-H26-AN26 -> 0 | AT26: =+D26-I26-AO26 -> 0 | AU26: =-AS26*AU$11 -> 0 | AV26: =+AT26+AU26 -> 0 | AW26: =IF(AS26=0,0,AV26/AS26) -> 0
E27: =-C27*E$11 -> 0 | F27: =SUM(D27:E27) -> 0 | G27: =IF(C27=0,0,F27/C27) -> 0 | J27: =-H27*J$11 -> 0 | K27: =SUM(I27:J27) -> 0 | L27: =IF(H27=0,0,K27/H27) -> 0 | M27: =+H27+SUMIF(W$10:AH$10,"<="&K$2,W27:AH27) -> 0 | N27: =I27+AO27 -> 0 | O27: =-$M27*O$11 -> 0 | P27: =SUM(N27:O27) -> 0 | Q27: =IF(M27=0,0,P27/M27) -> 0 | R27: =M27-H27 -> 0 | S27: =+N27-I27 -> 0 | T27: =-$R27*T$11 -> 0 | U27: =SUM(S27:T27) -> 0 | V27: =IF(R27=0,0,U27/R27) -> 0 | AI27: 0 | AJ27: 0 | AK27: 0 | AL27: 0 | AM27: 0 | AN27: =SUM(W27:AH27) -> 0 | AO27: =IF(C27=0,0,((AN27+H27)*(D27/C27))-I27) -> 0 | AP27: =-AN27*AP$11 -> 0 | AQ27: =+AO27+AP27 -> 0 | AR27: =IF(AN27=0,0,AQ27/AN27) -> 0 | AS27: =C27-H27-AN27 -> 0 | AT27: =+D27-I27-AO27 -> 0 | AU27: =-AS27*AU$11 -> 0 | AV27: =+AT27+AU27 -> 0 | AW27: =IF(AS27=0,0,AV27/AS27) -> 0
E28: =-C28*E$11 -> 0 | F28: =SUM(D28:E28) -> 0 | G28: =IF(C28=0,0,F28/C28) -> 0 | J28: =-H28*J$11 -> 0 | K28: =SUM(I28:J28) -> 0 | L28: =IF(H28=0,0,K28/H28) -> 0 | M28: =+H28+SUMIF(W$10:AH$10,"<="&K$2,W28:AH28) -> 0 | N28: =I28+AO28 -> 0 | O28: =-$M28*O$11 -> 0 | P28: =SUM(N28:O28) -> 0 | Q28: =IF(M28=0,0,P28/M28) -> 0 | R28: =M28-H28 -> 0 | S28: =+N28-I28 -> 0 | T28: =-$R28*T$11 -> 0 | U28: =SUM(S28:T28) -> 0 | V28: =IF(R28=0,0,U28/R28) -> 0 | AI28: 0 | AJ28: 0 | AK28: 0 | AL28: 0 | AM28: 0 | AN28: =SUM(W28:AH28) -> 0 | AO28: =IF(C28=0,0,((AN28+H28)*(D28/C28))-I28) -> 0 | AP28: =-AN28*AP$11 -> 0 | AQ28: =+AO28+AP28 -> 0 | AR28: =IF(AN28=0,0,AQ28/AN28) -> 0 | AS28: =C28-H28-AN28 -> 0 | AT28: =+D28-I28-AO28 -> 0 | AU28: =-AS28*AU$11 -> 0 | AV28: =+AT28+AU28 -> 0 | AW28: =IF(AS28=0,0,AV28/AS28) -> 0
E29: =-C29*E$11 -> 0 | F29: =SUM(D29:E29) -> 0 | G29: =IF(C29=0,0,F29/C29) -> 0 | J29: =-H29*J$11 -> 0 | K29: =SUM(I29:J29) -> 0 | L29: =IF(H29=0,0,K29/H29) -> 0 | M29: =+H29+SUMIF(W$10:AH$10,"<="&K$2,W29:AH29) -> 0 | N29: =I29+AO29 -> 0 | O29: =-$M29*O$11 -> 0 | P29: =SUM(N29:O29) -> 0 | Q29: =IF(M29=0,0,P29/M29) -> 0 | R29: =M29-H29 -> 0 | S29: =+N29-I29 -> 0 | T29: =-$R29*T$11 -> 0 | U29: =SUM(S29:T29) -> 0 | V29: =IF(R29=0,0,U29/R29) -> 0 | AI29: 0 | AJ29: 0 | AK29: 0 | AL29: 0 | AM29: 0 | AN29: =SUM(W29:AH29) -> 0 | AO29: =IF(C29=0,0,((AN29+H29)*(D29/C29))-I29) -> 0 | AP29: =-AN29*AP$11 -> 0 | AQ29: =+AO29+AP29 -> 0 | AR29: =IF(AN29=0,0,AQ29/AN29) -> 0 | AS29: =C29-H29-AN29 -> 0 | AT29: =+D29-I29-AO29 -> 0 | AU29: =-AS29*AU$11 -> 0 | AV29: =+AT29+AU29 -> 0 | AW29: =IF(AS29=0,0,AV29/AS29) -> 0
E30: =-C30*E$11 -> 0 | F30: =SUM(D30:E30) -> 0 | G30: =IF(C30=0,0,F30/C30) -> 0 | J30: =-H30*J$11 -> 0 | K30: =SUM(I30:J30) -> 0 | L30: =IF(H30=0,0,K30/H30) -> 0 | M30: =+H30+SUMIF(W$10:AH$10,"<="&K$2,W30:AH30) -> 0 | N30: =I30+AO30 -> 0 | O30: =-$M30*O$11 -> 0 | P30: =SUM(N30:O30) -> 0 | Q30: =IF(M30=0,0,P30/M30) -> 0 | R30: =M30-H30 -> 0 | S30: =+N30-I30 -> 0 | T30: =-$R30*T$11 -> 0 | U30: =SUM(S30:T30) -> 0 | V30: =IF(R30=0,0,U30/R30) -> 0 | AI30: 0 | AJ30: 0 | AK30: 0 | AL30: 0 | AM30: 0 | AN30: =SUM(W30:AH30) -> 0 | AO30: =IF(C30=0,0,((AN30+H30)*(D30/C30))-I30) -> 0 | AP30: =-AN30*AP$11 -> 0 | AQ30: =+AO30+AP30 -> 0 | AR30: =IF(AN30=0,0,AQ30/AN30) -> 0 | AS30: =C30-H30-AN30 -> 0 | AT30: =+D30-I30-AO30 -> 0 | AU30: =-AS30*AU$11 -> 0 | AV30: =+AT30+AU30 -> 0 | AW30: =IF(AS30=0,0,AV30/AS30) -> 0
A31: TOTAL BATIMENT | C31: =SUM(C14:C30) -> 2667755.9 | D31: =SUM(D14:D30) -> 697500 | E31: =SUM(E14:E30) -> -533551.17 | F31: =SUM(F14:F30) -> 163948.83 | G31: =IF(C31=0,0,F31/C31) -> 0.06145571 | H31: =SUM(H14:H30) -> 311277 | I31: =SUM(I14:I30) -> 77800 | J31: =SUM(J14:J30) -> -62255.4 | K31: =SUM(K14:K30) -> 15544.6 | L31: =IF(H31=0,0,K31/H31) -> 0.049938158 | M31: =SUM(M14:M30) -> 1360286.4 | N31: =SUM(N14:N30) -> 231828.33 | O31: =SUM(O14:O30) -> -272057.27 | P31: =SUM(P14:P30) -> -40228.942 | Q31: =IF(M31=0,0,P31/M31) -> -0.029573877 | R31: =SUM(R14:R30) -> 1049009.4 | S31: =SUM(S14:S30) -> 154028.33 | T31: =SUM(T14:T30) -> -209801.87 | U31: =SUM(U14:U30) -> -55773.542 | V31: =IF(R31=0,0,U31/R31) -> -0.05316782 | W31: =SUM(W14:W30) -> 59552.57 | X31: =SUM(X14:X30) -> 59562.57 | Y31: =SUM(Y14:Y30) -> 59552.57 | Z31: =SUM(Z14:Z30) -> 59552.57 | AA31: =SUM(AA14:AA30) -> 59552.57 | AB31: =SUM(AB14:AB30) -> 59552.57 | AC31: =SUM(AC14:AC30) -> 59552.57 | AD31: =SUM(AD14:AD30) -> 100156.73 | ... AL31: =SUM(AL14:AL30) -> 0 | AM31: =IF(AI31=0,0,AL31/AI31) -> 0 | AN31: =SUM(AN14:AN30) -> 1049009.4 | AO31: =SUM(AO14:AO30) -> 276912.08 | AP31: =SUM(AP14:AP30) -> -209801.87 | AQ31: =SUM(AQ14:AQ30) -> 67110.208 | AR31: =IF(AN31=0,0,AQ31/AN31) -> 0.063974842 | AS31: =SUM(AS14:AS30) -> 1307469.5 | AT31: =SUM(AT14:AT30) -> 342787.92 | AU31: =SUM(AU14:AU30) -> -261493.9 | AV31: =SUM(AV14:AV30) -> 81294.021 | AW31: =IF(AS31=0,0,AV31/AS31) -> 0.06217661
A32: ROUTES - OUVRAGES D'ART | E32: 0 | F32: 0 | G32: 0 | J32: 0 | L32: =IF(H32=0,0,K32/H32) -> 0 | O32: =-ROUND(M32*7.5%,0) -> 0 | P32: =+N32+O32+#REF!+#REF!+#REF! -> #REF! | Q32: =IF(M32=0,0,P32/M32) -> 0 | T32: =-ROUND(R32*7.5%,0) -> 0 | U32: =+S32+T32+#REF!+#REF!+#REF! -> #REF! | V32: =IF(R32=0,0,U32/R32) -> 0 | AK32: =-ROUND(AI32*7.5%,0) -> 0 | AL32: =+AJ32+AK32+#REF!+#REF!+#REF! -> #REF! | AM32: =IF(AI32=0,0,AL32/AI32) -> 0 | AN32: =SUM(W32:AH32) -> 0 | AP32: =-ROUND(AN32*7.5%,0) -> 0 | AQ32: =+AO32+AP32+#REF!+#REF!+#REF! -> #REF! | AR32: =IF(AN32=0,0,AQ32/AN32) -> 0 | AS32: =C32-H32-AN32 -> 0 | AU32: =-ROUND(AS32*7.5%,0) -> 0 | AV32: =+AT32+AU32+#REF!+#REF!+#REF! -> #REF! | AW32: =IF(AS32=0,0,AV32/AS32) -> 0
A33: OPERATIONS SOLDEES | B33: T | C33: 50000 | D33: 13000 | E33: =-C33*E$11 -> -10000 | F33: =SUM(D33:E33) -> 3000 | G33: =IF(C33=0,0,F33/C33) -> 0.06 | H33: 0 | I33: 0 | J33: =-H33*J$11 -> 0 | K33: =SUM(I33:J33) -> 0 | L33: =IF(H33=0,0,K33/H33) -> 0 | M33: =+H33+SUMIF(W$10:AH$10,"<="&K$2,W33:AH33) -> 50000 | N33: =I33+AO33 -> 13000 | O33: =-$M33*O$11 -> -10000 | P33: =SUM(N33:O33) -> 3000 | Q33: =IF(M33=0,0,P33/M33) -> 0.06 | R33: =M33-H33 -> 50000 | S33: =+N33-I33 -> 13000 | T33: =-$R33*T$11 -> -10000 | U33: =SUM(S33:T33) -> 3000 | V33: =IF(R33=0,0,U33/R33) -> 0.06 | X33: 0 | Z33: 0 | AA33: 50000 | AD33: 0 | AE33: 0 | AF33: 0 | AI33: 0 | AJ33: 12000 | AK33: =-3.919964-4.72 -> -8.639964 | AL33: 0 | AM33: 0 | AN33: =SUM(W33:AH33) -> 50000 | AO33: =IF(C33=0,0,((AN33+H33)*(D33/C33))-I33) -> 13000 | AP33: =-AN33*AP$11 -> -10000 | AQ33: =+AO33+AP33 -> 3000 | AR33: =IF(AN33=0,0,AQ33/AN33) -> 0.06 | AS33: =C33-H33-AN33 -> 0 | AT33: =+D33-I33-AO33 -> 0 | AU33: =-AS33*AU$11 -> 0 | AV33: =+AT33+AU33 -> 0 | AW33: =IF(AS33=0,0,AV33/AS33) -> 0
G34: =IF(C34=0,0,F34/C34) -> 0
A35: ADEOTI (Analytique) | B35: T | C35: 40000 | D35: 12000 | E35: =-C35*E$11 -> -8000 | F35: =SUM(D35:E35) -> 4000 | G35: =IF(C35=0,0,F35/C35) -> 0.1 | J35: =-H35*J$11 -> 0 | K35: =SUM(I35:J35) -> 0 | L35: =IF(H35=0,0,K35/H35) -> 0 | M35: =+H35+SUMIF(W$10:AH$10,"<="&K$2,W35:AH35) -> 39999.996 | N35: =I35+AO35 -> 11999.999 | O35: =-$M35*O$11 -> -7999.9992 | P35: =SUM(N35:O35) -> 3999.9996 | Q35: =IF(M35=0,0,P35/M35) -> 0.1 | R35: =M35-H35 -> 39999.996 | S35: =+N35-I35 -> 11999.999 | T35: =-$R35*T$11 -> -7999.9992 | U35: =SUM(S35:T35) -> 3999.9996 | V35: =IF(R35=0,0,U35/R35) -> 0.1 | W35: 3333.333 | X35: 3333.333 | Y35: 3333.333 | Z35: 3333.333 | AA35: 3333.333 | AB35: 3333.333 | AC35: 3333.333 | AD35: 3333.333 | AE35: 3333.333 | AF35: 3333.333 | AG35: 3333.333 | AH35: 3333.333 | AI35: 0 | AK35: 0 | AM35: 0 | AN35: =SUM(W35:AH35) -> 39999.996 | AO35: =IF(C35=0,0,((AN35+H35)*(D35/C35))-I35) -> 11999.999 | AP35: =-AN35*AP$11 -> -7999.9992 | AQ35: =+AO35+AP35 -> 3999.9996 | AR35: =IF(AN35=0,0,AQ35/AN35) -> 0.1 | AS35: =C35-H35-AN35 -> 0.004 | AT35: =+D35-I35-AO35 -> 0.0012 | AU35: =-AS35*AU$11 -> -0.0008 | AV35: =+AT35+AU35 -> 0.0004 | AW35: =IF(AS35=0,0,AV35/AS35) -> 0.1
A36: PMO ADEOTI | B36: T | C36: 1327732 | D36: 400000 | E36: =-C36*E$11 -> -265546.39 | F36: =SUM(D36:E36) -> 134453.61 | G36: =IF(C36=0,0,F36/C36) -> 0.10126563 | H36: 995799 | I36: 299000 | J36: =-H36*J$11 -> -199159.8 | K36: =SUM(I36:J36) -> 99840.2 | L36: =IF(H36=0,0,K36/H36) -> 0.1002614 | M36: =+H36+SUMIF(W$10:AH$10,"<="&K$2,W36:AH36) -> 1327732 | N36: =I36+AO36 -> 400000.01 | O36: =-$M36*O$11 -> -265546.4 | P36: =SUM(N36:O36) -> 134453.61 | Q36: =IF(M36=0,0,P36/M36) -> 0.10126563 | R36: =M36-H36 -> 331933 | S36: =+N36-I36 -> 101000.01 | T36: =-$R36*T$11 -> -66386.599 | U36: =SUM(S36:T36) -> 34613.412 | V36: =IF(R36=0,0,U36/R36) -> 0.10427831 | W36: 55322.166 | X36: 55322.166 | Y36: 55322.166 | Z36: 55322.166 | AA36: 55322.166 | AB36: 55322.166 | AK36: -178.70205 | AL36: 0 | AM36: 0 | AN36: =SUM(W36:AH36) -> 331933 | AO36: =IF(C36=0,0,((AN36+H36)*(D36/C36))-I36) -> 101000.01 | AP36: =-AN36*AP$11 -> -66386.599 | AQ36: =+AO36+AP36 -> 34613.412 | AR36: =IF(AN36=0,0,AQ36/AN36) -> 0.10427831 | AS36: =C36-H36-AN36 -> -0.037 | AT36: =+D36-I36-AO36 -> -0.011146828 | AU36: =-AS36*AU$11 -> 0.0074 | AV36: =+AT36+AU36 -> -0.0037468281 | AW36: =IF(AS36=0,0,AV36/AS36) -> 0.10126563
A37: ETUDES CONOCO | B37: T | C37: 305965.78 | D37: 78000 | E37: =-C37*E$11 -> -61193.155 | F37: =SUM(D37:E37) -> 16806.845 | G37: =IF(C37=0,0,F37/C37) -> 0.054930474 | H37: 214176 | I37: 54000 | J37: =-H37*J$11 -> -42835.2 | K37: =SUM(I37:J37) -> 11164.8 | L37: =IF(H37=0,0,K37/H37) -> 0.05212909 | M37: =+H37+SUMIF(W$10:AH$10,"<="&K$2,W37:AH37) -> 305966 | N37: =I37+AO37 -> 78000.057 | O37: =-$M37*O$11 -> -61193.2 | P37: =SUM(N37:O37) -> 16806.857 | Q37: =IF(M37=0,0,P37/M37) -> 0.054930474 | R37: =M37-H37 -> 91790 | S37: =+N37-I37 -> 24000.057 | T37: =-$R37*T$11 -> -18358 | U37: =SUM(S37:T37) -> 5642.0574 | V37: =IF(R37=0,0,U37/R37) -> 0.061467016 | AC37: 91790 | AK37: -178.70205 | AL37: 0 | AM37: 0 | AN37: =SUM(W37:AH37) -> 91790 | AO37: =IF(C37=0,0,((AN37+H37)*(D37/C37))-I37) -> 24000.057 | AP37: =-AN37*AP$11 -> -18358 | AQ37: =+AO37+AP37 -> 5642.0574 | AR37: =IF(AN37=0,0,AQ37/AN37) -> 0.061467016 | AS37: =C37-H37-AN37 -> -0.225 | AT37: =+D37-I37-AO37 -> -0.057359357 | AU37: =-AS37*AU$11 -> 0.045 | AV37: =+AT37+AU37 -> -0.012359357 | AW37: =IF(AS37=0,0,AV37/AS37) -> 0.054930474
A38: 09 OA ET 16 OH | B38: T | C38: 425500 | D38: 128000 | E38: =-C38*E$11 -> -85100 | F38: =SUM(D38:E38) -> 42900 | G38: =IF(C38=0,0,F38/C38) -> 0.10082256 | H38: 0 | I38: 0 | J38: =-H38*J$11 -> 0 | K38: =SUM(I38:J38) -> 0 | L38: =IF(H38=0,0,K38/H38) -> 0 | M38: =+H38+SUMIF(W$10:AH$10,"<="&K$2,W38:AH38) -> 283666.66 | N38: =I38+AO38 -> 85333.333 | O38: =-$M38*O$11 -> -56733.333 | P38: =SUM(N38:O38) -> 28600 | Q38: =IF(M38=0,0,P38/M38) -> 0.10082256 | R38: =M38-H38 -> 283666.66 | S38: =+N38-I38 -> 85333.333 | T38: =-$R38*T$11 -> -56733.333 | U38: =SUM(S38:T38) -> 28600 | V38: =IF(R38=0,0,U38/R38) -> 0.10082256 | AA38: 35458.333 | AB38: 35458.333 | AC38: 35458.333 | AD38: 35458.333 | AE38: 35458.333 | AF38: 35458.333 | AG38: 35458.333 | AH38: 35458.333 | AK38: -178.70205 | AL38: 0 | AM38: 0 | AN38: =SUM(W38:AH38) -> 283666.66 | AO38: =IF(C38=0,0,((AN38+H38)*(D38/C38))-I38) -> 85333.333 | AP38: =-AN38*AP$11 -> -56733.333 | AQ38: =+AO38+AP38 -> 28600 | AR38: =IF(AN38=0,0,AQ38/AN38) -> 0.10082256 | AS38: =C38-H38-AN38 -> 141833.34 | AT38: =+D38-I38-AO38 -> 42666.667 | AU38: =-AS38*AU$11 -> -28366.667 | AV38: =+AT38+AU38 -> 14300 | AW38: =IF(AS38=0,0,AV38/AS38) -> 0.10082256
A39: PMO MATIERE | B39: T | C39: 384911.85 | D39: 110000 | E39: =-C39*E$11 -> -76982.37 | F39: =SUM(D39:E39) -> 33017.63 | G39: =IF(C39=0,0,F39/C39) -> 0.085779718 | J39: =-H39*J$11 -> 0 | K39: =SUM(I39:J39) -> 0 | L39: =IF(H39=0,0,K39/H39) -> 0 | M39: =+H39+SUMIF(W$10:AH$10,"<="&K$2,W39:AH39) -> 320759.87 | N39: =I39+AO39 -> 91666.665 | O39: =-$M39*O$11 -> -64151.974 | P39: =SUM(N39:O39) -> 27514.691 | Q39: =IF(M39=0,0,P39/M39) -> 0.085779718 | R39: =M39-H39 -> 320759.87 | S39: =+N39-I39 -> 91666.665 | T39: =-$R39*T$11 -> -64151.974 | U39: =SUM(S39:T39) -> 27514.691 | V39: =IF(R39=0,0,U39/R39) -> 0.085779718 | Y39: 32075.987 | Z39: 32075.987 | AA39: 32075.987 | AB39: 32075.987 | AC39: 32075.987 | AD39: 32075.987 | AE39: 32075.987 | AF39: 32075.987 | AG39: 32075.987 | AH39: 32075.987 | AI39: 0 | AK39: 0 | AM39: 0 | AN39: =SUM(W39:AH39) -> 320759.87 | AO39: =IF(C39=0,0,((AN39+H39)*(D39/C39))-I39) -> 91666.665 | AP39: =-AN39*AP$11 -> -64151.974 | AQ39: =+AO39+AP39 -> 27514.691 | AR39: =IF(AN39=0,0,AQ39/AN39) -> 0.085779718 | AS39: =C39-H39-AN39 -> 64151.98 | AT39: =+D39-I39-AO39 -> 18333.335 | AU39: =-AS39*AU$11 -> -12830.396 | AV39: =+AT39+AU39 -> 5502.9388 | AW39: =IF(AS39=0,0,AV39/AS39) -> 0.085779718
A40: TRAVAUX URGENCE NORD | B40: T | C40: 43080.375 | D40: 12000 | E40: =-C40*E$11 -> -8616.075 | F40: =SUM(D40:E40) -> 3383.925 | G40: =IF(C40=0,0,F40/C40) -> 0.078549107 | J40: =-H40*J$11 -> 0 | K40: =SUM(I40:J40) -> 0 | L40: =IF(H40=0,0,K40/H40) -> 0 | M40: =+H40+SUMIF(W$10:AH$10,"<="&K$2,W40:AH40) -> 34464.3 | N40: =I40+AO40 -> 9600 | O40: =-$M40*O$11 -> -6892.86 | P40: =SUM(N40:O40) -> 2707.14 | Q40: =IF(M40=0,0,P40/M40) -> 0.078549107 | R40: =M40-H40 -> 34464.3 | S40: =+N40-I40 -> 9600 | T40: =-$R40*T$11 -> -6892.86 | U40: =SUM(S40:T40) -> 2707.14 | V40: =IF(R40=0,0,U40/R40) -> 0.078549107 | AE40: 8616.075 | AF40: 8616.075 | AG40: 8616.075 | AH40: 8616.075 | AI40: 0 | AK40: 0 | AM40: 0 | AN40: =SUM(W40:AH40) -> 34464.3 | AO40: =IF(C40=0,0,((AN40+H40)*(D40/C40))-I40) -> 9600 | AP40: =-AN40*AP$11 -> -6892.86 | AQ40: =+AO40+AP40 -> 2707.14 | AR40: =IF(AN40=0,0,AQ40/AN40) -> 0.078549107 | AS40: =C40-H40-AN40 -> 8616.075 | AT40: =+D40-I40-AO40 -> 2400 | AU40: =-AS40*AU$11 -> -1723.215 | AV40: =+AT40+AU40 -> 676.785 | AW40: =IF(AS40=0,0,AV40/AS40) -> 0.078549107
A41: JULIUS BERGER AKPAKPA | B41: T | C41: 86000 | D41: 20000 | E41: =-C41*E$11 -> -17200 | F41: =SUM(D41:E41) -> 2800 | G41: =IF(C41=0,0,F41/C41) -> 0.03255814 | J41: =-H41*J$11 -> 0 | K41: =SUM(I41:J41) -> 0 | L41: =IF(H41=0,0,K41/H41) -> 0 | M41: =+H41+SUMIF(W$10:AH$10,"<="&K$2,W41:AH41) -> 86000.001 | N41: =I41+AO41 -> 20000 | O41: =-$M41*O$11 -> -17200 | P41: =SUM(N41:O41) -> 2800 | Q41: =IF(M41=0,0,P41/M41) -> 0.03255814 | R41: =M41-H41 -> 86000.001 | S41: =+N41-I41 -> 20000 | T41: =-$R41*T$11 -> -17200 | U41: =SUM(S41:T41) -> 2800 | V41: =IF(R41=0,0,U41/R41) -> 0.03255814 | AD41: 28666.667 | AE41: 28666.667 | AF41: 28666.667 | AI41: 0 | AK41: 0 | AM41: 0 | AN41: =SUM(W41:AH41) -> 86000.001 | AO41: =IF(C41=0,0,((AN41+H41)*(D41/C41))-I41) -> 20000 | AP41: =-AN41*AP$11 -> -17200 | AQ41: =+AO41+AP41 -> 2800 | AR41: =IF(AN41=0,0,AQ41/AN41) -> 0.03255814 | AS41: =C41-H41-AN41 -> -0.001 | AT41: =+D41-I41-AO41 -> -0.00023255814 | AU41: =-AS41*AU$11 -> 0.0002 | AV41: =+AT41+AU41 -> -3.255814e-05 | AW41: =IF(AS41=0,0,AV41/AS41) -> 0.03255814
A42: JULIUS BERGER A.MAROC | B42: T | C42: 25000 | D42: 8000 | E42: =-C42*E$11 -> -5000 | F42: =SUM(D42:E42) -> 3000 | G42: =IF(C42=0,0,F42/C42) -> 0.12 | J42: =-H42*J$11 -> 0 | K42: =SUM(I42:J42) -> 0 | L42: =IF(H42=0,0,K42/H42) -> 0 | M42: =+H42+SUMIF(W$10:AH$10,"<="&K$2,W42:AH42) -> 25000 | N42: =I42+AO42 -> 8000 | O42: =-$M42*O$11 -> -5000 | P42: =SUM(N42:O42) -> 3000 | Q42: =IF(M42=0,0,P42/M42) -> 0.12 | R42: =M42-H42 -> 25000 | S42: =+N42-I42 -> 8000 | T42: =-$R42*T$11 -> -5000 | U42: =SUM(S42:T42) -> 3000 | V42: =IF(R42=0,0,U42/R42) -> 0.12 | AD42: 25000 | AI42: 0 | AK42: 0 | AM42: 0 | AN42: =SUM(W42:AH42) -> 25000 | AO42: =IF(C42=0,0,((AN42+H42)*(D42/C42))-I42) -> 8000 | AP42: =-AN42*AP$11 -> -5000 | AQ42: =+AO42+AP42 -> 3000 | AR42: =IF(AN42=0,0,AQ42/AN42) -> 0.12 | AS42: =C42-H42-AN42 -> 0 | AT42: =+D42-I42-AO42 -> 0 | AU42: =-AS42*AU$11 -> 0 | AV42: =+AT42+AU42 -> 0 | AW42: =IF(AS42=0,0,AV42/AS42) -> 0
A43: JULIUS BERGER SAM | B43: T | C43: 118800 | D43: 30000 | E43: =-C43*E$11 -> -23760 | F43: =SUM(D43:E43) -> 6240 | G43: =IF(C43=0,0,F43/C43) -> 0.052525253 | H43: 9900 | I43: 3000 | J43: =-H43*J$11 -> -1980 | K43: =SUM(I43:J43) -> 1020 | L43: =IF(H43=0,0,K43/H43) -> 0.1030303 | M43: =+H43+SUMIF(W$10:AH$10,"<="&K$2,W43:AH43) -> 69300 | N43: =I43+AO43 -> 17500 | O43: =-$M43*O$11 -> -13860 | P43: =SUM(N43:O43) -> 3640 | Q43: =IF(M43=0,0,P43/M43) -> 0.052525253 | R43: =M43-H43 -> 59400 | S43: =+N43-I43 -> 14500 | W43: 4950 | X43: 4950 | Y43: 4950 | Z43: 4950 | AA43: 4950 | AB43: 4950 | AC43: 4950 | AD43: 4950 | AE43: 4950 | AF43: 4950 | AG43: 4950 | AH43: 4950 | AN43: =SUM(W43:AH43) -> 59400 | AO43: =IF(C43=0,0,((AN43+H43)*(D43/C43))-I43) -> 14500 | AP43: =-AN43*AP$11 -> -11880 | AQ43: =+AO43+AP43 -> 2620 | AR43: =IF(AN43=0,0,AQ43/AN43) -> 0.044107744 | AS43: =C43-H43-AN43 -> 49500 | AT43: =+D43-I43-AO43 -> 12500 | AU43: =-AS43*AU$11 -> -9900 | AV43: =+AT43+AU43 -> 2600 | AW43: =IF(AS43=0,0,AV43/AS43) -> 0.052525253
A44: SEME CITY ETUDES DE MOBILITE CAMPUS DE OUIDAH (Groupement PCM) | B44: T | C44: 21433.493 | D44: 7000 | E44: =-C44*E$11 -> -4286.6986 | F44: =SUM(D44:E44) -> 2713.3014 | G44: =IF(C44=0,0,F44/C44) -> 0.12659166 | J44: =-H44*J$11 -> 0 | K44: =SUM(I44:J44) -> 0 | L44: =IF(H44=0,0,K44/H44) -> 0 | M44: =+H44+SUMIF(W$10:AH$10,"<="&K$2,W44:AH44) -> 21433.493 | N44: =I44+AO44 -> 7000 | O44: =-$M44*O$11 -> -4286.6986 | P44: =SUM(N44:O44) -> 2713.3014 | Q44: =IF(M44=0,0,P44/M44) -> 0.12659166 | R44: =M44-H44 -> 21433.493 | T44: =-$R44*T$11 -> -4286.6986 | U44: =SUM(S44:T44) -> -4286.6986 | V44: =IF(R44=0,0,U44/R44) -> -0.2 | AD44: 5358.371 | AE44: 5358.374 | AF44: 5358.374 | AG44: 5358.374 | AI44: 0 | AK44: 0 | AM44: 0 | AN44: =SUM(W44:AH44) -> 21433.493 | AO44: =IF(C44=0,0,((AN44+H44)*(D44/C44))-I44) -> 7000 | AP44: =-AN44*AP$11 -> -4286.6986 | AQ44: =+AO44+AP44 -> 2713.3014 | AR44: =IF(AN44=0,0,AQ44/AN44) -> 0.12659166 | AS44: =C44-H44-AN44 -> 0 | AT44: =+D44-I44-AO44 -> 0 | AU44: =-AS44*AU$11 -> 0 | AV44: =+AT44+AU44 -> 0 | AW44: =IF(AS44=0,0,AV44/AS44) -> 0
A45: PEAGES MOBILES OUEGBO ET KETOU | B45: T | C45: 32172.225 | D45: 10000 | E45: =-C45*E$11 -> -6434.445 | F45: =SUM(D45:E45) -> 3565.555 | G45: =IF(C45=0,0,F45/C45) -> 0.11082712 | J45: =-H45*J$11 -> 0 | K45: =SUM(I45:J45) -> 0 | L45: =IF(H45=0,0,K45/H45) -> 0 | M45: =+H45+SUMIF(W$10:AH$10,"<="&K$2,W45:AH45) -> 32172.225 | N45: =I45+AO45 -> 10000 | O45: =-$M45*O$11 -> -6434.445 | P45: =SUM(N45:O45) -> 3565.555 | Q45: =IF(M45=0,0,P45/M45) -> 0.11082712 | R45: =M45-H45 -> 32172.225 | S45: =+N45-I45 -> 10000 | T45: =-$R45*T$11 -> -6434.445 | U45: =SUM(S45:T45) -> 3565.555 | V45: =IF(R45=0,0,U45/R45) -> 0.11082712 | AD45: 6434.445 | AE45: 6434.445 | AF45: 6434.445 | AG45: 6434.445 | AH45: 6434.445 | AI45: 0 | AK45: 0 | AM45: 0 | AN45: =SUM(W45:AH45) -> 32172.225 | AO45: =IF(C45=0,0,((AN45+H45)*(D45/C45))-I45) -> 10000 | AP45: =-AN45*AP$11 -> -6434.445 | AQ45: =+AO45+AP45 -> 3565.555 | AR45: =IF(AN45=0,0,AQ45/AN45) -> 0.11082712 | AS45: =C45-H45-AN45 -> 0 | AT45: =+D45-I45-AO45 -> 0 | AU45: =-AS45*AU$11 -> 0 | AV45: =+AT45+AU45 -> 0 | AW45: =IF(AS45=0,0,AV45/AS45) -> 0
A46: CDCB ORANA | B46: T | C46: 3375 | D46: 800 | E46: =-C46*E$11 -> -675 | F46: =SUM(D46:E46) -> 125 | G46: =IF(C46=0,0,F46/C46) -> 0.037037037 | J46: =-H46*J$11 -> 0 | K46: =SUM(I46:J46) -> 0 | L46: =IF(H46=0,0,K46/H46) -> 0 | M46: =+H46+SUMIF(W$10:AH$10,"<="&K$2,W46:AH46) -> 3375 | N46: =I46+AO46 -> 800 | O46: =-$M46*O$11 -> -675 | P46: =SUM(N46:O46) -> 125 | Q46: =IF(M46=0,0,P46/M46) -> 0.037037037 | R46: =M46-H46 -> 3375 | S46: =+N46-I46 -> 800 | T46: =-$R46*T$11 -> -675 | U46: =SUM(S46:T46) -> 125 | V46: =IF(R46=0,0,U46/R46) -> 0.037037037 | Z46: 3375 | AI46: 0 | AK46: 0 | AM46: 0 | AN46: =SUM(W46:AH46) -> 3375 | AO46: =IF(C46=0,0,((AN46+H46)*(D46/C46))-I46) -> 800 | AP46: =-AN46*AP$11 -> -675 | AQ46: =+AO46+AP46 -> 125 | AR46: =IF(AN46=0,0,AQ46/AN46) -> 0.037037037 | AS46: =C46-H46-AN46 -> 0 | AT46: =+D46-I46-AO46 -> 0 | AU46: =-AS46*AU$11 -> 0 | AV46: =+AT46+AU46 -> 0 | AW46: =IF(AS46=0,0,AV46/AS46) -> 0
A47: CDCB ORANA | B47: T | C47: 5700 | D47: 1400 | E47: =-C47*E$11 -> -1140 | F47: =SUM(D47:E47) -> 260 | G47: =IF(C47=0,0,F47/C47) -> 0.045614035 | J47: =-H47*J$11 -> 0 | K47: =SUM(I47:J47) -> 0 | L47: =IF(H47=0,0,K47/H47) -> 0 | M47: =+H47+SUMIF(W$10:AH$10,"<="&K$2,W47:AH47) -> 5700 | N47: =I47+AO47 -> 1400 | O47: =-$M47*O$11 -> -1140 | P47: =SUM(N47:O47) -> 260 | Q47: =IF(M47=0,0,P47/M47) -> 0.045614035 | R47: =M47-H47 -> 5700 | S47: =+N47-I47 -> 1400 | T47: =-$R47*T$11 -> -1140 | U47: =SUM(S47:T47) -> 260 | V47: =IF(R47=0,0,U47/R47) -> 0.045614035 | AE47: 5700 | AI47: 0 | AK47: 0 | AM47: 0 | AN47: =SUM(W47:AH47) -> 5700 | AO47: =IF(C47=0,0,((AN47+H47)*(D47/C47))-I47) -> 1400 | AP47: =-AN47*AP$11 -> -1140 | AQ47: =+AO47+AP47 -> 260 | AR47: =IF(AN47=0,0,AQ47/AN47) -> 0.045614035 | AS47: =C47-H47-AN47 -> 0 | AT47: =+D47-I47-AO47 -> 0 | AU47: =-AS47*AU$11 -> 0 | AV47: =+AT47+AU47 -> 0 | AW47: =IF(AS47=0,0,AV47/AS47) -> 0
A48: CDCB SBPM | B48: T | C48: 8250 | D48: 2100 | E48: =-C48*E$11 -> -1650 | F48: =SUM(D48:E48) -> 450 | G48: =IF(C48=0,0,F48/C48) -> 0.054545455 | J48: =-H48*J$11 -> 0 | K48: =SUM(I48:J48) -> 0 | L48: =IF(H48=0,0,K48/H48) -> 0 | M48: =+H48+SUMIF(W$10:AH$10,"<="&K$2,W48:AH48) -> 8250 | N48: =I48+AO48 -> 2100 | O48: =-$M48*O$11 -> -1650 | P48: =SUM(N48:O48) -> 450 | Q48: =IF(M48=0,0,P48/M48) -> 0.054545455 | R48: =M48-H48 -> 8250 | S48: =+N48-I48 -> 2100 | T48: =-$R48*T$11 -> -1650 | U48: =SUM(S48:T48) -> 450 | V48: =IF(R48=0,0,U48/R48) -> 0.054545455 | AE48: 8250 | AI48: 0 | AK48: 0 | AM48: 0 | AN48: =SUM(W48:AH48) -> 8250 | AO48: =IF(C48=0,0,((AN48+H48)*(D48/C48))-I48) -> 2100 | AP48: =-AN48*AP$11 -> -1650 | AQ48: =+AO48+AP48 -> 450 | AR48: =IF(AN48=0,0,AQ48/AN48) -> 0.054545455 | AS48: =C48-H48-AN48 -> 0 | AT48: =+D48-I48-AO48 -> 0 | AU48: =-AS48*AU$11 -> 0 | AV48: =+AT48+AU48 -> 0 | AW48: =IF(AS48=0,0,AV48/AS48) -> 0
A49: BOHICON TINDJI ZAKPOTA | B49: T | C49: 326900 | D49: 80000 | E49: =-C49*E$11 -> -65380 | F49: =SUM(D49:E49) -> 14620 | G49: =IF(C49=0,0,F49/C49) -> 0.044723157 | H49: 209156.14 | I49: 40000 | J49: =-H49*J$11 -> -41831.227 | K49: =SUM(I49:J49) -> -1831.227 | L49: =IF(H49=0,0,K49/H49) -> -0.008755311 | M49: =+H49+SUMIF(W$10:AH$10,"<="&K$2,W49:AH49) -> 326900.28 | N49: =I49+AO49 -> 80000.069 | O49: =-$M49*O$11 -> -65380.056 | P49: =SUM(N49:O49) -> 14620.013 | Q49: =IF(M49=0,0,P49/M49) -> 0.044723157 | R49: =M49-H49 -> 117744.15 | S49: =+N49-I49 -> 40000.069 | T49: =-$R49*T$11 -> -23548.829 | U49: =SUM(S49:T49) -> 16451.24 | V49: =IF(R49=0,0,U49/R49) -> 0.13972023 | W49: 10311.195 | X49: 11643.395 | Y49: 10866.395 | Z49: 9640.395 | AA49: 9640.395 | AB49: 9640.395 | AC49: 9640.395 | AD49: 9640.395 | AE49: 9640.395 | AF49: 9640.395 | AG49: 9640.395 | AH49: 7800 | AI49: 0 | AK49: 0 | AM49: 0 | AN49: =SUM(W49:AH49) -> 117744.15 | AO49: =IF(C49=0,0,((AN49+H49)*(D49/C49))-I49) -> 40000.069 | AP49: =-AN49*AP$11 -> -23548.829 | AQ49: =+AO49+AP49 -> 16451.24 | AR49: =IF(AN49=0,0,AQ49/AN49) -> 0.13972023 | AS49: =C49-H49-AN49 -> -0.28 | AT49: =+D49-I49-AO49 -> -0.068522484 | AU49: =-AS49*AU$11 -> 0.056 | AV49: =+AT49+AU49 -> -0.012522484 | AW49: =IF(AS49=0,0,AV49/AS49) -> 0.044723157
A51: TRAVAUX DE VIABILISATION SEME CITY | B51: A | C51: 900005 | D51: 250000 | E51: =-C51*E$11 -> -180001 | F51: =SUM(D51:E51) -> 69999 | G51: =IF(C51=0,0,F51/C51) -> 0.077776235 | J51: =-H51*J$11 -> 0 | K51: =SUM(I51:J51) -> 0 | L51: =IF(H51=0,0,K51/H51) -> 0 | M51: =+H51+SUMIF(W$10:AH$10,"<="&K$2,W51:AH51) -> 45000 | N51: =I51+AO51 -> 12499.931 | O51: =-$M51*O$11 -> -9000 | P51: =SUM(N51:O51) -> 3499.9306 | Q51: =IF(M51=0,0,P51/M51) -> 0.077776235 | R51: =M51-H51 -> 45000 | S51: =+N51-I51 -> 12499.931 | T51: =-$R51*T$11 -> -9000 | U51: =SUM(S51:T51) -> 3499.9306 | V51: =IF(R51=0,0,U51/R51) -> 0.077776235 | AG51: 15000 | AH51: 30000 | AI51: 0 | AJ51: 0 | AK51: 0 | AL51: 0 | AM51: 0 | AN51: =SUM(W51:AH51) -> 45000 | AO51: =IF(C51=0,0,((AN51+H51)*(D51/C51))-I51) -> 12499.931 | AP51: =-AN51*AP$11 -> -9000 | AQ51: =+AO51+AP51 -> 3499.9306 | AR51: =IF(AN51=0,0,AQ51/AN51) -> 0.077776235 | AS51: =C51-H51-AN51 -> 855005 | AT51: =+D51-I51-AO51 -> 237500.07 | AU51: =-AS51*AU$11 -> -171001 | AV51: =+AT51+AU51 -> 66499.07 | AW51: =IF(AS51=0,0,AV51/AS51) -> 0.077776235
E52: =-C52*E$11 -> 0 | F52: =SUM(D52:E52) -> 0 | G52: =IF(C52=0,0,F52/C52) -> 0 | J52: =-H52*J$11 -> 0 | K52: =SUM(I52:J52) -> 0 | L52: =IF(H52=0,0,K52/H52) -> 0 | M52: =+H52+SUMIF(W$10:AH$10,"<="&K$2,W52:AH52) -> 0 | N52: =I52+AO52 -> 0 | O52: =-$M52*O$11 -> 0 | P52: =SUM(N52:O52) -> 0 | Q52: =IF(M52=0,0,P52/M52) -> 0 | R52: =M52-H52 -> 0 | S52: =+N52-I52 -> 0 | T52: =-$R52*T$11 -> 0 | U52: =SUM(S52:T52) -> 0 | V52: =IF(R52=0,0,U52/R52) -> 0 | AI52: 0 | AJ52: 0 | AK52: 0 | AL52: 0 | AM52: 0 | AN52: =SUM(W52:AH52) -> 0 | AO52: =IF(C52=0,0,((AN52+H52)*(D52/C52))-I52) -> 0 | AP52: =-AN52*AP$11 -> 0 | AQ52: =+AO52+AP52 -> 0 | AR52: =IF(AN52=0,0,AQ52/AN52) -> 0 | AS52: =C52-H52-AN52 -> 0 | AT52: =+D52-I52-AO52 -> 0 | AU52: =-AS52*AU$11 -> 0 | AV52: =+AT52+AU52 -> 0 | AW52: =IF(AS52=0,0,AV52/AS52) -> 0
E53: =-C53*E$11 -> 0 | F53: =SUM(D53:E53) -> 0 | G53: =IF(C53=0,0,F53/C53) -> 0 | J53: =-H53*J$11 -> 0 | K53: =SUM(I53:J53) -> 0 | L53: =IF(H53=0,0,K53/H53) -> 0 | M53: =+H53+SUMIF(W$10:AH$10,"<="&K$2,W53:AH53) -> 0 | N53: =I53+AO53 -> 0 | O53: =-$M53*O$11 -> 0 | P53: =SUM(N53:O53) -> 0 | Q53: =IF(M53=0,0,P53/M53) -> 0 | R53: =M53-H53 -> 0 | S53: =+N53-I53 -> 0 | T53: =-$R53*T$11 -> 0 | U53: =SUM(S53:T53) -> 0 | V53: =IF(R53=0,0,U53/R53) -> 0 | AI53: 0 | AJ53: 0 | AK53: 0 | AL53: 0 | AM53: 0 | AN53: =SUM(W53:AH53) -> 0 | AO53: =IF(C53=0,0,((AN53+H53)*(D53/C53))-I53) -> 0 | AP53: =-AN53*AP$11 -> 0 | AQ53: =+AO53+AP53 -> 0 | AR53: =IF(AN53=0,0,AQ53/AN53) -> 0 | AS53: =C53-H53-AN53 -> 0 | AT53: =+D53-I53-AO53 -> 0 | AU53: =-AS53*AU$11 -> 0 | AV53: =+AT53+AU53 -> 0 | AW53: =IF(AS53=0,0,AV53/AS53) -> 0
E54: =-C54*E$11 -> 0 | F54: =SUM(D54:E54) -> 0 | G54: =IF(C54=0,0,F54/C54) -> 0 | J54: =-H54*J$11 -> 0 | K54: =SUM(I54:J54) -> 0 | L54: =IF(H54=0,0,K54/H54) -> 0 | M54: =+H54+SUMIF(W$10:AH$10,"<="&K$2,W54:AH54) -> 0 | N54: =I54+AO54 -> 0 | O54: =-$M54*O$11 -> 0 | P54: =SUM(N54:O54) -> 0 | Q54: =IF(M54=0,0,P54/M54) -> 0 | R54: =M54-H54 -> 0 | S54: =+N54-I54 -> 0 | T54: =-$R54*T$11 -> 0 | U54: =SUM(S54:T54) -> 0 | V54: =IF(R54=0,0,U54/R54) -> 0 | AI54: 0 | AJ54: 0 | AK54: 0 | AL54: 0 | AM54: 0 | AN54: =SUM(W54:AH54) -> 0 | AO54: =IF(C54=0,0,((AN54+H54)*(D54/C54))-I54) -> 0 | AP54: =-AN54*AP$11 -> 0 | AQ54: =+AO54+AP54 -> 0 | AR54: =IF(AN54=0,0,AQ54/AN54) -> 0 | AS54: =C54-H54-AN54 -> 0 | AT54: =+D54-I54-AO54 -> 0 | AU54: =-AS54*AU$11 -> 0 | AV54: =+AT54+AU54 -> 0 | AW54: =IF(AS54=0,0,AV54/AS54) -> 0
A55: TOTAL ROUTES - OUVRAGES D'ART | C55: =SUM(C36:C54) -> 4014825.7 | D55: =SUM(D36:D54) -> 1137300 | E55: =SUM(E36:E54) -> -802965.14 | F55: =SUM(F36:F54) -> 334334.86 | G55: =IF(C55=0,0,F55/C55) -> 0.083275064 | H55: =SUM(H36:H54) -> 1429031.1 | I55: =SUM(I36:I54) -> 396000 | J55: =SUM(J36:J54) -> -285806.23 | K55: =SUM(K36:K54) -> 110193.77 | L55: =IF(H55=0,0,K55/H55) -> 0.077110827 | M55: =SUM(M36:M54) -> 2895719.8 | N55: =SUM(N36:N54) -> 823900.07 | O55: =SUM(O36:O54) -> -579143.97 | P55: =SUM(P36:P54) -> 244756.1 | Q55: =IF(M55=0,0,P55/M55) -> 0.084523405 | R55: =SUM(R36:R54) -> 1466688.7 | S55: =SUM(S36:S54) -> 420900.07 | T55: =SUM(T36:T54) -> -281457.74 | U55: =SUM(U36:U54) -> 124942.33 | V55: =IF(R55=0,0,U55/R55) -> 0.085186671 | W55: =SUM(W36:W54) -> 70583.361 | X55: =SUM(X36:X54) -> 71915.561 | Y55: =SUM(Y36:Y54) -> 103214.55 | Z55: =SUM(Z36:Z54) -> 105363.55 | AA55: =SUM(AA36:AA54) -> 137446.88 | AB55: =SUM(AB36:AB54) -> 137446.88 | AC55: =SUM(AC36:AC54) -> 173914.71 | AD55: =SUM(AD36:AD54) -> 147584.2 | ... AL55: =SUM(AL36:AL54) -> 0 | AM55: =IF(AI55=0,0,AL55/AI55) -> 0 | AN55: =SUM(AN33:AN54) -> 1556688.7 | AO55: =SUM(AO33:AO54) -> 452900.06 | AP55: =SUM(AP33:AP54) -> -311337.74 | AQ55: =SUM(AQ33:AQ54) -> 141562.33 | AR55: =IF(AN55=0,0,AQ55/AN55) -> 0.090938109 | AS55: =SUM(AS33:AS54) -> 1119105.9 | AT55: =SUM(AT33:AT54) -> 313399.94 | AU55: =SUM(AU33:AU54) -> -223821.17 | AV55: =SUM(AV33:AV54) -> 89578.766 | AW55: =IF(AS55=0,0,AV55/AS55) -> 0.080044944
A56: BET | E56: 0 | F56: 0 | G56: 0 | J56: 0 | L56: =IF(H56=0,0,K56/H56) -> 0 | O56: =-ROUND(M56*7.5%,0) -> 0 | P56: =+N56+O56+#REF!+#REF!+#REF! -> #REF! | Q56: =IF(M56=0,0,P56/M56) -> 0 | T56: =-ROUND(R56*7.5%,0) -> 0 | U56: =+S56+T56+#REF!+#REF!+#REF! -> #REF! | V56: =IF(R56=0,0,U56/R56) -> 0 | AK56: =-ROUND(AI56*7.5%,0) -> 0 | AL56: =+AJ56+AK56+#REF!+#REF!+#REF! -> #REF! | AM56: =IF(AI56=0,0,AL56/AI56) -> 0 | AN56: =SUM(W56:AH56) -> 0 | AP56: =-ROUND(AN56*7.5%,0) -> 0 | AQ56: =+AO56+AP56+#REF!+#REF!+#REF! -> #REF! | AR56: =IF(AN56=0,0,AQ56/AN56) -> 0 | AS56: =C56-H56-AN56 -> 0 | AU56: =-ROUND(AS56*7.5%,0) -> 0 | AV56: =+AT56+AU56+#REF!+#REF!+#REF! -> #REF! | AW56: =IF(AS56=0,0,AV56/AS56) -> 0
A57: OPERATIONS SOLDEES | B57: T | C57: 0 | D57: 0 | E57: =-C57*E$11 -> 0 | F57: =SUM(D57:E57) -> 0 | G57: =IF(C57=0,0,F57/C57) -> 0 | H57: 0 | I57: 0 | J57: =-H57*J$11 -> 0 | K57: =SUM(I57:J57) -> 0 | L57: =IF(H57=0,0,K57/H57) -> 0 | M57: =+H57+SUMIF(W$10:AH$10,"<="&K$2,W57:AH57) -> 0 | N57: =I57+AO57 -> 0 | O57: =-$M57*O$11 -> 0 | P57: =SUM(N57:O57) -> 0 | Q57: =IF(M57=0,0,P57/M57) -> 0 | R57: =M57-H57 -> 0 | S57: =+N57-I57 -> 0 | T57: =-$R57*T$11 -> 0 | U57: =SUM(S57:T57) -> 0 | V57: =IF(R57=0,0,U57/R57) -> 0 | X57: 0 | Z57: 0 | AA57: 0 | AD57: 0 | AE57: 0 | AF57: 0 | AI57: 0 | AJ57: 0 | AK57: 0 | AL57: 0 | AM57: 0 | AN57: =SUM(W57:AH57) -> 0 | AO57: =IF(C57=0,0,((AN57+H57)*(D57/C57))-I57) -> 0 | AP57: =-AN57*AP$11 -> 0 | AQ57: =+AO57+AP57 -> 0 | AR57: =IF(AN57=0,0,AQ57/AN57) -> 0 | AS57: =C57-H57-AN57 -> 0 | AT57: =+D57-I57-AO57 -> 0 | AU57: =-AS57*AU$11 -> 0 | AV57: =+AT57+AU57 -> 0 | AW57: =IF(AS57=0,0,AV57/AS57) -> 0
E58: =-C58*E$11 -> 0 | F58: =SUM(D58:E58) -> 0 | G58: =IF(C58=0,0,F58/C58) -> 0 | M58: =+H58+SUMIF(W$10:AH$10,"<="&K$2,W58:AH58) -> 0 | N58: =IF(C58=0,0,+M58*(D58/C58)) -> 0 | O58: =-$M58*O$11 -> 0 | P58: =SUM(N58:O58) -> 0 | Q58: =IF(M58=0,0,P58/M58) -> 0 | R58: =SUMIF(W$10:AH$10,"<="&K$2,W58:AH58) -> 0 | S58: =+N58-I58 -> 0 | T58: =-$R58*T$11 -> 0 | U58: =SUM(S58:T58) -> 0 | V58: =IF(R58=0,0,U58/R58) -> 0 | AK58: =-$AI58*AK$11 -> 0 | AM58: =IF(AI58=0,0,AL58/AI58) -> 0 | AN58: =SUM(W58:AH58) -> 0 | AO58: =IF(C58=0,0,((AN58+H58)*(D58/C58))-I58) -> 0 | AP58: =-AN58*AP$11 -> 0 | AR58: =IF(AN58=0,0,AQ58/AN58) -> 0 | AS58: =C58-H58-AN58 -> 0 | AT58: =+D58-I58-AO58 -> 0 | AU58: =-AS58*AU$11 -> 0 | AW58: =IF(AS58=0,0,AV58/AS58) -> 0
A59: ETUDES EXE PASSERELLE DE TCHONVI | B59: A | C59: =207296/1.18 -> 175674.58 | D59: 50000 | E59: =-C59*E$11 -> -35134.915 | F59: =SUM(D59:E59) -> 14865.085 | G59: =IF(C59=0,0,F59/C59) -> 0.084617166 | M59: =+H59+SUMIF(W$10:AH$10,"<="&K$2,W59:AH59) -> 40000 | N59: =IF(C59=0,0,+M59*(D59/C59)) -> 11384.687 | O59: =-$M59*O$11 -> -8000 | P59: =SUM(N59:O59) -> 3384.6866 | Q59: =IF(M59=0,0,P59/M59) -> 0.084617166 | R59: =SUMIF(W$10:AH$10,"<="&K$2,W59:AH59) -> 40000 | S59: =+N59-I59 -> 11384.687 | T59: =-$R59*T$11 -> -8000 | U59: =SUM(S59:T59) -> 3384.6866 | V59: =IF(R59=0,0,U59/R59) -> 0.084617166 | AG59: 20000 | AH59: 20000 | AK59: =-$AI59*AK$11 -> 0 | AM59: =IF(AI59=0,0,AL59/AI59) -> 0 | AN59: =SUM(W59:AH59) -> 40000 | AO59: =IF(C59=0,0,((AN59+H59)*(D59/C59))-I59) -> 11384.687 | AP59: =-AN59*AP$11 -> -8000 | AQ59: =+AO59+AP59 -> 3384.6866 | AR59: =IF(AN59=0,0,AQ59/AN59) -> 0.084617166 | AS59: =C59-H59-AN59 -> 135674.58 | AT59: =+D59-I59-AO59 -> 38615.313 | AU59: =-AS59*AU$11 -> -27134.915 | AV59: =+AT59+AU59 -> 11480.398 | AW59: =IF(AS59=0,0,AV59/AS59) -> 0.084617166
E60: =-C60*E$11 -> 0 | F60: =SUM(D60:E60) -> 0 | G60: =IF(C60=0,0,F60/C60) -> 0 | J60: =-H60*J$11 -> 0 | K60: =SUM(I60:J60) -> 0 | L60: =IF(H60=0,0,K60/H60) -> 0 | M60: =+H60+SUMIF(W$10:AH$10,"<="&K$2,W60:AH60) -> 0 | N60: =I60+AO60 -> 0 | O60: =-$M60*O$11 -> 0 | P60: =SUM(N60:O60) -> 0 | Q60: =IF(M60=0,0,P60/M60) -> 0 | R60: =M60-H60 -> 0 | S60: =+N60-I60 -> 0 | T60: =-$R60*T$11 -> 0 | U60: =SUM(S60:T60) -> 0 | V60: =IF(R60=0,0,U60/R60) -> 0 | AI60: 0 | AK60: 0 | AM60: 0 | AN60: =SUM(W60:AH60) -> 0 | AO60: =IF(C60=0,0,((AN60+H60)*(D60/C60))-I60) -> 0 | AP60: =-AN60*AP$11 -> 0 | AQ60: =+AO60+AP60 -> 0 | AR60: =IF(AN60=0,0,AQ60/AN60) -> 0 | AS60: =C60-H60-AN60 -> 0 | AT60: =+D60-I60-AO60 -> 0 | AU60: =-AS60*AU$11 -> 0 | AV60: =+AT60+AU60 -> 0 | AW60: =IF(AS60=0,0,AV60/AS60) -> 0
E61: =-C61*E$11 -> 0 | F61: =SUM(D61:E61) -> 0 | G61: =IF(C61=0,0,F61/C61) -> 0 | J61: =-H61*J$11 -> 0 | K61: =SUM(I61:J61) -> 0 | L61: =IF(H61=0,0,K61/H61) -> 0 | M61: =+H61+SUMIF(W$10:AH$10,"<="&K$2,W61:AH61) -> 0 | N61: =I61+AO61 -> 0 | O61: =-$M61*O$11 -> 0 | P61: =SUM(N61:O61) -> 0 | Q61: =IF(M61=0,0,P61/M61) -> 0 | R61: =M61-H61 -> 0 | S61: =+N61-I61 -> 0 | T61: =-$R61*T$11 -> 0 | U61: =SUM(S61:T61) -> 0 | V61: =IF(R61=0,0,U61/R61) -> 0 | AI61: 0 | AK61: 0 | AM61: 0 | AN61: =SUM(W61:AH61) -> 0 | AO61: =IF(C61=0,0,((AN61+H61)*(D61/C61))-I61) -> 0 | AP61: =-AN61*AP$11 -> 0 | AQ61: =+AO61+AP61 -> 0 | AR61: =IF(AN61=0,0,AQ61/AN61) -> 0 | AS61: =C61-H61-AN61 -> 0 | AT61: =+D61-I61-AO61 -> 0 | AU61: =-AS61*AU$11 -> 0 | AV61: =+AT61+AU61 -> 0 | AW61: =IF(AS61=0,0,AV61/AS61) -> 0
E62: =-C62*E$11 -> 0 | F62: =SUM(D62:E62) -> 0 | G62: =IF(C62=0,0,F62/C62) -> 0 | J62: =-H62*J$11 -> 0 | K62: =SUM(I62:J62) -> 0 | L62: =IF(H62=0,0,K62/H62) -> 0 | M62: =+H62+SUMIF(W$10:AH$10,"<="&K$2,W62:AH62) -> 0 | N62: =I62+AO62 -> 0 | O62: =-$M62*O$11 -> 0 | P62: =SUM(N62:O62) -> 0 | Q62: =IF(M62=0,0,P62/M62) -> 0 | R62: =M62-H62 -> 0 | S62: =+N62-I62 -> 0 | T62: =-$R62*T$11 -> 0 | U62: =SUM(S62:T62) -> 0 | V62: =IF(R62=0,0,U62/R62) -> 0 | AI62: 0 | AK62: 0 | AM62: 0 | AN62: =SUM(W62:AH62) -> 0 | AO62: =IF(C62=0,0,((AN62+H62)*(D62/C62))-I62) -> 0 | AP62: =-AN62*AP$11 -> 0 | AQ62: =+AO62+AP62 -> 0 | AR62: =IF(AN62=0,0,AQ62/AN62) -> 0 | AS62: =C62-H62-AN62 -> 0 | AT62: =+D62-I62-AO62 -> 0 | AU62: =-AS62*AU$11 -> 0 | AV62: =+AT62+AU62 -> 0 | AW62: =IF(AS62=0,0,AV62/AS62) -> 0
E63: =-C63*E$11 -> 0 | F63: =SUM(D63:E63) -> 0 | G63: =IF(C63=0,0,F63/C63) -> 0 | J63: =-H63*J$11 -> 0 | K63: =SUM(I63:J63) -> 0 | L63: =IF(H63=0,0,K63/H63) -> 0 | M63: =+H63+SUMIF(W$10:AH$10,"<="&K$2,W63:AH63) -> 0 | N63: =I63+AO63 -> 0 | O63: =-$M63*O$11 -> 0 | P63: =SUM(N63:O63) -> 0 | Q63: =IF(M63=0,0,P63/M63) -> 0 | R63: =M63-H63 -> 0 | S63: =+N63-I63 -> 0 | T63: =-$R63*T$11 -> 0 | U63: =SUM(S63:T63) -> 0 | V63: =IF(R63=0,0,U63/R63) -> 0 | AI63: 0 | AK63: 0 | AM63: 0 | AN63: =SUM(W63:AH63) -> 0 | AO63: =IF(C63=0,0,((AN63+H63)*(D63/C63))-I63) -> 0 | AP63: =-AN63*AP$11 -> 0 | AQ63: =+AO63+AP63 -> 0 | AR63: =IF(AN63=0,0,AQ63/AN63) -> 0 | AS63: =C63-H63-AN63 -> 0 | AT63: =+D63-I63-AO63 -> 0 | AU63: =-AS63*AU$11 -> 0 | AV63: =+AT63+AU63 -> 0 | AW63: =IF(AS63=0,0,AV63/AS63) -> 0
E64: =-C64*E$11 -> 0 | F64: =SUM(D64:E64) -> 0 | G64: =IF(C64=0,0,F64/C64) -> 0 | J64: =-H64*J$11 -> 0 | K64: =SUM(I64:J64) -> 0 | L64: =IF(H64=0,0,K64/H64) -> 0 | M64: =+H64+SUMIF(W$10:AH$10,"<="&K$2,W64:AH64) -> 0 | N64: =I64+AO64 -> 0 | O64: =-$M64*O$11 -> 0 | P64: =SUM(N64:O64) -> 0 | Q64: =IF(M64=0,0,P64/M64) -> 0 | R64: =M64-H64 -> 0 | S64: =+N64-I64 -> 0 | T64: =-$R64*T$11 -> 0 | U64: =SUM(S64:T64) -> 0 | V64: =IF(R64=0,0,U64/R64) -> 0 | AI64: 0 | AK64: 0 | AM64: 0 | AN64: =SUM(W64:AH64) -> 0 | AO64: =IF(C64=0,0,((AN64+H64)*(D64/C64))-I64) -> 0 | AP64: =-AN64*AP$11 -> 0 | AQ64: =+AO64+AP64 -> 0 | AR64: =IF(AN64=0,0,AQ64/AN64) -> 0 | AS64: =C64-H64-AN64 -> 0 | AT64: =+D64-I64-AO64 -> 0 | AU64: =-AS64*AU$11 -> 0 | AV64: =+AT64+AU64 -> 0 | AW64: =IF(AS64=0,0,AV64/AS64) -> 0
E65: =-C65*E$11 -> 0 | F65: =SUM(D65:E65) -> 0 | G65: =IF(C65=0,0,F65/C65) -> 0 | J65: =-H65*J$11 -> 0 | K65: =SUM(I65:J65) -> 0 | L65: =IF(H65=0,0,K65/H65) -> 0 | M65: =+H65+SUMIF(W$10:AH$10,"<="&K$2,W65:AH65) -> 0 | N65: =I65+AO65 -> 0 | O65: =-$M65*O$11 -> 0 | P65: =SUM(N65:O65) -> 0 | Q65: =IF(M65=0,0,P65/M65) -> 0 | R65: =M65-H65 -> 0 | S65: =+N65-I65 -> 0 | T65: =-$R65*T$11 -> 0 | U65: =SUM(S65:T65) -> 0 | V65: =IF(R65=0,0,U65/R65) -> 0 | AI65: 0 | AK65: 0 | AM65: 0 | AN65: =SUM(W65:AH65) -> 0 | AO65: =IF(C65=0,0,((AN65+H65)*(D65/C65))-I65) -> 0 | AP65: =-AN65*AP$11 -> 0 | AQ65: =+AO65+AP65 -> 0 | AR65: =IF(AN65=0,0,AQ65/AN65) -> 0 | AS65: =C65-H65-AN65 -> 0 | AT65: =+D65-I65-AO65 -> 0 | AU65: =-AS65*AU$11 -> 0 | AV65: =+AT65+AU65 -> 0 | AW65: =IF(AS65=0,0,AV65/AS65) -> 0
E66: =-C66*E$11 -> 0 | F66: =SUM(D66:E66) -> 0 | G66: =IF(C66=0,0,F66/C66) -> 0 | J66: =-H66*J$11 -> 0 | K66: =SUM(I66:J66) -> 0 | L66: =IF(H66=0,0,K66/H66) -> 0 | M66: =+H66+SUMIF(W$10:AH$10,"<="&K$2,W66:AH66) -> 0 | N66: =I66+AO66 -> 0 | O66: =-$M66*O$11 -> 0 | P66: =SUM(N66:O66) -> 0 | Q66: =IF(M66=0,0,P66/M66) -> 0 | R66: =M66-H66 -> 0 | S66: =+N66-I66 -> 0 | T66: =-$R66*T$11 -> 0 | U66: =SUM(S66:T66) -> 0 | V66: =IF(R66=0,0,U66/R66) -> 0 | AI66: 0 | AK66: 0 | AM66: 0 | AN66: =SUM(W66:AH66) -> 0 | AO66: =IF(C66=0,0,((AN66+H66)*(D66/C66))-I66) -> 0 | AP66: =-AN66*AP$11 -> 0 | AQ66: =+AO66+AP66 -> 0 | AR66: =IF(AN66=0,0,AQ66/AN66) -> 0 | AS66: =C66-H66-AN66 -> 0 | AT66: =+D66-I66-AO66 -> 0 | AU66: =-AS66*AU$11 -> 0 | AV66: =+AT66+AU66 -> 0 | AW66: =IF(AS66=0,0,AV66/AS66) -> 0
A67: TOTAL BET | C67: =SUM(C57:C66) -> 175674.58 | D67: =SUM(D57:D66) -> 50000 | E67: =SUM(E57:E66) -> -35134.915 | F67: =SUM(F57:F66) -> 14865.085 | G67: =IF(C67=0,0,F67/C67) -> 0.084617166 | H67: =SUM(H57:H66) -> 0 | I67: =SUM(I57:I66) -> 0 | J67: =SUM(J57:J66) -> 0 | K67: =SUM(K57:K66) -> 0 | L67: =IF(H67=0,0,K67/H67) -> 0 | M67: =SUM(M57:M66) -> 40000 | N67: =SUM(N57:N66) -> 11384.687 | O67: =SUM(O57:O66) -> -8000 | P67: =SUM(P57:P66) -> 3384.6866 | Q67: =IF(M67=0,0,P67/M67) -> 0.084617166 | R67: =SUM(R57:R66) -> 40000 | S67: =SUM(S57:S66) -> 11384.687 | T67: =SUM(T57:T66) -> -8000 | U67: =SUM(U57:U66) -> 3384.6866 | V67: =IF(R67=0,0,U67/R67) -> 0.084617166 | W67: =SUM(W57:W66) -> 0 | X67: =SUM(X57:X66) -> 0 | Y67: =SUM(Y57:Y66) -> 0 | Z67: =SUM(Z57:Z66) -> 0 | AA67: =SUM(AA57:AA66) -> 0 | AB67: =SUM(AB57:AB66) -> 0 | AC67: =SUM(AC57:AC66) -> 0 | AD67: =SUM(AD57:AD66) -> 0 | ... AL67: =SUM(AL57:AL66) -> 0 | AM67: =IF(AI67=0,0,AL67/AI67) -> 0 | AN67: =SUM(AN57:AN66) -> 40000 | AO67: =SUM(AO57:AO66) -> 11384.687 | AP67: =SUM(AP57:AP66) -> -8000 | AQ67: =SUM(AQ57:AQ66) -> 3384.6866 | AR67: =IF(AN67=0,0,AQ67/AN67) -> 0.084617166 | AS67: =SUM(AS57:AS66) -> 135674.58 | AT67: =SUM(AT57:AT66) -> 38615.313 | AU67: =SUM(AU57:AU66) -> -27134.915 | AV67: =SUM(AV57:AV66) -> 11480.398 | AW67: =IF(AS67=0,0,AV67/AS67) -> 0.084617166
A68: TOTAL AFFAIRES | C68: =C31+C55+C67 -> 6858256.1 | D68: =D31+D55+D67 -> 1884800 | E68: =E31+E55+E67 -> -1371651.2 | F68: =F31+F55+F67 -> 513148.78 | G68: =IF(C68=0,0,F68/C68) -> 0.07482205 | H68: =H31+H55+H67 -> 1740308.1 | I68: =I31+I55+I67 -> 473800 | J68: =J31+J55+J67 -> -348061.63 | K68: =K31+K55+K67 -> 125738.37 | L68: =IF(H68=0,0,K68/H68) -> 0.072250638 | M68: =M31+M55+M67 -> 4296006.2 | N68: =N31+N55+N67 -> 1067113.1 | O68: =O31+O55+O67 -> -859201.24 | P68: =P31+P55+P67 -> 207911.84 | Q68: =IF(M68=0,0,P68/M68) -> 0.048396542 | R68: =R31+R55+R67 -> 2555698.1 | S68: =S31+S55+S67 -> 586313.08 | T68: =T31+T55+T67 -> -499259.61 | U68: =U31+U55+U67 -> 72553.472 | V68: =IF(R68=0,0,U68/R68) -> 0.028388906 | W68: =W31+W55+W67 -> 130135.93 | X68: =X31+X55+X67 -> 131478.13 | Y68: =Y31+Y55+Y67 -> 162767.12 | Z68: =Z31+Z55+Z67 -> 164916.12 | AA68: =AA31+AA55+AA67 -> 196999.45 | AB68: =AB31+AB55+AB67 -> 196999.45 | AC68: =AC31+AC55+AC67 -> 233467.29 | AD68: =AD31+AD55+AD67 -> 247740.92 | ... AL68: =AL31+AL55+AL67 -> 0 | AM68: =IF(AI68=0,0,AL68/AI68) -> 0 | AN68: =AN31+AN55+AN67 -> 2645698.1 | AO68: =AO31+AO55+AO67 -> 741196.83 | AP68: =AP31+AP55+AP67 -> -529139.61 | AQ68: =AQ31+AQ55+AQ67 -> 212057.22 | AR68: =IF(AN68=0,0,AQ68/AN68) -> 0.080151709 | AS68: =AS31+AS55+AS67 -> 2562249.9 | AT68: =AT31+AT55+AT67 -> 694803.17 | AU68: =AU31+AU55+AU67 -> -512449.98 | AV68: =AV31+AV55+AV67 -> 182353.18 | AW68: =IF(AS68=0,0,AV68/AS68) -> 0.071169164
A70: Cellules à renseigner
Q71: Carnet Exercices suivants | AM71: Activité | AO71: Marge Brute | AQ71: Marge Net
Q72: (T) Total affaires traitées | AM72: =IFERROR(AN72/$AS$68,"") -> 0.57271997 | AN72: =SUMIF($B$14:$AV$67,"T",$AS$14:$AS$67) -> 1467451.7 | AO72: =SUMIF($B$14:$AR$67,"T",$AT$14:$AT$67) -> 390020.45 | AP72: =AO72/AN72 -> 0.26578078 | AQ72: =SUMIF($B$14:$AV$67,"T",$AV$14:$AV$67) -> 96530.112 | AR72: =+AQ72/$AV$68 -> 0.52935797
Q73: (A) Total affaires acquises | AM73: =IFERROR(AN73/$AS$68,"") -> 0.42728003 | AN73: =SUMIF($B$14:$AV$67,"A",$AS$14:$AS$67) -> 1094798.2 | AO73: =SUMIF($B$14:$AR$67,"A",$AT$14:$AT$67) -> 304782.72 | AP73: =AO73/AN73 -> 0.27839168 | AQ73: =SUMIF($B$14:$AV$67,"A",$AV$14:$AV$67) -> 85823.072 | AR73: =+AQ73/$AV$68 -> 0.47064203
Q74: (P)Total affaires potentielles | AM74: =IFERROR(AN74/$AS$68,"") -> 0 | AN74: =SUMIF($B$14:$AV$67,"P",$AS$14:$AS$67) -> 0 | AO74: =SUMIF($B$14:$AR$67,"P",$AT$14:$AT$67) -> 0 | AP74: =AO74/AN74 -> #DIV/0! | AQ74: =SUMIF($B$14:$AV$67,"P",$AV$14:$AV$67) -> 0 | AR74: =+AQ74/$AV$68 -> 0
Q75: (E) Total affaires éventuelles | AM75: =IFERROR(AN75/$AS$68,"") -> 0 | AN75: =SUMIF($B$14:$AV$67,"E",$AS$14:$AS$67) -> 0 | AO75: =SUMIF($B$14:$AR$67,"E",$AT$14:$AT$67) -> 0 | AP75: =AO75/AN75 -> #DIV/0! | AQ75: =SUMIF($B$14:$AV$67,"E",$AV$14:$AV$67) -> 0 | AR75: =+AQ75/$AV$68 -> 0
AL78: =AN6 -> BILAN 31/12/2025 | AP78: Activité | AQ78: Marge Nette
AL79: (T) Total affaires traitées | AP79: =SUMIF($B$14:$BAJ$67,"T",$AN$14:$AN$67) -> 2537698.1 | AQ79: =SUMIF($B$14:$AW$67,"T",$AQ$14:$AQ$67) -> 203439.94 | AR79: =IFERROR(AQ79/$AQ$68,"") -> 0.9593634
AL80: (A) Total affaires acquises | AP80: =SUMIF($B$14:$BAJ$67,"A",$AN$14:$AN$67) -> 108000 | AQ80: =SUMIF($B$14:$AW$67,"a",$AQ$14:$AQ$67) -> 8617.2839 | AR80: =IFERROR(AQ80/$AQ$68,"") -> 0.040636597
AL81: (P)Total affaires potentielles | AP81: =SUMIF($B$14:$BAJ$67,"P",$AN$14:$AN$67) -> 0 | AQ81: =SUMIF($B$14:$AW$67,"P",$AQ$14:$AQ$67) -> 0 | AR81: =IFERROR(AQ81/$AQ$68,"") -> 0
AL82: (E) Total affaires éventuelles | AP82: =SUMIF($B$14:$BAJ$67,"E",$AN$14:$AN$67) -> 0 | AQ82: =SUMIF($B$14:$AW$67,"e",$AQ$14:$AQ$67) -> 0 | AR82: =IFERROR(AQ82/$AQ$68,"") -> 0
AL83: Total | AP83: =SUM(AP79:AP82) -> 2645698.1 | AQ83: =SUM(AQ79:AQ82) -> 212057.22 | AR83: =SUM(AR79:AR82) -> 1
AL84: =AS6 -> EXERCICES SUIVANTS | AP84: Activité | AQ84: Marge Nette
AL85: (T) Total affaires traitées | AP85: =SUMIF($B$14:$AR$67,"T",$AS$14:$AS$67) -> 1467451.7 | AQ85: =SUMIF($B$14:$AW$67,"T",$AV$14:$AV$67) -> 96530.112 | AR85: =IFERROR(AQ85/$AV$68,"") -> 0.52935797
AL86: (A) Total affaires acquises | AP86: =SUMIF($B$14:$AR$67,"a",$AS$14:$AS$67) -> 1094798.2 | AQ86: =SUMIF($B$14:$AW$67,"A",$AV$14:$AV$67) -> 85823.072 | AR86: =IFERROR(AQ86/$AV$68,"") -> 0.47064203
AL87: (P)Total affaires potentielles | AP87: =SUMIF($B$14:$AR$67,"p",$AS$14:$AS$67) -> 0 | AQ87: =SUMIF($B$14:$AW$67,"P",$AV$14:$AV$67) -> 0 | AR87: =IFERROR(AQ87/$AV$68,"") -> 0
AL88: (E) Total affaires éventuelles | AP88: =SUMIF($B$14:$AR$67,"e",$AS$14:$AS$67) -> 0 | AQ88: =SUMIF($B$14:$AW$67,"E",$AV$14:$AV$67) -> 0 | AR88: =IFERROR(AQ88/$AV$68,"") -> 0
AL89: Total | AP89: =SUM(AP85:AP88) -> 2562249.9 | AQ89: =SUM(AQ85:AQ88) -> 182353.18 | AR89: =IFERROR(AQ89/$AV$68,"") -> 1
AL90: =+AI6 -> B3 2025 | AP90: Activité | AQ90: Marge Net
AL91: (T) Total affaires traitées | AP91: =SUMIF($B$14:$BAJ$67,"T",$AI$14:$AI$67) -> 0 | AQ91: =SUMIF($B$14:$AW$67,"T",$AL$14:$AL$67) -> 0 | AR91: =IFERROR(AQ91/$AL$68,"")
AL92: (A) Total affaires acquises | AP92: =SUMIF($B$14:$BAJ$67,"A",$AI$14:$AI$67) -> 0 | AQ92: =SUMIF($B$14:$AW$67,"A",$AL$14:$AL$67) -> 0 | AR92: =IFERROR(AQ92/$AL$68,"")
AL93: (P)Total affaires potentielles | AP93: =SUMIF($B$14:$BAJ$67,"P",$AI$14:$AI$67) -> 0 | AQ93: =SUMIF($B$14:$AW$67,"P",$AL$14:$AL$67) -> 0 | AR93: =IFERROR(AQ93/$AL$68,"")
AL94: (E) Total affaires éventuelles | AP94: =SUMIF($B$14:$BAJ$67,"E",$AI$14:$AI$67) -> 0 | AQ94: =SUMIF($B$14:$AW$67,"E",$AL$14:$AL$67) -> 0 | AR94: =IFERROR(AQ94/$AL$68,"")

Sheet Frais de Siège
G1: ECART SUR FRAIS DE STRUCTURE
G2: ='Situation Interne Intermédiaire'!B2 -> SDP
G3: ='Situation Interne Intermédiaire'!B3 -> BILAN 31/12/2025
C5: En CFA | Q5: Date : | R5: Juin 2025
B7: POSTE | C7: LIBELLE | G7: Rappel Réel 2024 | H7: B0 2025 | I7: B1 2025 | J7: B2 2025 | K7: B3 2025 | L7: =G3 -> BILAN 31/12/2025 | Q7: 2025 | S7: Janvier 2025 | U7: Février 2025 | W7: Mars 2025 | Y7: Avril 2025 | AA7: Mai 2025 | AC7: Juin 2025 | AE7: Juillet 2025 | AG7: Août 2025 | AI7: Septembre 2025 | AK7: Octobre 2025 | AM7: Novembre 2025 | AO7: Décembre 2025
Q8: Prévision Finale à date = Réalisation à date + Prévision mois restants | R8: Réalisation à date | S8: Prévision | T8: Réalisation à date | U8: Prévision | V8: Réalisation à date | W8: Prévision | X8: Réalisation à date | Y8: Prévision | Z8: Réalisation à date | AA8: Prévision | AB8: Réalisation à date | AC8: Prévision | AD8: Réalisation à date | AE8: Prévision | AF8: Réalisation à date | AG8: Prévision | AH8: Réalisation à date | AI8: Prévision | AJ8: Réalisation à date | AK8: Prévision | AL8: Réalisation à date | AM8: Prévision | AN8: Réalisation à date | AO8: Prévision | AP8: Réalisation à date
B10: 100 | C10: IMMOBILISATIONS INCORPORELLES | I10: 0 | J10: 0 | K10: 0 | Q10: =SUMIF($S$8:$AP$8,$S$8,$S10:$AP10)-SUMIFS(OFFSET($S10,,,,MATCH($R$5,$S$7:$AP$7,0)),OFFSET($S$8,,,,MATCH($R$5,$S$7:$AP$7,0)),$S$8)+R10 -> 0 | R10: =SUMIFS(OFFSET($S10,,,,MATCH($R$5,$S$7:$AP$7,0)+1),OFFSET($S$8,,,,MATCH($R$5,$S$7:$AP$7,0)+1),$T$8) -> 0
B11: 101 | C11: Licences | H11: =SUMIF($S$8:$AP$9,$W$8,S11:AP11) -> 1405962 | I11: 39505962 | J11: 39505962 | K11: 39505962 | Q11: =SUMIF($S$8:$AP$8,$S$8,$S11:$AP11)-SUMIFS(OFFSET($S11,,,,MATCH($R$5,$S$7:$AP$7,0)),OFFSET($S$8,,,,MATCH($R$5,$S$7:$AP$7,0)),$S$8)+R11 -> 39505962 | R11: =SUMIFS(OFFSET($S11,,,,MATCH($R$5,$S$7:$AP$7,0)+1),OFFSET($S$8,,,,MATCH($R$5,$S$7:$AP$7,0)+1),$T$8) -> 39505962 | S11: 421788.6 | W11: 984173.4 | X11: 39505962 | AN11: 0 | AO11: 0 | AP11: 0
B12: 102 | C12: Redevance Brevet et licences (SDP Connect, Glob Infra, Microsoft) | G12: 6302119 | H12: =SUMIF($S$8:$AP$9,$W$8,S12:AP12) -> 7985341 | I12: 7986907 | J12: 7986907 | K12: 5251566 | Q12: =SUMIF($S$8:$AP$8,$S$8,$S12:$AP12)-SUMIFS(OFFSET($S12,,,,MATCH($R$5,$S$7:$AP$7,0)),OFFSET($S$8,,,,MATCH($R$5,$S$7:$AP$7,0)),$S$8)+R12 -> 7986907 | R12: =SUMIFS(OFFSET($S12,,,,MATCH($R$5,$S$7:$AP$7,0)+1),OFFSET($S$8,,,,MATCH($R$5,$S$7:$AP$7,0)+1),$T$8) -> 1251566 | S12: 1250000 | T12: 1251566 | AI12: 2735341 | AO12: 4000000
B13: 103 | C13: Logiciels | H13: =SUMIF($S$8:$AP$9,$W$8,S13:AP13) -> 3000000 | I13: 3000000 | J13: 3000000 | K13: 5376764 | Q13: =SUMIF($S$8:$AP$8,$S$8,$S13:$AP13)-SUMIFS(OFFSET($S13,,,,MATCH($R$5,$S$7:$AP$7,0)),OFFSET($S$8,,,,MATCH($R$5,$S$7:$AP$7,0)),$S$8)+R13 -> 3000000 | R13: =SUMIFS(OFFSET($S13,,,,MATCH($R$5,$S$7:$AP$7,0)+1),OFFSET($S$8,,,,MATCH($R$5,$S$7:$AP$7,0)+1),$T$8) -> 0 | AE13: 500000 | AG13: 500000 | AH13: 3876764 | AI13: 500000 | AK13: 500000 | AM13: 500000 | AO13: 500000
C14: TOTAL IMMOBILISATIONS INCORPORELLES | G14: =SUM(G11:G13) -> 6302119 | H14: =SUM(H11:H13) -> 12391303 | I14: 50492869 | J14: 50492869 | K14: 50134292 | Q14: =SUM(Q11:Q13) -> 50492869 | R14: =SUM(R11:R13) -> 40757528 | S14: =SUM(S11:S13) -> 1671788.6 | T14: =SUM(T11:T13) -> 1251566 | U14: =SUM(U11:U13) -> 0 | V14: =SUM(V11:V13) -> 0 | W14: =SUM(W11:W13) -> 984173.4 | X14: =SUM(X11:X13) -> 39505962 | ... AP14: =SUM(AP11:AP13) -> 0
B15: 200 | C15: MATERIELS ET MOBILIERS | H15: =SUMIF($S$8:$AP$9,$W$8,S15:AP15) -> 0 | I15: 0 | J15: 0 | K15: 0 | Q15: =SUMIF($S$8:$AP$8,$S$8,$S15:$AP15)-SUMIFS(OFFSET($S15,,,,MATCH($R$5,$S$7:$AP$7,0)),OFFSET($S$8,,,,MATCH($R$5,$S$7:$AP$7,0)),$S$8)+R15 -> 0 | R15: =SUMIFS(OFFSET($S15,,,,MATCH($R$5,$S$7:$AP$7,0)+1),OFFSET($S$8,,,,MATCH($R$5,$S$7:$AP$7,0)+1),$T$8) -> 0
B16: 201 | C16: Matériel et mobilier de bureau | G16: 1540000 | H16: =SUMIF($S$8:$AP$9,$W$8,S16:AP16) -> 0 | I16: 0 | J16: 0 | K16: 240261 | Q16: =SUMIF($S$8:$AP$8,$S$8,$S16:$AP16)-SUMIFS(OFFSET($S16,,,,MATCH($R$5,$S$7:$AP$7,0)),OFFSET($S$8,,,,MATCH($R$5,$S$7:$AP$7,0)),$S$8)+R16 -> 0 | R16: =SUMIFS(OFFSET($S16,,,,MATCH($R$5,$S$7:$AP$7,0)+1),OFFSET($S$8,,,,MATCH($R$5,$S$7:$AP$7,0)+1),$T$8) -> 0 | S16: 0 | U16: 0 | AF16: 165261 | AH16: 75000 | AI16: 0 | AM16: 0 | AO16: 0 | AP16: 0
B17: 202 | C17: Matériel informatique | G17: 3803973 | H17: =SUMIF($S$8:$AP$9,$W$8,S17:AP17) -> 1000000 | I17: 0 | J17: 0 | K17: 740000 | Q17: =SUMIF($S$8:$AP$8,$S$8,$S17:$AP17)-SUMIFS(OFFSET($S17,,,,MATCH($R$5,$S$7:$AP$7,0)),OFFSET($S$8,,,,MATCH($R$5,$S$7:$AP$7,0)),$S$8)+R17 -> 0 | R17: =SUMIFS(OFFSET($S17,,,,MATCH($R$5,$S$7:$AP$7,0)+1),OFFSET($S$8,,,,MATCH($R$5,$S$7:$AP$7,0)+1),$T$8) -> 0 | S17: 0 | T17: 0 | U17: 0 | W17: 1000000 | AH17: 740000 | AI17: 0 | AO17: 0 | AP17: 0
B18: 203 | C18: Matériel et mobilier de logements | H18: =SUMIF($S$8:$AP$9,$W$8,S18:AP18) -> 0 | I18: 0 | J18: 0 | K18: 0 | Q18: =SUMIF($S$8:$AP$8,$S$8,$S18:$AP18)-SUMIFS(OFFSET($S18,,,,MATCH($R$5,$S$7:$AP$7,0)),OFFSET($S$8,,,,MATCH($R$5,$S$7:$AP$7,0)),$S$8)+R18 -> 0 | R18: =SUMIFS(OFFSET($S18,,,,MATCH($R$5,$S$7:$AP$7,0)+1),OFFSET($S$8,,,,MATCH($R$5,$S$7:$AP$7,0)+1),$T$8) -> 0 | S18: 0 | T18: 0 | U18: 0 | AJ18: 2560254 | AO18: 0 | AP18: 0
B19: 204 | C19: Matériel de transport | H19: =SUMIF($S$8:$AP$9,$W$8,S19:AP19) -> 0 | I19: 0 | J19: 0 | K19: 22600000 | Q19: =SUMIF($S$8:$AP$8,$S$8,$S19:$AP19)-SUMIFS(OFFSET($S19,,,,MATCH($R$5,$S$7:$AP$7,0)),OFFSET($S$8,,,,MATCH($R$5,$S$7:$AP$7,0)),$S$8)+R19 -> 0 | R19: =SUMIFS(OFFSET($S19,,,,MATCH($R$5,$S$7:$AP$7,0)+1),OFFSET($S$8,,,,MATCH($R$5,$S$7:$AP$7,0)+1),$T$8) -> 0 | S19: 0 | T19: 0 | U19: 0 | AH19: 22600000 | AI19: 0 | AO19: 0 | AP19: 0
B20: 205 | C20: Autre matériels et mobiliers | G20: 18000 | H20: =SUMIF($S$8:$AP$9,$W$8,S20:AP20) -> 0 | I20: 0 | J20: 0 | K20: 0 | Q20: =SUMIF($S$8:$AP$8,$S$8,$S20:$AP20)-SUMIFS(OFFSET($S20,,,,MATCH($R$5,$S$7:$AP$7,0)),OFFSET($S$8,,,,MATCH($R$5,$S$7:$AP$7,0)),$S$8)+R20 -> 0 | R20: =SUMIFS(OFFSET($S20,,,,MATCH($R$5,$S$7:$AP$7,0)+1),OFFSET($S$8,,,,MATCH($R$5,$S$7:$AP$7,0)+1),$T$8) -> 0 | S20: 0 | U20: 0 | Y20: 0 | AO20: 0 | AP20: 0
C21: TOTAL MATERIELS ET MOBILIERS | G21: =SUM(G16:G19) -> 5343973 | H21: =SUM(H16:H19) -> 1000000 | I21: 0 | J21: 0 | K21: 23580261 | Q21: =SUM(Q16:Q19) -> 0 | R21: =SUM(R16:R19) -> 0 | S21: =SUM(S16:S19) -> 0 | T21: =SUM(T16:T19) -> 0 | U21: =SUM(U16:U19) -> 0 | V21: =SUM(V16:V19) -> 0 | W21: =SUM(W16:W19) -> 1000000 | X21: =SUM(X16:X19) -> 0 | ... AP21: =SUM(AP16:AP19) -> 0
B22: 300 | C22: MATIERES ET FOURNITURES CONSOMMABLES | H22: =SUMIF($S$8:$AP$9,$W$8,S22:AP22) -> 0 | I22: 0 | J22: 0 | K22: 0 | Q22: =SUMIF($S$8:$AP$8,$S$8,$S22:$AP22)-SUMIFS(OFFSET($S22,,,,MATCH($R$5,$S$7:$AP$7,0)),OFFSET($S$8,,,,MATCH($R$5,$S$7:$AP$7,0)),$S$8)+R22 -> 0 | R22: =SUMIFS(OFFSET($S22,,,,MATCH($R$5,$S$7:$AP$7,0)+1),OFFSET($S$8,,,,MATCH($R$5,$S$7:$AP$7,0)+1),$T$8) -> 0
B23: 301 | C23: SONEB | G23: 413847 | H23: =SUMIF($S$8:$AP$9,$W$8,S23:AP23) -> 360000 | R23: =SUMIFS(OFFSET($S23,,,,MATCH($R$5,$S$7:$AP$7,0)+1),OFFSET($S$8,,,,MATCH($R$5,$S$7:$AP$7,0)+1),$T$8) -> 141690 | S23: 30000 | T23: 141690 | U23: 30000 | W23: 30000 | Y23: 30000 | AA23: 30000 | AC23: 30000 | AE23: 30000 | AF23: 13087 | AG23: 30000 | AI23: 30000 | AJ23: 14900 | AK23: 30000 | AM23: 30000 | AO23: 30000
B24: 302 | C24: Packs Eau | G24: 142454 | H24: =SUMIF($S$8:$AP$9,$W$8,S24:AP24) -> 120000 | I24: 127033 | J24: 119833 | K24: 100633 | Q24: =SUMIF($S$8:$AP$8,$S$8,$S24:$AP24)-SUMIFS(OFFSET($S24,,,,MATCH($R$5,$S$7:$AP$7,0)),OFFSET($S$8,,,,MATCH($R$5,$S$7:$AP$7,0)),$S$8)+R24 -> 119833 | R24: =SUMIFS(OFFSET($S24,,,,MATCH($R$5,$S$7:$AP$7,0)+1),OFFSET($S$8,,,,MATCH($R$5,$S$7:$AP$7,0)+1),$T$8) -> 59833 | S24: 10000 | T24: 12203 | U24: 10000 | V24: 10169 | W24: 10000 | X24: 14661 | Y24: 10000 | Z24: 12000 | AA24: 10000 | AC24: 10000 | AD24: 10800 | AE24: 10000 | AG24: 10000 | AH24: 10800 | AI24: 10000 | AK24: 10000 | AM24: 10000 | AO24: 10000
B25: 303 | C25: Bonbones d'eau | G25: 70492 | H25: =SUMIF($S$8:$AP$9,$W$8,S25:AP25) -> 180000 | I25: 191799 | J25: 201449 | K25: 180949 | Q25: =SUMIF($S$8:$AP$8,$S$8,$S25:$AP25)-SUMIFS(OFFSET($S25,,,,MATCH($R$5,$S$7:$AP$7,0)),OFFSET($S$8,,,,MATCH($R$5,$S$7:$AP$7,0)),$S$8)+R25 -> 201449 | R25: =SUMIFS(OFFSET($S25,,,,MATCH($R$5,$S$7:$AP$7,0)+1),OFFSET($S$8,,,,MATCH($R$5,$S$7:$AP$7,0)+1),$T$8) -> 111449 | S25: 15000 | T25: 8690 | U25: 15000 | V25: 24381 | W25: 15000 | X25: 23728 | Y25: 15000 | Z25: 17750 | AA25: 15000 | AB25: 21150 | AC25: 15000 | AD25: 15750 | AE25: 15000 | AF25: 12250 | AG25: 15000 | AH25: 12250 | AI25: 15000 | AJ25: 12250 | AK25: 15000 | AM25: 15000 | AO25: 15000
B26: 304 | C26: SBEE | G26: 7903013 | H26: =SUMIF($S$8:$AP$9,$W$8,S26:AP26) -> 12000000 | I26: 11130648 | J26: 9834829 | K26: 7899990 | Q26: =SUMIF($S$8:$AP$8,$S$8,$S26:$AP26)-SUMIFS(OFFSET($S26,,,,MATCH($R$5,$S$7:$AP$7,0)),OFFSET($S$8,,,,MATCH($R$5,$S$7:$AP$7,0)),$S$8)+R26 -> 9834829 | R26: =SUMIFS(OFFSET($S26,,,,MATCH($R$5,$S$7:$AP$7,0)+1),OFFSET($S$8,,,,MATCH($R$5,$S$7:$AP$7,0)+1),$T$8) -> 3834829 | S26: 1000000 | T26: 852253 | U26: 1000000 | V26: 639139 | W26: 1000000 | X26: 639256 | Y26: 1000000 | Z26: 639020 | AA26: 1000000 | AB26: 639138 | AC26: 1000000 | AD26: 426023 | AE26: 1000000 | AF26: 426023 | AG26: 1000000 | AH26: 639138 | AI26: 1000000 | AJ26: 383391 | AK26: 1000000 | AM26: 1000000 | AO26: 1000000
B27: 305 | C27: Canal + | G27: 813552 | H27: =SUMIF($S$8:$AP$9,$W$8,S27:AP27) -> 960000 | I27: 720000 | J27: 1440000 | K27: 1200000 | Q27: =SUMIF($S$8:$AP$8,$S$8,$S27:$AP27)-SUMIFS(OFFSET($S27,,,,MATCH($R$5,$S$7:$AP$7,0)),OFFSET($S$8,,,,MATCH($R$5,$S$7:$AP$7,0)),$S$8)+R27 -> 1440000 | R27: =SUMIFS(OFFSET($S27,,,,MATCH($R$5,$S$7:$AP$7,0)+1),OFFSET($S$8,,,,MATCH($R$5,$S$7:$AP$7,0)+1),$T$8) -> 960000 | S27: 80000 | U27: 80000 | W27: 80000 | Y27: 80000 | Z27: 960000 | AA27: 80000 | AC27: 80000 | AE27: 80000 | AG27: 80000 | AI27: 80000 | AK27: 80000 | AM27: 80000 | AO27: 80000
B28: 306 | C28: Fournitures de bureau et consommables informatiques | G28: 4132026 | H28: =SUMIF($S$8:$AP$9,$W$8,S28:AP28) -> 3000000 | I28: 3509687 | J28: 4296805 | K28: 4704907 | Q28: =SUMIF($S$8:$AP$8,$S$8,$S28:$AP28)-SUMIFS(OFFSET($S28,,,,MATCH($R$5,$S$7:$AP$7,0)),OFFSET($S$8,,,,MATCH($R$5,$S$7:$AP$7,0)),$S$8)+R28 -> 4296805 | R28: =SUMIFS(OFFSET($S28,,,,MATCH($R$5,$S$7:$AP$7,0)+1),OFFSET($S$8,,,,MATCH($R$5,$S$7:$AP$7,0)+1),$T$8) -> 2796805 | S28: 250000 | T28: 253725 | U28: 250000 | V28: 479622 | W28: 250000 | X28: 526340 | Y28: 250000 | Z28: 143642 | AA28: 250000 | AB28: 274500 | AC28: 250000 | AD28: 1118976 | AE28: 250000 | AF28: 672375 | AG28: 250000 | AH28: 485727 | AI28: 250000 | AJ28: 220000 | AK28: 250000 | AM28: 250000 | AO28: 250000
B29: 307 | C29: Autres consommables | G29: 227155 | H29: =SUMIF($S$8:$AP$9,$W$8,S29:AP29) -> 600000 | R29: =SUMIFS(OFFSET($S29,,,,MATCH($R$5,$S$7:$AP$7,0)+1),OFFSET($S$8,,,,MATCH($R$5,$S$7:$AP$7,0)+1),$T$8) -> 245671 | S29: 50000 | U29: 50000 | V29: 63863 | W29: 50000 | Y29: 50000 | Z29: 125000 | AA29: 50000 | AC29: 50000 | AD29: 56808 | AE29: 50000 | AF29: 99485 | AG29: 50000 | AH29: 71370 | AI29: 50000 | AJ29: 2625 | AK29: 50000 | AM29: 50000 | AO29: 50000
B30: 308 | C30: Fournitures non stockables autres énergies - carburant groupe élèctrogène | G30: 412698 | H30: =SUMIF($S$8:$AP$9,$W$8,S30:AP30) -> 600000 | I30: 610000 | J30: 540005 | K30: 430005 | Q30: =SUMIF($S$8:$AP$8,$S$8,$S30:$AP30)-SUMIFS(OFFSET($S30,,,,MATCH($R$5,$S$7:$AP$7,0)),OFFSET($S$8,,,,MATCH($R$5,$S$7:$AP$7,0)),$S$8)+R30 -> 540005 | R30: =SUMIFS(OFFSET($S30,,,,MATCH($R$5,$S$7:$AP$7,0)+1),OFFSET($S$8,,,,MATCH($R$5,$S$7:$AP$7,0)+1),$T$8) -> 240005 | S30: 50000 | T30: 80000 | U30: 50000 | V30: 40000 | W30: 50000 | X30: 40000 | Y30: 50000 | Z30: 40002 | AA30: 50000 | AB30: 40003 | AC30: 50000 | AE30: 50000 | AG30: 50000 | AH30: 40000 | AI30: 50000 | AK30: 50000 | AM30: 50000 | AO30: 50000
B31: 309 | C31: Fournitures non stockables autres énergies - carburant véhicules | G31: 3590221 | H31: =SUMIF($S$8:$AP$9,$W$8,S31:AP31) -> 2000000 | I31: 1958758 | J31: 1792408 | K31: 1455288 | Q31: =SUMIF($S$8:$AP$8,$S$8,$S31:$AP31)-SUMIFS(OFFSET($S31,,,,MATCH($R$5,$S$7:$AP$7,0)),OFFSET($S$8,,,,MATCH($R$5,$S$7:$AP$7,0)),$S$8)+R31 -> 1792408 | R31: =SUMIFS(OFFSET($S31,,,,MATCH($R$5,$S$7:$AP$7,0)+1),OFFSET($S$8,,,,MATCH($R$5,$S$7:$AP$7,0)+1),$T$8) -> 782408 | S31: 165000 | T31: 137658 | U31: 165000 | V31: 180000 | W31: 165000 | X31: 136100 | Y31: 165000 | Z31: 198640 | AA31: 165000 | AB31: 100000 | AC31: 165000 | AD31: 30010 | AE31: 165000 | AG31: 165000 | AH31: 157880 | AI31: 165000 | AJ31: =113745+50000 -> 163745 | AK31: 165000 | AM31: 165000 | AO31: 185000
B32: 310 | C32: Fournitures non stockables autres énergies - carburant motos | G32: 171063 | H32: =SUMIF($S$8:$AP$9,$W$8,S32:AP32) -> 0 | I32: 16619 | J32: 16619 | K32: 16619 | Q32: =SUMIF($S$8:$AP$8,$S$8,$S32:$AP32)-SUMIFS(OFFSET($S32,,,,MATCH($R$5,$S$7:$AP$7,0)),OFFSET($S$8,,,,MATCH($R$5,$S$7:$AP$7,0)),$S$8)+R32 -> 16619 | R32: =SUMIFS(OFFSET($S32,,,,MATCH($R$5,$S$7:$AP$7,0)+1),OFFSET($S$8,,,,MATCH($R$5,$S$7:$AP$7,0)+1),$T$8) -> 16619 | T32: 13215 | V32: 3404
B33: 311 | C33: Petits matériels et outillages | G33: 1783438 | H33: =SUMIF($S$8:$AP$9,$W$8,S33:AP33) -> 1800000 | I33: 2544030 | J33: 2279090 | K33: 2216418 | Q33: =SUMIF($S$8:$AP$8,$S$8,$S33:$AP33)-SUMIFS(OFFSET($S33,,,,MATCH($R$5,$S$7:$AP$7,0)),OFFSET($S$8,,,,MATCH($R$5,$S$7:$AP$7,0)),$S$8)+R33 -> 2279090 | R33: =SUMIFS(OFFSET($S33,,,,MATCH($R$5,$S$7:$AP$7,0)+1),OFFSET($S$8,,,,MATCH($R$5,$S$7:$AP$7,0)+1),$T$8) -> 1379090 | S33: 150000 | T33: 96000 | U33: 150000 | V33: 81581 | W33: 150000 | X33: 1016449 | Y33: 150000 | AA33: 150000 | AB33: 75000 | AC33: 150000 | AD33: 110060 | AE33: 150000 | AF33: 302918 | AG33: 150000 | AH33: 84410 | AI33: 150000 | AJ33: 852648 | AK33: 150000 | AM33: 150000 | AO33: 150000
B34: 312 | C34: Emballages perdus | G34: 85500 | H34: =SUMIF($S$8:$AP$9,$W$8,S34:AP34) -> 120000 | I34: 90000 | J34: 60000 | K34: 30000 | Q34: =SUMIF($S$8:$AP$8,$S$8,$S34:$AP34)-SUMIFS(OFFSET($S34,,,,MATCH($R$5,$S$7:$AP$7,0)),OFFSET($S$8,,,,MATCH($R$5,$S$7:$AP$7,0)),$S$8)+R34 -> 60000 | R34: =SUMIFS(OFFSET($S34,,,,MATCH($R$5,$S$7:$AP$7,0)+1),OFFSET($S$8,,,,MATCH($R$5,$S$7:$AP$7,0)+1),$T$8) -> 0 | S34: 10000 | U34: 10000 | W34: 10000 | Y34: 10000 | AA34: 10000 | AC34: 10000 | AE34: 10000 | AG34: 10000 | AI34: 10000 | AK34: 10000 | AM34: 10000 | AO34: 10000
C35: TOTAL MATIERES ET FOURNITURES CONSOMMABLES | G35: =SUM(G23:G34) -> 19745459 | H35: =SUM(H23:H34) -> 21740000 | I35: 20898574 | J35: 20581038 | K35: 18234809 | Q35: =SUM(Q23:Q34) -> 20581038 | R35: =SUM(R23:R34) -> 10568399 | S35: =SUM(S23:S34) -> 1810000 | T35: =SUM(T23:T34) -> 1595434 | U35: =SUM(U23:U34) -> 1810000 | V35: =SUM(V23:V34) -> 1522159 | W35: =SUM(W23:W34) -> 1810000 | X35: =SUM(X23:X34) -> 2396534 | ... AP35: =SUM(AP23:AP34) -> 0
B36: 400 | C36: ACHAT DE PRESTATIONS DE SERVICES | H36: =SUMIF($S$8:$AP$9,$W$8,S36:AP36) -> 0 | I36: 0 | J36: 0 | K36: 0 | Q36: =SUMIF($S$8:$AP$8,$S$8,$S36:$AP36)-SUMIFS(OFFSET($S36,,,,MATCH($R$5,$S$7:$AP$7,0)),OFFSET($S$8,,,,MATCH($R$5,$S$7:$AP$7,0)),$S$8)+R36 -> 0 | R36: =SUMIFS(OFFSET($S36,,,,MATCH($R$5,$S$7:$AP$7,0)+1),OFFSET($S$8,,,,MATCH($R$5,$S$7:$AP$7,0)+1),$T$8) -> 0
B37: 401 | C37: SDP Talks | G37: 1293500 | H37: =SUMIF($S$8:$AP$9,$W$8,S37:AP37) -> 1500000 | I37: 1500000 | J37: 1000000 | K37: 500000 | Q37: =SUMIF($S$8:$AP$8,$S$8,$S37:$AP37)-SUMIFS(OFFSET($S37,,,,MATCH($R$5,$S$7:$AP$7,0)),OFFSET($S$8,,,,MATCH($R$5,$S$7:$AP$7,0)),$S$8)+R37 -> 1000000 | R37: =SUMIFS(OFFSET($S37,,,,MATCH($R$5,$S$7:$AP$7,0)+1),OFFSET($S$8,,,,MATCH($R$5,$S$7:$AP$7,0)+1),$T$8) -> 0 | Y37: 500000 | AE37: 500000 | AK37: 500000 | AO37: 0
B38: 402 | C38: Assistance informatique (Freddy) | G38: 935000 | H38: =SUMIF($S$8:$AP$9,$W$8,S38:AP38) -> 1020000 | I38: 1020000 | J38: 1020000 | K38: 935000 | Q38: =SUMIF($S$8:$AP$8,$S$8,$S38:$AP38)-SUMIFS(OFFSET($S38,,,,MATCH($R$5,$S$7:$AP$7,0)),OFFSET($S$8,,,,MATCH($R$5,$S$7:$AP$7,0)),$S$8)+R38 -> 1020000 | R38: =SUMIFS(OFFSET($S38,,,,MATCH($R$5,$S$7:$AP$7,0)+1),OFFSET($S$8,,,,MATCH($R$5,$S$7:$AP$7,0)+1),$T$8) -> 510000 | S38: 85000 | T38: 85000 | U38: 85000 | V38: 85000 | W38: 85000 | X38: 85000 | Y38: 85000 | Z38: 85000 | AA38: 85000 | AB38: 85000 | AC38: 85000 | AD38: 85000 | AE38: 85000 | AF38: 85000 | AG38: 85000 | AH38: 85000 | AI38: 85000 | AJ38: 85000 | AK38: 85000 | AM38: 85000 | AO38: 85000
B39: 403 | C39: Gardiennage | G39: 6500000 | H39: =SUMIF($S$8:$AP$9,$W$8,S39:AP39) -> 6000000 | I39: 6000000 | J39: 6000000 | K39: 5500000 | Q39: =SUMIF($S$8:$AP$8,$S$8,$S39:$AP39)-SUMIFS(OFFSET($S39,,,,MATCH($R$5,$S$7:$AP$7,0)),OFFSET($S$8,,,,MATCH($R$5,$S$7:$AP$7,0)),$S$8)+R39 -> 6000000 | R39: =SUMIFS(OFFSET($S39,,,,MATCH($R$5,$S$7:$AP$7,0)+1),OFFSET($S$8,,,,MATCH($R$5,$S$7:$AP$7,0)+1),$T$8) -> 3000000 | S39: 500000 | T39: 500000 | U39: 500000 | V39: 500000 | W39: 500000 | X39: 500000 | Y39: 500000 | Z39: 500000 | AA39: 500000 | AB39: 500000 | AC39: 500000 | AD39: 500000 | AE39: 500000 | AF39: 500000 | AG39: 500000 | AH39: 500000 | AI39: 500000 | AJ39: 500000 | AK39: 500000 | AM39: 500000 | AO39: 500000
B40: 404 | C40: Jardinage | G40: 845000 | H40: =SUMIF($S$8:$AP$9,$W$8,S40:AP40) -> 780000 | I40: 780000 | J40: 685000 | K40: 683000 | Q40: =SUMIF($S$8:$AP$8,$S$8,$S40:$AP40)-SUMIFS(OFFSET($S40,,,,MATCH($R$5,$S$7:$AP$7,0)),OFFSET($S$8,,,,MATCH($R$5,$S$7:$AP$7,0)),$S$8)+R40 -> 685000 | R40: =SUMIFS(OFFSET($S40,,,,MATCH($R$5,$S$7:$AP$7,0)+1),OFFSET($S$8,,,,MATCH($R$5,$S$7:$AP$7,0)+1),$T$8) -> 295000 | S40: 65000 | T40: 65000 | U40: 65000 | V40: 65000 | W40: 65000 | X40: 65000 | Y40: 65000 | Z40: 65000 | AA40: 65000 | AB40: 35000 | AC40: 65000 | AE40: 65000 | AF40: 100000 | AG40: 65000 | AH40: 93000 | AI40: 65000 | AJ40: 30000 | AK40: 65000 | AM40: 65000 | AO40: 65000
B41: 405 | C41: Entretien points d'eau | G41: 821756 | H41: =SUMIF($S$8:$AP$9,$W$8,S41:AP41) -> 480000 | I41: 480000 | J41: 400000 | K41: 360000 | Q41: =SUMIF($S$8:$AP$8,$S$8,$S41:$AP41)-SUMIFS(OFFSET($S41,,,,MATCH($R$5,$S$7:$AP$7,0)),OFFSET($S$8,,,,MATCH($R$5,$S$7:$AP$7,0)),$S$8)+R41 -> 400000 | R41: =SUMIFS(OFFSET($S41,,,,MATCH($R$5,$S$7:$AP$7,0)+1),OFFSET($S$8,,,,MATCH($R$5,$S$7:$AP$7,0)+1),$T$8) -> 160000 | S41: 40000 | T41: 40000 | U41: 40000 | V41: 40000 | W41: 40000 | X41: 40000 | Y41: 40000 | Z41: 40000 | AA41: 40000 | AC41: 40000 | AE41: 40000 | AF41: 40000 | AG41: 40000 | AH41: 40000 | AI41: 40000 | AJ41: 40000 | AK41: 40000 | AM41: 40000 | AO41: 40000
B42: 406 | C42: GPC France | G42: 8547120 | H42: =SUMIF($S$8:$AP$9,$W$8,S42:AP42) -> 296194104 | I42: 296194104 | J42: 273593105 | K42: 212852170 | Q42: =SUMIF($S$8:$AP$8,$S$8,$S42:$AP42)-SUMIFS(OFFSET($S42,,,,MATCH($R$5,$S$7:$AP$7,0)),OFFSET($S$8,,,,MATCH($R$5,$S$7:$AP$7,0)),$S$8)+R42 -> 273593105 | R42: =SUMIFS(OFFSET($S42,,,,MATCH($R$5,$S$7:$AP$7,0)+1),OFFSET($S$8,,,,MATCH($R$5,$S$7:$AP$7,0)+1),$T$8) -> 84677489 | S42: 12820680 | T42: 12820680 | Y42: 31485936 | Z42: 19678710 | AA42: 31485936 | AB42: 32499389 | AC42: 31485936 | AD42: 19678710 | AE42: 31485936 | AF42: 32499390 | AG42: 31485936 | AH42: 1217483 | AI42: 31485936 | AJ42: 27497717 | AK42: 31485936 | AM42: 31485936 | AO42: 31485936
B43: 407 | C43: Autres prestations de services | G43: 3234318 | H43: =SUMIF($S$8:$AP$9,$W$8,S43:AP43) -> 1800000 | I43: 3516800 | J43: 13480436 | K43: 13203256 | Q43: =SUMIF($S$8:$AP$8,$S$8,$S43:$AP43)-SUMIFS(OFFSET($S43,,,,MATCH($R$5,$S$7:$AP$7,0)),OFFSET($S$8,,,,MATCH($R$5,$S$7:$AP$7,0)),$S$8)+R43 -> 13480436 | R43: =SUMIFS(OFFSET($S43,,,,MATCH($R$5,$S$7:$AP$7,0)+1),OFFSET($S$8,,,,MATCH($R$5,$S$7:$AP$7,0)+1),$T$8) -> 12580436 | S43: 150000 | T43: 1400000 | U43: 150000 | V43: 766800 | W43: 150000 | Y43: 150000 | AA43: 150000 | AB43: 10000000 | AC43: 150000 | AD43: 413636 | AE43: 150000 | AF43: 172820 | AG43: 150000 | AI43: 150000 | AJ43: 296100 | AK43: 150000 | AM43: 150000 | AO43: 150000
C44: TOTAL ACHATS DE PRESTATIONS DE SERVICES | G44: =SUM(G37:G43) -> 22176694 | H44: =SUM(H37:H43) -> 307774104 | I44: 309490904 | J44: 296178541 | K44: 234033426 | Q44: =SUM(Q37:Q43) -> 296178541 | R44: =SUM(R37:R43) -> 101222925 | S44: =SUM(S37:S43) -> 13660680 | T44: =SUM(T37:T43) -> 14910680 | U44: =SUM(U37:U43) -> 840000 | V44: =SUM(V37:V43) -> 1456800 | W44: =SUM(W37:W43) -> 840000 | X44: =SUM(X37:X43) -> 690000 | ... AP44: =SUM(AP37:AP43) -> 0
B45: 500 | C45: SERVICES EXTERIEURS | H45: =SUMIF($S$8:$AP$9,$W$8,S45:AP45) -> 0 | I45: 0 | J45: 0 | K45: 0 | Q45: =SUMIF($S$8:$AP$8,$S$8,$S45:$AP45)-SUMIFS(OFFSET($S45,,,,MATCH($R$5,$S$7:$AP$7,0)),OFFSET($S$8,,,,MATCH($R$5,$S$7:$AP$7,0)),$S$8)+R45 -> 0 | R45: =SUMIFS(OFFSET($S45,,,,MATCH($R$5,$S$7:$AP$7,0)+1),OFFSET($S$8,,,,MATCH($R$5,$S$7:$AP$7,0)+1),$T$8) -> 0
B46: 501 | C46: Billets d'avion | G46: 23566100 | H46: =SUMIF($S$8:$AP$9,$W$8,S46:AP46) -> 30000000 | I46: 34560100 | J46: 36982700 | K46: 34611800 | Q46: =SUMIF($S$8:$AP$8,$S$8,$S46:$AP46)-SUMIFS(OFFSET($S46,,,,MATCH($R$5,$S$7:$AP$7,0)),OFFSET($S$8,,,,MATCH($R$5,$S$7:$AP$7,0)),$S$8)+R46 -> 36982700 | R46: =SUMIFS(OFFSET($S46,,,,MATCH($R$5,$S$7:$AP$7,0)+1),OFFSET($S$8,,,,MATCH($R$5,$S$7:$AP$7,0)+1),$T$8) -> 21982700 | S46: 8000000 | T46: 7832700 | U46: 0 | V46: 3127400 | W46: 0 | X46: 1600000 | Y46: 2000000 | Z46: 4746000 | AA46: 2500000 | AB46: 4676600 | AC46: 2500000 | AE46: 2500000 | AF46: 5129100 | AG46: 2500000 | AI46: 2500000 | AJ46: 3933900 | AK46: 2500000 | AM46: 2500000 | AO46: 2500000
B47: 502 | C47: Voyages et déplacements | G47: 781509 | H47: =SUMIF($S$8:$AP$9,$W$8,S47:AP47) -> 300000 | I47: 302069 | J47: 329899 | K47: 367026 | Q47: =SUMIF($S$8:$AP$8,$S$8,$S47:$AP47)-SUMIFS(OFFSET($S47,,,,MATCH($R$5,$S$7:$AP$7,0)),OFFSET($S$8,,,,MATCH($R$5,$S$7:$AP$7,0)),$S$8)+R47 -> 329899 | R47: =SUMIFS(OFFSET($S47,,,,MATCH($R$5,$S$7:$AP$7,0)+1),OFFSET($S$8,,,,MATCH($R$5,$S$7:$AP$7,0)+1),$T$8) -> 179899 | S47: 25000 | T47: 15865 | U47: 25000 | V47: 15203 | W47: 25000 | X47: 46001 | Y47: 25000 | Z47: 10565 | AA47: 25000 | AB47: 38915 | AC47: 25000 | AD47: 53350 | AE47: 25000 | AF47: 66051 | AG47: 25000 | AH47: 46076 | AI47: 25000 | AJ47: 120258 | AK47: 25000 | AM47: 25000 | AO47: 25000
B48: 503 | C48: Frais de péage et parking | H48: =SUMIF($S$8:$AP$9,$W$8,S48:AP48) -> 60000 | I48: 45000 | J48: 30000 | K48: 15000 | Q48: =SUMIF($S$8:$AP$8,$S$8,$S48:$AP48)-SUMIFS(OFFSET($S48,,,,MATCH($R$5,$S$7:$AP$7,0)),OFFSET($S$8,,,,MATCH($R$5,$S$7:$AP$7,0)),$S$8)+R48 -> 30000 | R48: =SUMIFS(OFFSET($S48,,,,MATCH($R$5,$S$7:$AP$7,0)+1),OFFSET($S$8,,,,MATCH($R$5,$S$7:$AP$7,0)+1),$T$8) -> 0 | S48: 5000 | U48: 5000 | W48: 5000 | Y48: 5000 | AA48: 5000 | AC48: 5000 | AE48: 5000 | AG48: 5000 | AI48: 5000 | AK48: 5000 | AM48: 5000 | AO48: 5000
B49: 504 | C49: Location de bâtiments et appartements | G49: 47727267 | H49: =SUMIF($S$8:$AP$9,$W$8,S49:AP49) -> 54545448 | I49: 54545448 | J49: 72727266 | K49: 86363632 | Q49: =SUMIF($S$8:$AP$8,$S$8,$S49:$AP49)-SUMIFS(OFFSET($S49,,,,MATCH($R$5,$S$7:$AP$7,0)),OFFSET($S$8,,,,MATCH($R$5,$S$7:$AP$7,0)),$S$8)+R49 -> 72727266 | R49: =SUMIFS(OFFSET($S49,,,,MATCH($R$5,$S$7:$AP$7,0)+1),OFFSET($S$8,,,,MATCH($R$5,$S$7:$AP$7,0)+1),$T$8) -> 45454542 | S49: 4545454 | T49: 4545454 | U49: 4545454 | V49: 4545454 | W49: 4545454 | X49: 4545454 | Y49: 4545454 | Z49: 4545454 | AA49: 4545454 | AB49: 13636363 | AC49: 4545454 | AD49: 13636363 | AE49: 4545454 | AF49: 13636363 | AG49: 4545454 | AH49: 13636365 | AI49: 4545454 | AJ49: 17661363 | AK49: 4545454 | AM49: 4545454 | AO49: 4545454
B50: 505 | C50: Entretien, réparations et maintenances du matériel roulant | G50: 1587977 | H50: =SUMIF($S$8:$AP$9,$W$8,S50:AP50) -> 1800000 | I50: 1358500 | J50: 1111425 | K50: 957425 | Q50: =SUMIF($S$8:$AP$8,$S$8,$S50:$AP50)-SUMIFS(OFFSET($S50,,,,MATCH($R$5,$S$7:$AP$7,0)),OFFSET($S$8,,,,MATCH($R$5,$S$7:$AP$7,0)),$S$8)+R50 -> 1111425 | R50: =SUMIFS(OFFSET($S50,,,,MATCH($R$5,$S$7:$AP$7,0)+1),OFFSET($S$8,,,,MATCH($R$5,$S$7:$AP$7,0)+1),$T$8) -> 211425 | S50: 150000 | T50: 8500 | U50: 150000 | W50: 150000 | Y50: 150000 | Z50: 202925 | AA50: 150000 | AC50: 150000 | AE50: 150000 | AF50: 296000 | AG50: 150000 | AI50: 150000 | AJ50: 248680 | AK50: 150000 | AM50: 150000 | AO50: 150000
B51: 506 | C51: Autres entretiens, réparations et maintenances | G51: 6200376 | H51: =SUMIF($S$8:$AP$9,$W$8,S51:AP51) -> 4800000 | I51: 7064023 | J51: 6477783 | K51: 6419283 | Q51: =SUMIF($S$8:$AP$8,$S$8,$S51:$AP51)-SUMIFS(OFFSET($S51,,,,MATCH($R$5,$S$7:$AP$7,0)),OFFSET($S$8,,,,MATCH($R$5,$S$7:$AP$7,0)),$S$8)+R51 -> 6477783 | R51: =SUMIFS(OFFSET($S51,,,,MATCH($R$5,$S$7:$AP$7,0)+1),OFFSET($S$8,,,,MATCH($R$5,$S$7:$AP$7,0)+1),$T$8) -> 4077783 | S51: 1200000 | T51: 1478797 | U51: 0 | V51: 1569526 | W51: 0 | X51: 415700 | Y51: 400000 | Z51: 199760 | AA51: 400000 | AB51: 265000 | AC51: 400000 | AD51: 149000 | AE51: 400000 | AF51: 600500 | AG51: 400000 | AH51: 541000 | AI51: 400000 | AJ51: 213000 | AK51: 400000 | AM51: 400000 | AO51: 400000
B52: 507 | C52: Primes d'assurance (véhicule, habitat, santé) | G52: 12903920 | H52: =SUMIF($S$8:$AP$9,$W$8,S52:AP52) -> 9834107 | I52: 9834107 | J52: 9834107 | K52: 16273115 | Q52: =SUMIF($S$8:$AP$8,$S$8,$S52:$AP52)-SUMIFS(OFFSET($S52,,,,MATCH($R$5,$S$7:$AP$7,0)),OFFSET($S$8,,,,MATCH($R$5,$S$7:$AP$7,0)),$S$8)+R52 -> 9834107 | R52: =SUMIFS(OFFSET($S52,,,,MATCH($R$5,$S$7:$AP$7,0)+1),OFFSET($S$8,,,,MATCH($R$5,$S$7:$AP$7,0)+1),$T$8) -> 260934 | S52: 260934 | T52: 260934 | AE52: 445500 | AF52: 9225000 | AG52: 2750000 | AH52: 758103 | AI52: 348595 | AJ52: 582885 | AK52: 779078 | AM52: 5250000 | AO52: 0
B53: 508 | C53: Documentations techniques | H53: =SUMIF($S$8:$AP$9,$W$8,S53:AP53) -> 250000 | I53: 150000 | J53: 100000 | K53: 0 | Q53: =SUMIF($S$8:$AP$8,$S$8,$S53:$AP53)-SUMIFS(OFFSET($S53,,,,MATCH($R$5,$S$7:$AP$7,0)),OFFSET($S$8,,,,MATCH($R$5,$S$7:$AP$7,0)),$S$8)+R53 -> 100000 | R53: =SUMIFS(OFFSET($S53,,,,MATCH($R$5,$S$7:$AP$7,0)+1),OFFSET($S$8,,,,MATCH($R$5,$S$7:$AP$7,0)+1),$T$8) -> 0 | S53: 50000 | W53: 50000 | AA53: 50000 | AE53: 50000 | AI53: 50000 | AO53: 0
B54: 509 | C54: SDP Talks : Charge de publicité et presse | G54: 3044568 | H54: =SUMIF($S$8:$AP$9,$W$8,S54:AP54) -> 6600000 | I54: 6600000 | J54: 4400000 | K54: 2200000 | Q54: =SUMIF($S$8:$AP$8,$S$8,$S54:$AP54)-SUMIFS(OFFSET($S54,,,,MATCH($R$5,$S$7:$AP$7,0)),OFFSET($S$8,,,,MATCH($R$5,$S$7:$AP$7,0)),$S$8)+R54 -> 4400000 | R54: =SUMIFS(OFFSET($S54,,,,MATCH($R$5,$S$7:$AP$7,0)+1),OFFSET($S$8,,,,MATCH($R$5,$S$7:$AP$7,0)+1),$T$8) -> 0 | Y54: 2200000 | AE54: 2200000 | AK54: 2200000 | AO54: 0
B55: 510 | C55: Autres publicités et diverses charges de publications | G55: 2901660 | H55: =SUMIF($S$8:$AP$9,$W$8,S55:AP55) -> 1800000 | I55: 4777000 | J55: 5027000 | K55: 9257000 | Q55: =SUMIF($S$8:$AP$8,$S$8,$S55:$AP55)-SUMIFS(OFFSET($S55,,,,MATCH($R$5,$S$7:$AP$7,0)),OFFSET($S$8,,,,MATCH($R$5,$S$7:$AP$7,0)),$S$8)+R55 -> 5027000 | R55: =SUMIFS(OFFSET($S55,,,,MATCH($R$5,$S$7:$AP$7,0)+1),OFFSET($S$8,,,,MATCH($R$5,$S$7:$AP$7,0)+1),$T$8) -> 4127000 | S55: 150000 | T55: 1900000 | U55: 150000 | V55: 1476000 | W55: 150000 | X55: 51000 | Y55: 150000 | AA55: 150000 | AB55: 700000 | AC55: 150000 | AE55: 150000 | AF55: 2900000 | AG55: 150000 | AH55: 1780000 | AI55: 150000 | AJ55: 1204500 | AK55: 150000 | AM55: 150000 | AO55: 150000
B56: 511 | C56: Frais de téléphone | G56: 2171456 | H56: =SUMIF($S$8:$AP$9,$W$8,S56:AP56) -> 2040000 | I56: 2026165 | J56: 2040453 | K56: 1756407 | Q56: =SUMIF($S$8:$AP$8,$S$8,$S56:$AP56)-SUMIFS(OFFSET($S56,,,,MATCH($R$5,$S$7:$AP$7,0)),OFFSET($S$8,,,,MATCH($R$5,$S$7:$AP$7,0)),$S$8)+R56 -> 2040453 | R56: =SUMIFS(OFFSET($S56,,,,MATCH($R$5,$S$7:$AP$7,0)+1),OFFSET($S$8,,,,MATCH($R$5,$S$7:$AP$7,0)+1),$T$8) -> 1020453 | S56: 170000 | T56: 184600 | U56: 170000 | V56: 163259 | W56: 170000 | X56: 148306 | Y56: 170000 | Z56: 184178 | AA56: 170000 | AB56: 167921 | AC56: 170000 | AD56: 172189 | AE56: 170000 | AF56: 55490 | AG56: 170000 | AH56: 170464 | AI56: 170000 | AJ56: 21342 | AK56: 170000 | AM56: 170000 | AO56: 170000
B57: 512 | C57: Frais d'Internet | G57: 1215730 | H57: =SUMIF($S$8:$AP$9,$W$8,S57:AP57) -> 1080000 | I57: 1099648 | J57: 1076690 | K57: 991507 | Q57: =SUMIF($S$8:$AP$8,$S$8,$S57:$AP57)-SUMIFS(OFFSET($S57,,,,MATCH($R$5,$S$7:$AP$7,0)),OFFSET($S$8,,,,MATCH($R$5,$S$7:$AP$7,0)),$S$8)+R57 -> 1076690 | R57: =SUMIFS(OFFSET($S57,,,,MATCH($R$5,$S$7:$AP$7,0)+1),OFFSET($S$8,,,,MATCH($R$5,$S$7:$AP$7,0)+1),$T$8) -> 536690 | S57: 90000 | T57: 136330 | U57: 90000 | V57: 59671 | W57: 90000 | X57: 93647 | Y57: 90000 | Z57: 102260 | AA57: 90000 | AB57: 72391 | AC57: 90000 | AD57: 72391 | AE57: 90000 | AF57: 97326 | AG57: 90000 | AH57: 87491 | AI57: 90000 | AJ57: 87492 | AK57: 90000 | AM57: 90000 | AO57: 90000
B58: 513 | C58: Frais bancaires et sur monnaie électronique | G58: 3258186 | H58: =SUMIF($S$8:$AP$9,$W$8,S58:AP58) -> 3500000 | I58: 6756039 | J58: 8732577 | K58: 27558613 | Q58: =SUMIF($S$8:$AP$8,$S$8,$S58:$AP58)-SUMIFS(OFFSET($S58,,,,MATCH($R$5,$S$7:$AP$7,0)),OFFSET($S$8,,,,MATCH($R$5,$S$7:$AP$7,0)),$S$8)+R58 -> 8732577 | R58: =SUMIFS(OFFSET($S58,,,,MATCH($R$5,$S$7:$AP$7,0)+1),OFFSET($S$8,,,,MATCH($R$5,$S$7:$AP$7,0)+1),$T$8) -> 7032577 | S58: 300000 | T58: 37723 | U58: 300000 | V58: 4087740 | W58: 300000 | X58: 30576 | Y58: 300000 | Z58: 144996 | AA58: 300000 | AB58: 152084 | AC58: 300000 | AD58: 2579458 | AE58: 300000 | AF58: 6754696 | AG58: 300000 | AH58: 12971340 | AI58: 300000 | AJ58: 672800 | AK58: 300000 | AM58: 300000 | AO58: 200000
B59: 514 | C59: Frais de formation du personnel | G59: 1756826 | H59: =SUMIF($S$8:$AP$9,$W$8,S59:AP59) -> 3000000 | I59: 2754252 | J59: 2154252 | K59: 1404252 | Q59: =SUMIF($S$8:$AP$8,$S$8,$S59:$AP59)-SUMIFS(OFFSET($S59,,,,MATCH($R$5,$S$7:$AP$7,0)),OFFSET($S$8,,,,MATCH($R$5,$S$7:$AP$7,0)),$S$8)+R59 -> 2154252 | R59: =SUMIFS(OFFSET($S59,,,,MATCH($R$5,$S$7:$AP$7,0)+1),OFFSET($S$8,,,,MATCH($R$5,$S$7:$AP$7,0)+1),$T$8) -> 654252 | S59: 250000 | U59: 250000 | V59: 504252 | W59: 250000 | Y59: 250000 | Z59: 150000 | AA59: 250000 | AC59: 250000 | AE59: 250000 | AG59: 250000 | AI59: 250000 | AK59: 250000 | AM59: 250000 | AO59: 250000
B60: 515 | C60: Abonnements logiciels et divers sites | G60: 3132761 | H60: =SUMIF($S$8:$AP$9,$W$8,S60:AP60) -> 2500000 | I60: 1900000 | J60: 1300000 | K60: 700000 | Q60: =SUMIF($S$8:$AP$8,$S$8,$S60:$AP60)-SUMIFS(OFFSET($S60,,,,MATCH($R$5,$S$7:$AP$7,0)),OFFSET($S$8,,,,MATCH($R$5,$S$7:$AP$7,0)),$S$8)+R60 -> 1300000 | R60: =SUMIFS(OFFSET($S60,,,,MATCH($R$5,$S$7:$AP$7,0)+1),OFFSET($S$8,,,,MATCH($R$5,$S$7:$AP$7,0)+1),$T$8) -> 0 | S60: 200000 | U60: 200000 | W60: 200000 | Y60: 200000 | AA60: 200000 | AC60: 200000 | AE60: 200000 | AG60: 200000 | AI60: 200000 | AK60: 200000 | AM60: 200000 | AO60: 300000
B61: 516 | C61: Cotisations et concours divers | G61: 2397132 | H61: =SUMIF($S$8:$AP$9,$W$8,S61:AP61) -> 6000000 | I61: 5460000 | J61: 4599558 | K61: 3099558 | Q61: =SUMIF($S$8:$AP$8,$S$8,$S61:$AP61)-SUMIFS(OFFSET($S61,,,,MATCH($R$5,$S$7:$AP$7,0)),OFFSET($S$8,,,,MATCH($R$5,$S$7:$AP$7,0)),$S$8)+R61 -> 4599558 | R61: =SUMIFS(OFFSET($S61,,,,MATCH($R$5,$S$7:$AP$7,0)+1),OFFSET($S$8,,,,MATCH($R$5,$S$7:$AP$7,0)+1),$T$8) -> 1599558 | S61: 500000 | T61: 960000 | U61: 500000 | W61: 500000 | Y61: 500000 | Z61: 639558 | AA61: 500000 | AC61: 500000 | AE61: 500000 | AG61: 500000 | AI61: 500000 | AK61: 500000 | AM61: 500000 | AO61: 500000
B62: 517 | C62: Dons et libéralités | G62: 6802632 | H62: =SUMIF($S$8:$AP$9,$W$8,S62:AP62) -> 3500000 | I62: 5752632 | J62: 4752632 | K62: 4502632 | Q62: =SUMIF($S$8:$AP$8,$S$8,$S62:$AP62)-SUMIFS(OFFSET($S62,,,,MATCH($R$5,$S$7:$AP$7,0)),OFFSET($S$8,,,,MATCH($R$5,$S$7:$AP$7,0)),$S$8)+R62 -> 4752632 | R62: =SUMIFS(OFFSET($S62,,,,MATCH($R$5,$S$7:$AP$7,0)+1),OFFSET($S$8,,,,MATCH($R$5,$S$7:$AP$7,0)+1),$T$8) -> 3252632 | S62: 500000 | V62: 2052632 | W62: 500000 | X62: 1200000 | Y62: 500000 | AC62: 500000 | AF62: 250000 | AG62: 500000 | AK62: 500000 | AO62: 500000
C63: TOTAL SERVICES EXTERIEURS | G63: =SUM(G46:G62) -> 119448100 | H63: =SUM(H46:H62) -> 131609555 | I63: 144984983 | J63: 161676342 | K63: 196477250 | Q63: =SUM(Q46:Q62) -> 161676342 | R63: =SUM(R46:R62) -> 90390445 | S63: =SUM(S46:S62) -> 16396388 | T63: =SUM(T46:T62) -> 17360903 | U63: =SUM(U46:U62) -> 6385454 | V63: =SUM(V46:V62) -> 17601137 | W63: =SUM(W46:W62) -> 6935454 | X63: =SUM(X46:X62) -> 8130684 | ... AP63: =SUM(AP46:AP62) -> 0
B64: 600 | C64: REMUNERATIONS DES CONSULTANTS ET INTERIMAIRE | H64: =SUMIF($S$8:$AP$9,$W$8,S64:AP64) -> 0 | I64: 0 | J64: 0 | K64: 0 | Q64: =SUMIF($S$8:$AP$8,$S$8,$S64:$AP64)-SUMIFS(OFFSET($S64,,,,MATCH($R$5,$S$7:$AP$7,0)),OFFSET($S$8,,,,MATCH($R$5,$S$7:$AP$7,0)),$S$8)+R64 -> 0 | R64: =SUMIFS(OFFSET($S64,,,,MATCH($R$5,$S$7:$AP$7,0)+1),OFFSET($S$8,,,,MATCH($R$5,$S$7:$AP$7,0)+1),$T$8) -> 0
B65: 601 | C65: Honoraires expert comptable | G65: 650000 | H65: =SUMIF($S$8:$AP$9,$W$8,S65:AP65) -> 0 | I65: 650000 | J65: 2650000 | K65: 2000000 | Q65: =SUMIF($S$8:$AP$8,$S$8,$S65:$AP65)-SUMIFS(OFFSET($S65,,,,MATCH($R$5,$S$7:$AP$7,0)),OFFSET($S$8,,,,MATCH($R$5,$S$7:$AP$7,0)),$S$8)+R65 -> 0 | R65: =SUMIFS(OFFSET($S65,,,,MATCH($R$5,$S$7:$AP$7,0)+1),OFFSET($S$8,,,,MATCH($R$5,$S$7:$AP$7,0)+1),$T$8) -> 0
B66: 602 | C66: Honoraires CAC | G66: 5200000 | H66: =SUMIF($S$8:$AP$9,$W$8,S66:AP66) -> 0 | I66: 2000000 | J66: 7310000 | K66: 5310000 | Q66: =SUMIF($S$8:$AP$8,$S$8,$S66:$AP66)-SUMIFS(OFFSET($S66,,,,MATCH($R$5,$S$7:$AP$7,0)),OFFSET($S$8,,,,MATCH($R$5,$S$7:$AP$7,0)),$S$8)+R66 -> 0 | R66: =SUMIFS(OFFSET($S66,,,,MATCH($R$5,$S$7:$AP$7,0)+1),OFFSET($S$8,,,,MATCH($R$5,$S$7:$AP$7,0)+1),$T$8) -> 0
B67: 603 | C67: Rémunération cabinet fiscal | G67: 3092790 | H67: =SUMIF($S$8:$AP$9,$W$8,S67:AP67) -> 0 | I67: 2474232 | J67: 2474232 | K67: 1855674 | Q67: =SUMIF($S$8:$AP$8,$S$8,$S67:$AP67)-SUMIFS(OFFSET($S67,,,,MATCH($R$5,$S$7:$AP$7,0)),OFFSET($S$8,,,,MATCH($R$5,$S$7:$AP$7,0)),$S$8)+R67 -> 0 | R67: =SUMIFS(OFFSET($S67,,,,MATCH($R$5,$S$7:$AP$7,0)+1),OFFSET($S$8,,,,MATCH($R$5,$S$7:$AP$7,0)+1),$T$8) -> 0
B68: 604 | C68: Rémunération prestation du DG | G68: 86597940 | H68: =SUMIF($S$8:$AP$9,$W$8,S68:AP68) -> 0 | I68: 88421052 | J68: 88421052 | K68: 81052631 | Q68: =SUMIF($S$8:$AP$8,$S$8,$S68:$AP68)-SUMIFS(OFFSET($S68,,,,MATCH($R$5,$S$7:$AP$7,0)),OFFSET($S$8,,,,MATCH($R$5,$S$7:$AP$7,0)),$S$8)+R68 -> 0 | R68: =SUMIFS(OFFSET($S68,,,,MATCH($R$5,$S$7:$AP$7,0)+1),OFFSET($S$8,,,,MATCH($R$5,$S$7:$AP$7,0)+1),$T$8) -> 0
B69: 605 | C69: Rémunération consultant SMI | G69: 7592784 | H69: =SUMIF($S$8:$AP$9,$W$8,S69:AP69) -> 0 | I69: 7736842 | J69: 7894737 | K69: 7894737 | Q69: =SUMIF($S$8:$AP$8,$S$8,$S69:$AP69)-SUMIFS(OFFSET($S69,,,,MATCH($R$5,$S$7:$AP$7,0)),OFFSET($S$8,,,,MATCH($R$5,$S$7:$AP$7,0)),$S$8)+R69 -> 0 | R69: =SUMIFS(OFFSET($S69,,,,MATCH($R$5,$S$7:$AP$7,0)+1),OFFSET($S$8,,,,MATCH($R$5,$S$7:$AP$7,0)+1),$T$8) -> 0
B70: 606 | C70: Rémunération Sylvia | G70: 1475000 | H70: =SUMIF($S$8:$AP$9,$W$8,S70:AP70) -> 0 | I70: 2700000 | J70: 2730000 | K70: 2280000 | Q70: =SUMIF($S$8:$AP$8,$S$8,$S70:$AP70)-SUMIFS(OFFSET($S70,,,,MATCH($R$5,$S$7:$AP$7,0)),OFFSET($S$8,,,,MATCH($R$5,$S$7:$AP$7,0)),$S$8)+R70 -> 0 | R70: =SUMIFS(OFFSET($S70,,,,MATCH($R$5,$S$7:$AP$7,0)+1),OFFSET($S$8,,,,MATCH($R$5,$S$7:$AP$7,0)+1),$T$8) -> 0
B71: 607 | C71: Rémunération stagiaire | G71: 1020000 | H71: =SUMIF($S$8:$AP$9,$W$8,S71:AP71) -> 0 | I71: 400000 | J71: 630000 | K71: 830000 | Q71: =SUMIF($S$8:$AP$8,$S$8,$S71:$AP71)-SUMIFS(OFFSET($S71,,,,MATCH($R$5,$S$7:$AP$7,0)),OFFSET($S$8,,,,MATCH($R$5,$S$7:$AP$7,0)),$S$8)+R71 -> 0 | R71: =SUMIFS(OFFSET($S71,,,,MATCH($R$5,$S$7:$AP$7,0)+1),OFFSET($S$8,,,,MATCH($R$5,$S$7:$AP$7,0)+1),$T$8) -> 0
B72: 608 | C72: Rémunération Mme AHOUEFA | G72: 32828750 | H72: =SUMIF($S$8:$AP$9,$W$8,S72:AP72) -> 0 | I72: 6000000 | J72: 6000000 | K72: 6000000 | Q72: =SUMIF($S$8:$AP$8,$S$8,$S72:$AP72)-SUMIFS(OFFSET($S72,,,,MATCH($R$5,$S$7:$AP$7,0)),OFFSET($S$8,,,,MATCH($R$5,$S$7:$AP$7,0)),$S$8)+R72 -> 0 | R72: =SUMIFS(OFFSET($S72,,,,MATCH($R$5,$S$7:$AP$7,0)+1),OFFSET($S$8,,,,MATCH($R$5,$S$7:$AP$7,0)+1),$T$8) -> 0
B73: 610 | C73: Autres rémunérations | G73: 730000 | H73: =SUMIF($S$8:$AP$9,$W$8,S73:AP73) -> 0 | I73: 0 | J73: 0 | K73: 0 | Q73: =SUMIF($S$8:$AP$8,$S$8,$S73:$AP73)-SUMIFS(OFFSET($S73,,,,MATCH($R$5,$S$7:$AP$7,0)),OFFSET($S$8,,,,MATCH($R$5,$S$7:$AP$7,0)),$S$8)+R73 -> 0 | R73: =SUMIFS(OFFSET($S73,,,,MATCH($R$5,$S$7:$AP$7,0)+1),OFFSET($S$8,,,,MATCH($R$5,$S$7:$AP$7,0)+1),$T$8) -> 0 | AO73: 0
C74: TOTAL REMUNERATIONS DES CONSULTANTS ET INTERIMAIRES | G74: =SUM(G65:G73) -> 139187264 | H74: =SUM(H65:H73) -> 0 | I74: 110382126 | J74: 118110021 | K74: 107223042 | Q74: =SUM(Q65:Q73) -> 0 | R74: =SUM(R65:R73) -> 0 | S74: =SUM(S65:S73) -> 0 | T74: =SUM(T65:T73) -> 0 | U74: =SUM(U65:U73) -> 0 | V74: =SUM(V65:V73) -> 0 | W74: =SUM(W65:W73) -> 0 | X74: =SUM(X65:X73) -> 0 | ... AP74: =SUM(AP65:AP73) -> 0
B75: 700 | C75: SALAIRES ET CHARGES SALARIALES | H75: =SUMIF($S$8:$AP$9,$W$8,S75:AP75) -> 0 | I75: 0 | J75: 0 | K75: 0 | Q75: =SUMIF($S$8:$AP$8,$S$8,$S75:$AP75)-SUMIFS(OFFSET($S75,,,,MATCH($R$5,$S$7:$AP$7,0)),OFFSET($S$8,,,,MATCH($R$5,$S$7:$AP$7,0)),$S$8)+R75 -> 0 | R75: =SUMIFS(OFFSET($S75,,,,MATCH($R$5,$S$7:$AP$7,0)+1),OFFSET($S$8,,,,MATCH($R$5,$S$7:$AP$7,0)+1),$T$8) -> 0
B76: 701 | C76: Charges sociales et patronales sur salaires (19,4 % CNSS-4% VPS) | G76: 4000503 | H76: =SUMIF($S$8:$AP$9,$W$8,S76:AP76) -> 0 | I76: 8090354 | J76: 8079769 | K76: 7352326 | Q76: =SUMIF($S$8:$AP$8,$S$8,$S76:$AP76)-SUMIFS(OFFSET($S76,,,,MATCH($R$5,$S$7:$AP$7,0)),OFFSET($S$8,,,,MATCH($R$5,$S$7:$AP$7,0)),$S$8)+R76 -> 0 | R76: =SUMIFS(OFFSET($S76,,,,MATCH($R$5,$S$7:$AP$7,0)+1),OFFSET($S$8,,,,MATCH($R$5,$S$7:$AP$7,0)+1),$T$8) -> 0
B77: 702 | C77: Salaire Ciano DAGBA | G77: 2010996 | H77: =SUMIF($S$8:$AP$9,$W$8,S77:AP77) -> 0 | I77: 2010996 | J77: 2020996 | K77: 1853413 | Q77: =SUMIF($S$8:$AP$8,$S$8,$S77:$AP77)-SUMIFS(OFFSET($S77,,,,MATCH($R$5,$S$7:$AP$7,0)),OFFSET($S$8,,,,MATCH($R$5,$S$7:$AP$7,0)),$S$8)+R77 -> 0 | R77: =SUMIFS(OFFSET($S77,,,,MATCH($R$5,$S$7:$AP$7,0)+1),OFFSET($S$8,,,,MATCH($R$5,$S$7:$AP$7,0)+1),$T$8) -> 0
B78: 703 | C78: Salaire Bruno BESSAN | G78: 1005498 | H78: =SUMIF($S$8:$AP$9,$W$8,S78:AP78) -> 0 | I78: 167583 | J78: 167583 | K78: 167583 | Q78: =SUMIF($S$8:$AP$8,$S$8,$S78:$AP78)-SUMIFS(OFFSET($S78,,,,MATCH($R$5,$S$7:$AP$7,0)),OFFSET($S$8,,,,MATCH($R$5,$S$7:$AP$7,0)),$S$8)+R78 -> 0 | R78: =SUMIFS(OFFSET($S78,,,,MATCH($R$5,$S$7:$AP$7,0)+1),OFFSET($S$8,,,,MATCH($R$5,$S$7:$AP$7,0)+1),$T$8) -> 0
B79: 704 | C79: Salaire Igor HOUNTOUDJI | G79: 3915432 | H79: =SUMIF($S$8:$AP$9,$W$8,S79:AP79) -> 0 | I79: 4673148 | J79: 4723148 | K79: 4333719 | Q79: =SUMIF($S$8:$AP$8,$S$8,$S79:$AP79)-SUMIFS(OFFSET($S79,,,,MATCH($R$5,$S$7:$AP$7,0)),OFFSET($S$8,,,,MATCH($R$5,$S$7:$AP$7,0)),$S$8)+R79 -> 0 | R79: =SUMIFS(OFFSET($S79,,,,MATCH($R$5,$S$7:$AP$7,0)+1),OFFSET($S$8,,,,MATCH($R$5,$S$7:$AP$7,0)+1),$T$8) -> 0
B80: 705 | C80: Salaire Edith BOCLI | G80: 3136600 | H80: =SUMIF($S$8:$AP$9,$W$8,S80:AP80) -> 0 | I80: 3354900 | J80: 3404900 | K80: 3125325 | Q80: =SUMIF($S$8:$AP$8,$S$8,$S80:$AP80)-SUMIFS(OFFSET($S80,,,,MATCH($R$5,$S$7:$AP$7,0)),OFFSET($S$8,,,,MATCH($R$5,$S$7:$AP$7,0)),$S$8)+R80 -> 0 | R80: =SUMIFS(OFFSET($S80,,,,MATCH($R$5,$S$7:$AP$7,0)+1),OFFSET($S$8,,,,MATCH($R$5,$S$7:$AP$7,0)+1),$T$8) -> 0
B81: 706 | C81: Salaire Verra OLODO | G81: 900000 | H81: =SUMIF($S$8:$AP$9,$W$8,S81:AP81) -> 0 | I81: 2010996 | J81: 2040996 | K81: 1873413 | Q81: =SUMIF($S$8:$AP$8,$S$8,$S81:$AP81)-SUMIFS(OFFSET($S81,,,,MATCH($R$5,$S$7:$AP$7,0)),OFFSET($S$8,,,,MATCH($R$5,$S$7:$AP$7,0)),$S$8)+R81 -> 0 | R81: =SUMIFS(OFFSET($S81,,,,MATCH($R$5,$S$7:$AP$7,0)+1),OFFSET($S$8,,,,MATCH($R$5,$S$7:$AP$7,0)+1),$T$8) -> 0
B82: 707 | C82: Salaire Mirielle HOUEDAN | G82: 4161952 | H82: =SUMIF($S$8:$AP$9,$W$8,S82:AP82) -> 0 | I82: 4517928 | J82: 4748446 | K82: 4458964 | Q82: =SUMIF($S$8:$AP$8,$S$8,$S82:$AP82)-SUMIFS(OFFSET($S82,,,,MATCH($R$5,$S$7:$AP$7,0)),OFFSET($S$8,,,,MATCH($R$5,$S$7:$AP$7,0)),$S$8)+R82 -> 0 | R82: =SUMIFS(OFFSET($S82,,,,MATCH($R$5,$S$7:$AP$7,0)+1),OFFSET($S$8,,,,MATCH($R$5,$S$7:$AP$7,0)+1),$T$8) -> 0
B83: 708 | C83: Salaire Chantal AZONDEKON | G83: 6336411 | H83: =SUMIF($S$8:$AP$9,$W$8,S83:AP83) -> 0 | I83: 7345644 | J83: 7445644 | K83: 6833507 | Q83: =SUMIF($S$8:$AP$8,$S$8,$S83:$AP83)-SUMIFS(OFFSET($S83,,,,MATCH($R$5,$S$7:$AP$7,0)),OFFSET($S$8,,,,MATCH($R$5,$S$7:$AP$7,0)),$S$8)+R83 -> 0 | R83: =SUMIFS(OFFSET($S83,,,,MATCH($R$5,$S$7:$AP$7,0)+1),OFFSET($S$8,,,,MATCH($R$5,$S$7:$AP$7,0)+1),$T$8) -> 0
B84: 709 | C84: Salaire Odette OUENSOU | G84: 4573360 | H84: =SUMIF($S$8:$AP$9,$W$8,S84:AP84) -> 0 | I84: 5060040 | J84: 5335030 | K84: 5030020 | Q84: =SUMIF($S$8:$AP$8,$S$8,$S84:$AP84)-SUMIFS(OFFSET($S84,,,,MATCH($R$5,$S$7:$AP$7,0)),OFFSET($S$8,,,,MATCH($R$5,$S$7:$AP$7,0)),$S$8)+R84 -> 0 | R84: =SUMIFS(OFFSET($S84,,,,MATCH($R$5,$S$7:$AP$7,0)+1),OFFSET($S$8,,,,MATCH($R$5,$S$7:$AP$7,0)+1),$T$8) -> 0
B85: 710 | C85: Salaire Nestor | G85: 1064805 | H85: =SUMIF($S$8:$AP$9,$W$8,S85:AP85) -> 0 | I85: 97199 | J85: 97199 | K85: 97199 | Q85: =SUMIF($S$8:$AP$8,$S$8,$S85:$AP85)-SUMIFS(OFFSET($S85,,,,MATCH($R$5,$S$7:$AP$7,0)),OFFSET($S$8,,,,MATCH($R$5,$S$7:$AP$7,0)),$S$8)+R85 -> 0 | R85: =SUMIFS(OFFSET($S85,,,,MATCH($R$5,$S$7:$AP$7,0)+1),OFFSET($S$8,,,,MATCH($R$5,$S$7:$AP$7,0)+1),$T$8) -> 0
B86: 711 | C86: Salaire Pédra (Agant d'entretien) | G86: 987741 | H86: =SUMIF($S$8:$AP$9,$W$8,S86:AP86) -> 0 | I86: 888792 | J86: 898792 | K86: 824726 | Q86: =SUMIF($S$8:$AP$8,$S$8,$S86:$AP86)-SUMIFS(OFFSET($S86,,,,MATCH($R$5,$S$7:$AP$7,0)),OFFSET($S$8,,,,MATCH($R$5,$S$7:$AP$7,0)),$S$8)+R86 -> 0 | R86: =SUMIFS(OFFSET($S86,,,,MATCH($R$5,$S$7:$AP$7,0)+1),OFFSET($S$8,,,,MATCH($R$5,$S$7:$AP$7,0)+1),$T$8) -> 0
B87: 712 | C87: Slaire Sylvia TONI | H87: =SUMIF($S$8:$AP$9,$W$8,S87:AP87) -> 0 | I87: 1687500 | J87: 1687500 | K87: 1305010 | Q87: =SUMIF($S$8:$AP$8,$S$8,$S87:$AP87)-SUMIFS(OFFSET($S87,,,,MATCH($R$5,$S$7:$AP$7,0)),OFFSET($S$8,,,,MATCH($R$5,$S$7:$AP$7,0)),$S$8)+R87 -> 0 | R87: =SUMIFS(OFFSET($S87,,,,MATCH($R$5,$S$7:$AP$7,0)+1),OFFSET($S$8,,,,MATCH($R$5,$S$7:$AP$7,0)+1),$T$8) -> 0
B88: 713 | C88: Salaire Fidélia TINHOUETO | H88: =SUMIF($S$8:$AP$9,$W$8,S88:AP88) -> 0 | I88: 2236600 | J88: 1677450 | K88: 838725 | Q88: =SUMIF($S$8:$AP$8,$S$8,$S88:$AP88)-SUMIFS(OFFSET($S88,,,,MATCH($R$5,$S$7:$AP$7,0)),OFFSET($S$8,,,,MATCH($R$5,$S$7:$AP$7,0)),$S$8)+R88 -> 0 | R88: =SUMIFS(OFFSET($S88,,,,MATCH($R$5,$S$7:$AP$7,0)+1),OFFSET($S$8,,,,MATCH($R$5,$S$7:$AP$7,0)+1),$T$8) -> 0
B89: 714 | C89: Salaire Yacinte HOLONOU | G89: 1403091 | H89: =SUMIF($S$8:$AP$9,$W$8,S89:AP89) -> 0 | I89: 1532364 | J89: 1542364 | K89: 1414667 | Q89: =SUMIF($S$8:$AP$8,$S$8,$S89:$AP89)-SUMIFS(OFFSET($S89,,,,MATCH($R$5,$S$7:$AP$7,0)),OFFSET($S$8,,,,MATCH($R$5,$S$7:$AP$7,0)),$S$8)+R89 -> 0 | R89: =SUMIFS(OFFSET($S89,,,,MATCH($R$5,$S$7:$AP$7,0)+1),OFFSET($S$8,,,,MATCH($R$5,$S$7:$AP$7,0)+1),$T$8) -> 0
C90: TOTAL SALAIRES ET CHARGES SALARIALES | G90: =SUM(G76:G89) -> 33496389 | H90: =SUM(H76:H89) -> 0 | I90: 43674044 | J90: 43869817 | K90: 39508597 | Q90: =SUM(Q76:Q89) -> 0 | R90: =SUM(R76:R89) -> 0 | S90: =SUM(S76:S89) -> 0 | T90: =SUM(T76:T89) -> 0 | U90: =SUM(U76:U89) -> 0 | V90: =SUM(V76:V89) -> 0 | W90: =SUM(W76:W89) -> 0 | X90: =SUM(X76:X89) -> 0 | ... AP90: =SUM(AP76:AP89) -> 0
B91: 800 | C91: FRAIS DE MISSION ET NOTES DE FRAIS | H91: =SUMIF($S$8:$AP$9,$W$8,S91:AP91) -> 0 | I91: 0 | J91: 0 | K91: 0 | Q91: =SUMIF($S$8:$AP$8,$S$8,$S91:$AP91)-SUMIFS(OFFSET($S91,,,,MATCH($R$5,$S$7:$AP$7,0)),OFFSET($S$8,,,,MATCH($R$5,$S$7:$AP$7,0)),$S$8)+R91 -> 0 | R91: =SUMIFS(OFFSET($S91,,,,MATCH($R$5,$S$7:$AP$7,0)+1),OFFSET($S$8,,,,MATCH($R$5,$S$7:$AP$7,0)+1),$T$8) -> 0
B92: 801 | C92: Frais de mission encadrement | G92: 240000 | H92: =SUMIF($S$8:$AP$9,$W$8,S92:AP92) -> 600000 | I92: 1086500 | J92: 1802500 | K92: 1802500 | Q92: =SUMIF($S$8:$AP$8,$S$8,$S92:$AP92)-SUMIFS(OFFSET($S92,,,,MATCH($R$5,$S$7:$AP$7,0)),OFFSET($S$8,,,,MATCH($R$5,$S$7:$AP$7,0)),$S$8)+R92 -> 1802500 | R92: =SUMIFS(OFFSET($S92,,,,MATCH($R$5,$S$7:$AP$7,0)+1),OFFSET($S$8,,,,MATCH($R$5,$S$7:$AP$7,0)+1),$T$8) -> 1602500 | U92: 200000 | V92: 120000 | X92: 566500 | AB92: 916000 | AC92: 200000 | AO92: 200000
B93: 802 | C93: Frais de mission chauffeurs | G93: 250000 | H93: =SUMIF($S$8:$AP$9,$W$8,S93:AP93) -> 300000 | I93: 265000 | J93: 180000 | K93: 145000 | Q93: =SUMIF($S$8:$AP$8,$S$8,$S93:$AP93)-SUMIFS(OFFSET($S93,,,,MATCH($R$5,$S$7:$AP$7,0)),OFFSET($S$8,,,,MATCH($R$5,$S$7:$AP$7,0)),$S$8)+R93 -> 180000 | R93: =SUMIFS(OFFSET($S93,,,,MATCH($R$5,$S$7:$AP$7,0)+1),OFFSET($S$8,,,,MATCH($R$5,$S$7:$AP$7,0)+1),$T$8) -> 30000 | U93: 50000 | X93: 15000 | Y93: 50000 | Z93: 15000 | AC93: 50000 | AG93: 50000 | AH93: 15000 | AK93: 50000 | AM93: 50000 | AO93: 0
B94: 803 | C94: Notes de frais du DG (restauration, déplacements, divers) | G94: 10334291 | H94: =SUMIF($S$8:$AP$9,$W$8,S94:AP94) -> 12000000 | I94: 12546381 | J94: 17947542 | K94: 16993258 | Q94: =SUMIF($S$8:$AP$8,$S$8,$S94:$AP94)-SUMIFS(OFFSET($S94,,,,MATCH($R$5,$S$7:$AP$7,0)),OFFSET($S$8,,,,MATCH($R$5,$S$7:$AP$7,0)),$S$8)+R94 -> 17947542 | R94: =SUMIFS(OFFSET($S94,,,,MATCH($R$5,$S$7:$AP$7,0)+1),OFFSET($S$8,,,,MATCH($R$5,$S$7:$AP$7,0)+1),$T$8) -> 11947542 | S94: 1000000 | T94: 1852292 | U94: 1000000 | V94: 98297 | W94: 1000000 | X94: 1595792 | Y94: 1000000 | Z94: 5882550 | AA94: 1000000 | AB94: 2426609 | AC94: 1000000 | AD94: 92002 | AE94: 1000000 | AG94: 1000000 | AH94: 2045716 | AI94: 1000000 | AJ94: 424600 | AK94: 1000000 | AM94: 1000000 | AO94: 1000000
B95: 804 | C95: Frais d'hotel du DG | G95: 3779925 | H95: =SUMIF($S$8:$AP$9,$W$8,S95:AP95) -> 8400000 | I95: 7451157 | J95: 7561475 | K95: 5511475 | Q95: =SUMIF($S$8:$AP$8,$S$8,$S95:$AP95)-SUMIFS(OFFSET($S95,,,,MATCH($R$5,$S$7:$AP$7,0)),OFFSET($S$8,,,,MATCH($R$5,$S$7:$AP$7,0)),$S$8)+R95 -> 7561475 | R95: =SUMIFS(OFFSET($S95,,,,MATCH($R$5,$S$7:$AP$7,0)+1),OFFSET($S$8,,,,MATCH($R$5,$S$7:$AP$7,0)+1),$T$8) -> 3361475 | S95: 700000 | U95: 700000 | W95: 700000 | X95: 1151157 | Y95: 700000 | Z95: 623500 | AA95: 700000 | AB95: 1586818 | AC95: 700000 | AE95: 700000 | AG95: 700000 | AH95: 50000 | AI95: 700000 | AJ95: 1024493 | AK95: 700000 | AM95: 700000 | AO95: 700000
B96: 805 | C96: SDP Talks : Réceptions | G96: 3646919 | H96: =SUMIF($S$8:$AP$9,$W$8,S96:AP96) -> 6000000 | I96: 6000000 | J96: 4000000 | K96: 2000000 | Q96: =SUMIF($S$8:$AP$8,$S$8,$S96:$AP96)-SUMIFS(OFFSET($S96,,,,MATCH($R$5,$S$7:$AP$7,0)),OFFSET($S$8,,,,MATCH($R$5,$S$7:$AP$7,0)),$S$8)+R96 -> 4000000 | R96: =SUMIFS(OFFSET($S96,,,,MATCH($R$5,$S$7:$AP$7,0)+1),OFFSET($S$8,,,,MATCH($R$5,$S$7:$AP$7,0)+1),$T$8) -> 0 | Y96: 2000000 | AE96: 2000000 | AK96: 2000000 | AO96: 0
B97: 806 | C97: Réceptions et divers | G97: 5790086 | H97: =SUMIF($S$8:$AP$9,$W$8,S97:AP97) -> 4110000 | I97: 4791139 | J97: 4543504 | K97: 3323504 | Q97: =SUMIF($S$8:$AP$8,$S$8,$S97:$AP97)-SUMIFS(OFFSET($S97,,,,MATCH($R$5,$S$7:$AP$7,0)),OFFSET($S$8,,,,MATCH($R$5,$S$7:$AP$7,0)),$S$8)+R97 -> 4543504 | R97: =SUMIFS(OFFSET($S97,,,,MATCH($R$5,$S$7:$AP$7,0)+1),OFFSET($S$8,,,,MATCH($R$5,$S$7:$AP$7,0)+1),$T$8) -> 2103504 | S97: 150000 | T97: 556508 | U97: 150000 | V97: 30593 | W97: 150000 | X97: 544038 | Y97: 920000 | Z97: 50020 | AA97: 150000 | AB97: 922345 | AC97: 150000 | AE97: 920000 | AG97: 150000 | AI97: 150000 | AJ97: 850800 | AK97: 920000 | AM97: 150000 | AO97: 150000
C98: TOTAL FRAIS DE MISSION ET NOTES DE FRAIS | G98: =SUM(G92:G97) -> 24041221 | H98: =SUM(H92:H97) -> 31410000 | I98: 32140177 | J98: 36035021 | K98: 29775737 | Q98: =SUM(Q92:Q97) -> 36035021 | R98: =SUM(R92:R97) -> 19045021 | S98: =SUM(S92:S97) -> 1850000 | T98: =SUM(T92:T97) -> 2408800 | U98: =SUM(U92:U97) -> 2100000 | V98: =SUM(V92:V97) -> 248890 | W98: =SUM(W92:W97) -> 1850000 | X98: =SUM(X92:X97) -> 3872487 | ... AP98: =SUM(AP92:AP97) -> 0
B99: 900 | C99: IMPOT TAXE ET FRAIS FINANCIERS | H99: =SUMIF($S$8:$AP$9,$W$8,S99:AP99) -> 0 | I99: 0 | J99: 0 | K99: 0 | Q99: =SUMIF($S$8:$AP$8,$S$8,$S99:$AP99)-SUMIFS(OFFSET($S99,,,,MATCH($R$5,$S$7:$AP$7,0)),OFFSET($S$8,,,,MATCH($R$5,$S$7:$AP$7,0)),$S$8)+R99 -> 0 | R99: =SUMIFS(OFFSET($S99,,,,MATCH($R$5,$S$7:$AP$7,0)+1),OFFSET($S$8,,,,MATCH($R$5,$S$7:$AP$7,0)+1),$T$8) -> 0
B100: 901 | C100: Droits d'enregistrement et timbres | G100: 1009900 | H100: =SUMIF($S$8:$AP$9,$W$8,S100:AP100) -> 2400000 | I100: 1837400 | J100: 1257900 | K100: 689200 | Q100: =SUMIF($S$8:$AP$8,$S$8,$S100:$AP100)-SUMIFS(OFFSET($S100,,,,MATCH($R$5,$S$7:$AP$7,0)),OFFSET($S$8,,,,MATCH($R$5,$S$7:$AP$7,0)),$S$8)+R100 -> 1257900 | R100: =SUMIFS(OFFSET($S100,,,,MATCH($R$5,$S$7:$AP$7,0)+1),OFFSET($S$8,,,,MATCH($R$5,$S$7:$AP$7,0)+1),$T$8) -> 57900 | S100: 200000 | T100: 6100 | U100: 200000 | V100: 7200 | W100: 200000 | X100: 24100 | Y100: 200000 | AA100: 200000 | AC100: 200000 | AD100: 20500 | AE100: 200000 | AF100: 31300 | AG100: 200000 | AI100: 200000 | AJ100: 12100 | AK100: 200000 | AM100: 200000 | AO100: 200000
B101: 902 | C101: Frais d'actes | G101: 400382 | H101: =SUMIF($S$8:$AP$9,$W$8,S101:AP101) -> 1200000 | I101: 968982 | J101: 903536 | K101: 697161 | Q101: =SUMIF($S$8:$AP$8,$S$8,$S101:$AP101)-SUMIFS(OFFSET($S101,,,,MATCH($R$5,$S$7:$AP$7,0)),OFFSET($S$8,,,,MATCH($R$5,$S$7:$AP$7,0)),$S$8)+R101 -> 903536 | R101: =SUMIFS(OFFSET($S101,,,,MATCH($R$5,$S$7:$AP$7,0)+1),OFFSET($S$8,,,,MATCH($R$5,$S$7:$AP$7,0)+1),$T$8) -> 303536 | S101: 100000 | T101: 19000 | U101: 100000 | V101: 30300 | W101: 100000 | X101: 19682 | Y101: 100000 | Z101: 99229 | AA101: 100000 | AB101: 52300 | AC101: 100000 | AD101: 83025 | AE101: 100000 | AF101: 2500 | AG101: 100000 | AH101: 91125 | AI101: 100000 | AJ101: 362620 | AK101: 100000 | AM101: 100000 | AO101: 100000
B102: 903 | C102: Frais financiers sur divers emprunts | G102: 36037684 | H102: =SUMIF($S$8:$AP$9,$W$8,S102:AP102) -> 17442683 | I102: 17442683 | J102: 17442685 | K102: 19445829 | Q102: =SUMIF($S$8:$AP$8,$S$8,$S102:$AP102)-SUMIFS(OFFSET($S102,,,,MATCH($R$5,$S$7:$AP$7,0)),OFFSET($S$8,,,,MATCH($R$5,$S$7:$AP$7,0)),$S$8)+R102 -> 17442685 | R102: =SUMIFS(OFFSET($S102,,,,MATCH($R$5,$S$7:$AP$7,0)+1),OFFSET($S$8,,,,MATCH($R$5,$S$7:$AP$7,0)+1),$T$8) -> 12077136 | S102: 2325000 | T102: 2325000 | U102: 2325000 | V102: 2325000 | W102: 2139113 | X102: 2139113 | Y102: 1951831 | Z102: 1951832 | AA102: 1763146 | AB102: 1763146 | AC102: 1573044 | AD102: 1573045 | AE102: 1381518 | AG102: 1188554 | AH102: 5567360 | AI102: 994144 | AK102: 798275 | AM102: 600938 | AO102: 402120
B103: 904 | C103: Patente et taxes annexes | G103: 6952730 | H103: =SUMIF($S$8:$AP$9,$W$8,S103:AP103) -> 12658153 | I103: 12334821 | J103: 29687551 | K103: 29687551 | Q103: =SUMIF($S$8:$AP$8,$S$8,$S103:$AP103)-SUMIFS(OFFSET($S103,,,,MATCH($R$5,$S$7:$AP$7,0)),OFFSET($S$8,,,,MATCH($R$5,$S$7:$AP$7,0)),$S$8)+R103 -> 29687551 | R103: =SUMIFS(OFFSET($S103,,,,MATCH($R$5,$S$7:$AP$7,0)+1),OFFSET($S$8,,,,MATCH($R$5,$S$7:$AP$7,0)+1),$T$8) -> 29687551 | U103: 7258153 | V103: 5386360 | X103: 1548461 | Y103: 5400000 | Z103: 22752730 | AO103: 0
...

Sheet Frais Agence Maestro
F1: ECART SUR FRAIS DE STRUCTURE
F2: ='Situation Interne Intermédiaire'!B2 -> SDP
F3: ='Situation Interne Intermédiaire'!B3 -> BILAN 31/12/2025
B5: En K Euros
F7: =+'Frais de Siège'!G7:G8 -> Rappel Réel 2024 | G7: B2 2018 | H7: B1 2017 | I7: B2 2017 | J7: =+'Frais de Siège'!I7:I8 -> B1 2025 | K7: =F3 -> BILAN 31/12/2025 | L7: =+_xlfn.single('frais de siège'!#ref!) -> #VALUE! | Q7: PERSONNEL DETACHE
B8: Libellé | Q8: N O M S | R8: F O N C T I O N S
B9: SUR/SOUS COUVERTURE | F9: =F10+F13+F48 -> #VALUE! | G9: -429.36 | H9: =H10+H13+H48 -> #VALUE! | I9: =I10+I13+I48 -> #VALUE! | J9: =J10+J13+J48 -> #VALUE! | K9: =K10+K13+K48 -> #VALUE! | L9: =+K9-J9 -> #VALUE!
B10: ABONNEMENTS NETS | F10: =SUM(F11:F12) -> 348061.63 | G10: 906.64 | H10: =SUM(H11:H12) -> #VALUE! | I10: =SUM(I11:I12) -> #VALUE! | J10: =SUM(J11:J12) -> 0 | K10: =SUM(K11:K12) -> 529139611 | L10: =+K10-J10 -> 529139611 | Q10: JB.SEVAISTRE | R10: Directeur
B11: Charges d'abonnement | L11: =+K11-J11 -> 0
B12: Produits d'abonnement | F12: =+'Frais de Siège'!G113 -> 348061.63 | G12: 906.64 | H12: =+'frais de siège'!#ref! -> #VALUE! | I12: =+'frais de siège'!#ref! -> #VALUE! | J12: =+'Frais de Siège'!I113 -> 0 | K12: =+'Frais de Siège'!L113 -> 529139611 | L12: =+K12-J12 -> 529139611 | Q12: A. LELIEPAULT | R12: Responsable Etudes
B13: CHARGES (hors abonnements) | F13: =F14+F18+F20+F22+F27+F29+F33+F35+F40+F42+F46 -> #VALUE! | G13: -1332 | H13: =H14+H18+H20+H22+H27+H29+H33+H35+H40+H42+H46 -> #VALUE! | I13: =I14+I18+I20+I22+I27+I29+I33+I35+I40+I42+I46 -> #VALUE! | J13: =J14+J18+J20+J22+J27+J29+J33+J35+J40+J42+J46 -> #VALUE! | K13: =K14+K18+K20+K22+K27+K29+K33+K35+K40+K42+K46 -> #VALUE! | L13: =+K13-J13 -> #VALUE! | Q13: A.CARPIER | R13: Ingénieur Etudes
B14: FRAIS DE PERSONNEL | F14: =SUM(F15:F16) -> 6302119 | G14: -877 | H14: =SUM(H15:H16) -> #VALUE! | I14: =SUM(I15:I16) -> #VALUE! | J14: =SUM(J15:J16) -> 50492869 | K14: =SUM(K15:K16) -> 0 | L14: =+K14-J14 -> -50492869 | Q14: C. DEBEIRE | R14: Q S E
B15: Personnel local et expatrié | F15: =+'Frais de Siège'!G11+'Frais de Siège'!G13 -> 0 | G15: -861 | H15: =+'frais de siège'!#ref!+'frais de siège'!#ref! -> #VALUE! | I15: =+'frais de siège'!#ref!+'frais de siège'!#ref! -> #VALUE! | J15: =+'Frais de Siège'!I11+'Frais de Siège'!I13 -> 42505962 | K15: =+'Frais de Siège'!L11+'Frais de Siège'!L13 -> 0 | L15: =+K15-J15 -> -42505962
B16: Personnel externe, intérimaires | F16: =+'Frais de Siège'!G12 -> 6302119 | G16: -16 | H16: =+'frais de siège'!#ref! -> #VALUE! | I16: =+'frais de siège'!#ref! -> #VALUE! | J16: =+'Frais de Siège'!I12 -> 7986907 | K16: =+'Frais de Siège'!L12 -> 0 | L16: =+K16-J16 -> -7986907 | Q16: =+'frais de siège'!#ref! -> #VALUE! | R16: Resp. Adm et Financier
L17: =+K17-J17 -> 0
B18: VOYAGES ET DEPLACEMENTS | F18: =+'frais de siège'!#ref! -> #VALUE! | G18: -85 | H18: =+'frais de siège'!#ref! -> #VALUE! | I18: =+'frais de siège'!#ref! -> #VALUE! | J18: =+'frais de siège'!#ref! -> #VALUE! | K18: =+'frais de siège'!#ref! -> #VALUE! | L18: =+K18-J18 -> #VALUE!
L19: =+K19-J19 -> 0
B20: VEHICULES ET FRAIS ASSOCIES | F20: =+'frais de siège'!#ref! -> #VALUE! | G20: -90 | H20: =+'frais de siège'!#ref! -> #VALUE! | I20: =+'frais de siège'!#ref! -> #VALUE! | J20: =+'frais de siège'!#ref! -> #VALUE! | K20: =+'frais de siège'!#ref! -> #VALUE! | L20: =+K20-J20 -> #VALUE!
L21: =+K21-J21 -> 0 | Q21: PERSONNEL LOCAL
B22: LOYERS, AMORTISSEMENTS & CHARGES (LOCAUX) | F22: =SUM(F23:F25) -> 1767155 | G22: -111 | H22: =SUM(H23:H25) -> #VALUE! | I22: =SUM(I23:I25) -> #VALUE! | J22: =SUM(J23:J25) -> 0 | K22: =SUM(K23:K25) -> 0 | L22: =+K22-J22 -> 0
B23: Loyers | F23: =+'Frais de Siège'!G16 -> 1540000 | G23: -47 | H23: =+'frais de siège'!#ref! -> #VALUE! | I23: =+'frais de siège'!#ref! -> #VALUE! | J23: =+'Frais de Siège'!I16 -> 0 | K23: =+'Frais de Siège'!L16 -> 0 | L23: =+K23-J23 -> 0 | Q23: N O M S | R23: F O N C T I O N S
B24: Amortissements (yc agencement & mobilier) | F24: =+'Frais de Siège'!G29 -> 227155 | G24: -31 | H24: =+'frais de siège'!#ref! -> #VALUE! | I24: =+'frais de siège'!#ref! -> #VALUE! | J24: =+'Frais de Siège'!I29 | K24: =+'Frais de Siège'!L29 -> 0 | L24: =+K24-J24 -> #VALUE!
B25: Charges (liées aux locaux, yc energies) | F25: =+'Frais de Siège'!G19+'Frais de Siège'!G18 -> 0 | G25: -33 | H25: =+'frais de siège'!#ref!+'frais de siège'!#ref! -> #VALUE! | I25: =+'frais de siège'!#ref!+'frais de siège'!#ref! -> #VALUE! | J25: =+'Frais de Siège'!I19+'Frais de Siège'!I18 -> 0 | K25: =+'Frais de Siège'!L19+'Frais de Siège'!L18 -> 0 | L25: =+K25-J25 -> 0 | Q25: CADRE
L26: =+K26-J26 -> 0
B27: MATERIEL (ex : pelleteuses, préfabriqués,...) | F27: =+'Frais de Siège'!G17 -> 3803973 | G27: 0 | H27: =+'frais de siège'!#ref! -> #VALUE! | I27: =+'frais de siège'!#ref! -> #VALUE! | J27: =+'Frais de Siège'!I17 -> 0 | K27: =+'Frais de Siège'!L17 -> 0 | L27: =+K27-J27 -> 0
L28: =+K28-J28 -> 0 | Q28: ETAM
B29: SUPPORT | F29: =SUM(F30:F31) -> 556301 | G29: -72 | H29: =SUM(H30:H31) -> #VALUE! | I29: =SUM(I30:I31) -> #VALUE! | J29: =SUM(J30:J31) -> 127033 | K29: =SUM(K30:K31) -> 0 | L29: =+K29-J29 -> -127033 | Q29: E. LEVALOIS | R29: Comptable 2e Ech
B30: Frais informatiques (yc amortissement) | F30: =+'Frais de Siège'!G23 -> 413847 | G30: -50 | H30: =+'frais de siège'!#ref! -> #VALUE! | I30: =+'frais de siège'!#ref! -> #VALUE! | J30: =+'Frais de Siège'!I23 | K30: =+'Frais de Siège'!L23 -> 0 | L30: =+K30-J30 -> #VALUE!
B31: Autres (fournitures de bureau, repro, ...) | F31: =+'Frais de Siège'!G24 -> 142454 | G31: -22 | H31: =+'frais de siège'!#ref! -> #VALUE! | I31: =+'frais de siège'!#ref! -> #VALUE! | J31: =+'Frais de Siège'!I24 -> 127033 | K31: =+'Frais de Siège'!L24 -> 0 | L31: =+K31-J31 -> -127033 | Q31: G. OCCHIALI | R31: Comptable 1e Ech
L32: =+K32-J32 -> 0 | Q32: S. BALERZY | R32: Responsable Paye
B33: COMMUNICATION, PUBLICITE & SPONSORING | F33: =+'Frais de Siège'!G26 -> 7903013 | G33: -13 | H33: =+'frais de siège'!#ref! -> #VALUE! | I33: =+'frais de siège'!#ref! -> #VALUE! | J33: =+'Frais de Siège'!I26 -> 11130648 | K33: =+'Frais de Siège'!L26 -> 0 | L33: =+K33-J33 -> -11130648 | Q33: B. SAMBO | R33: Métreur
L34: =+K34-J34 -> 0 | Q34: S. MAGNE | R34: Assistante d'Entreprise
B35: HONORAIRES ET ASSURANCES | F35: =SUM(F36:F38) -> 884044 | G35: -34 | H35: =SUM(H36:H38) -> #VALUE! | I35: =SUM(I36:I38) -> #VALUE! | J35: =SUM(J36:J38) -> 911799 | K35: =SUM(K36:K38) -> 0 | L35: =+K35-J35 -> -911799 | Q35: B. SAMBO | R35: Métreur
B36: CAC | L36: =+K36-J36 -> 0
B37: Autres honoraires | F37: =+'Frais de Siège'!G25 -> 70492 | G37: -34 | H37: =+'frais de siège'!#ref! -> #VALUE! | I37: =+'frais de siège'!#ref! -> #VALUE! | J37: =+'Frais de Siège'!I25 -> 191799 | K37: =+'Frais de Siège'!L25 -> 0 | L37: =+K37-J37 -> -191799
B38: Primes d'assurance | F38: =+'Frais de Siège'!G27 -> 813552 | G38: 0 | H38: =+'frais de siège'!#ref! -> #VALUE! | I38: =+'frais de siège'!#ref! -> #VALUE! | J38: =+'Frais de Siège'!I27 -> 720000 | K38: =+'Frais de Siège'!L27 -> 0 | L38: =+K38-J38 -> -720000
L39: =+K39-J39 -> 0
B40: FRAIS DES SERVICES BANCAIRES | F40: =+'frais de siège'!#ref! -> #VALUE! | G40: -21 | H40: =+'frais de siège'!#ref! -> #VALUE! | I40: =+'frais de siège'!#ref! -> #VALUE! | J40: =+'frais de siège'!#ref! -> #VALUE! | K40: =+'frais de siège'!#ref! -> #VALUE! | L40: =+K40-J40 -> #VALUE!
L41: =+K41-J41 -> 0
B42: IMPÔTS ET TAXES | F42: =SUM(F43:F44) -> 4132026 | G42: -15 | H42: =SUM(H43:H44) -> #VALUE! | I42: =SUM(I43:I44) -> #VALUE! | J42: =SUM(J43:J44) -> 3509687 | K42: =SUM(K43:K44) -> 0 | L42: =+K42-J42 -> -3509687
B43: Frais douane | L43: =+K43-J43 -> 0
B44: Autres impôts et taxes | F44: =+'Frais de Siège'!G28 -> 4132026 | G44: -15 | H44: =+'frais de siège'!#ref! -> #VALUE! | I44: =+'frais de siège'!#ref! -> #VALUE! | J44: =+'Frais de Siège'!I28 -> 3509687 | K44: =+'Frais de Siège'!L28 -> 0 | L44: =+K44-J44 -> -3509687
L45: =+K45-J45 -> 0
B46: DIVERS | F46: =+'frais de siège'!#ref!+'Frais de Siège'!G115+'frais de siège'!#ref!+'frais de siège'!#ref! -> #VALUE! | G46: -14 | H46: =+'frais de siège'!#ref!+'frais de siège'!#ref!+'frais de siège'!#ref!+'frais de siège'!#ref! -> #VALUE! | I46: =+'frais de siège'!#ref!+'frais de siège'!#ref!+'frais de siège'!#ref!+'frais de siège'!#ref! -> #VALUE! | J46: =+'frais de siège'!#ref!+'Frais de Siège'!I115+'frais de siège'!#ref!+'frais de siège'!#ref! -> #VALUE! | K46: =+'frais de siège'!#ref!+'Frais de Siège'!L115+'frais de siège'!#ref!+'frais de siège'!#ref! -> #VALUE! | L46: =+K46-J46 -> #VALUE!
L47: =+K47-J47 -> 0
B48: PRODUITS (hors abonnements) | F48: =F49+F53 -> #VALUE! | G48: -4 | H48: =H49+H53 -> #VALUE! | I48: =I49+I53 -> #VALUE! | J48: =J49+J53 -> #VALUE! | K48: =K49+K53 -> #VALUE! | L48: =+K48-J48 -> #VALUE!
B49: PRODUITS INTERNES | F49: =SUM(F50:F51) -> #VALUE! | G49: 0 | H49: =SUM(H50:H51) -> #VALUE! | I49: =SUM(I50:I51) -> #VALUE! | J49: =SUM(J50:J51) -> #VALUE! | K49: =SUM(K50:K51) -> #VALUE! | L49: =+K49-J49 -> #VALUE!
B50: Refacturations internes | L50: =+K50-J50 -> 0
B51: Autres produits internes | F51: =+'frais de siège'!#ref! -> #VALUE! | G51: 0 | H51: =+'frais de siège'!#ref! -> #VALUE! | I51: =+'frais de siège'!#ref! -> #VALUE! | J51: =+'frais de siège'!#ref! -> #VALUE! | K51: =+'frais de siège'!#ref! -> #VALUE! | L51: =+K51-J51 -> #VALUE!
L52: =+K52-J52 -> 0
B53: PRODUITS EXTERNES | F53: =+'Frais de Siège'!G112 -> 0 | G53: -4 | H53: =+'frais de siège'!#ref! -> #VALUE! | I53: =+'frais de siège'!#ref! -> #VALUE! | J53: =+'Frais de Siège'!I112 -> 0 | K53: =+'Frais de Siège'!L112 -> 0 | L53: =+K53-J53 -> 0

Sheet IMPOTS ET FRAIS
G1: ECART SUR FRAIS DE STRUCTURE
G2: ='Situation Interne Intermédiaire'!B2 -> SDP
G3: ='Situation Interne Intermédiaire'!B3 -> BILAN 31/12/2025
C5: En CFA | Q5: Date : | R5: Septembre 2025
B7: POSTE | C7: LIBELLE | G7: Rappel Réel 2024 | H7: B0 2025 | I7: B1 2025 | J7: B2 2025 | K7: B3 2025 | L7: =G3 -> BILAN 31/12/2025 | Q7: 2025 | S7: Janvier 2025 | U7: Février 2025 | W7: Mars 2025 | Y7: Avril 2025 | AA7: Mai 2025 | AC7: Juin 2025 | AE7: Juillet 2025 | AG7: Août 2025 | AI7: Septembre 2025 | AK7: Octobre 2025 | AM7: Novembre 2025 | AO7: Décembre 2025
Q8: Prévision Finale à date = Réalisation à date + Prévision mois restants | R8: Réalisation à date | S8: Prévision | T8: Réalisation à date | U8: Prévision | V8: Réalisation à date | W8: Prévision | X8: Réalisation à date | Y8: Prévision | Z8: Réalisation à date | AA8: Prévision | AB8: Réalisation à date | AC8: Prévision | AD8: Réalisation à date | AE8: Prévision | AF8: Réalisation à date | AG8: Prévision | AH8: Réalisation à date | AI8: Prévision | AJ8: Réalisation à date | AK8: Prévision | AL8: Réalisation à date | AM8: Prévision | AN8: Réalisation à date | AO8: Prévision | AP8: Réalisation à date
B10: 903 | C10: Frais financiers sur divers emprunts | G10: 36037684 | H10: =SUMIF($S$8:$AP$9,$W$8,S10:AP10) -> 17442683 | I10: 17442683 | J10: 17442685 | K10: 19445829 | Q10: =SUMIF($S$8:$AP$8,$S$8,$S10:$AP10)-SUMIFS(OFFSET($S10,,,,MATCH($R$5,$S$7:$AP$7,0)),OFFSET($S$8,,,,MATCH($R$5,$S$7:$AP$7,0)),$S$8)+R10 -> 19445829 | R10: =SUMIFS(OFFSET($S10,,,,MATCH($R$5,$S$7:$AP$7,0)+1),OFFSET($S$8,,,,MATCH($R$5,$S$7:$AP$7,0)+1),$T$8) -> 17644496 | S10: 2325000 | T10: 2325000 | U10: 2325000 | V10: 2325000 | W10: 2139113 | X10: 2139113 | Y10: 1951831 | Z10: 1951832 | AA10: 1763146 | AB10: 1763146 | AC10: 1573044 | AD10: 1573045 | AE10: 1381518 | AG10: 1188554 | AH10: 5567360 | AI10: 994144 | AK10: 798275 | AM10: 600938 | AO10: 402120
B11: 904 | C11: Patente et taxes annexes | G11: 6952730 | H11: =SUMIF($S$8:$AP$9,$W$8,S11:AP11) -> 12658153 | I11: 12334821 | J11: 29687551 | K11: 29687551 | Q11: =SUMIF($S$8:$AP$8,$S$8,$S11:$AP11)-SUMIFS(OFFSET($S11,,,,MATCH($R$5,$S$7:$AP$7,0)),OFFSET($S$8,,,,MATCH($R$5,$S$7:$AP$7,0)),$S$8)+R11 -> 29687551 | R11: =SUMIFS(OFFSET($S11,,,,MATCH($R$5,$S$7:$AP$7,0)+1),OFFSET($S$8,,,,MATCH($R$5,$S$7:$AP$7,0)+1),$T$8) -> 29687551 | U11: 7258153 | V11: 5386360 | X11: 1548461 | Y11: 5400000 | Z11: 22752730 | AO11: 0
B12: 907 | C12: Impôt sur les sociétés | G12: 14448040 | H12: =SUMIF($S$8:$AP$9,$W$8,S12:AP12) -> 62072824 | I12: 58460809 | J12: 38973873 | K12: 19486936 | Q12: =SUMIF($S$8:$AP$8,$S$8,$S12:$AP12)-SUMIFS(OFFSET($S12,,,,MATCH($R$5,$S$7:$AP$7,0)),OFFSET($S$8,,,,MATCH($R$5,$S$7:$AP$7,0)),$S$8)+R12 -> 19486936 | R12: =SUMIFS(OFFSET($S12,,,,MATCH($R$5,$S$7:$AP$7,0)+1),OFFSET($S$8,,,,MATCH($R$5,$S$7:$AP$7,0)+1),$T$8) -> 0 | W12: 3612015 | AC12: 19486936 | AI12: 19486936 | AO12: 19486936
B13: 908 | C13: Taxe de développement du sport (TDS) | H13: =SUMIF($S$8:$AP$9,$W$8,S13:AP13) -> 2069092 | I13: 2069089 | J13: 1984936 | K13: 1467663 | Q13: =SUMIF($S$8:$AP$8,$S$8,$S13:$AP13)-SUMIFS(OFFSET($S13,,,,MATCH($R$5,$S$7:$AP$7,0)),OFFSET($S$8,,,,MATCH($R$5,$S$7:$AP$7,0)),$S$8)+R13 -> 1942863 | R13: =SUMIFS(OFFSET($S13,,,,MATCH($R$5,$S$7:$AP$7,0)+1),OFFSET($S$8,,,,MATCH($R$5,$S$7:$AP$7,0)+1),$T$8) -> 1425590 | W13: 517273 | X13: 517270 | AC13: 517273 | AD13: 433120 | AI13: 517273 | AJ13: 475200 | AO13: 517273
B14: 909 | C14: CCIB | H14: =SUMIF($S$8:$AP$9,$W$8,S14:AP14) -> 1600000 | I14: 1600000 | J14: 2800000 | K14: 1200000 | Q14: =SUMIF($S$8:$AP$8,$S$8,$S14:$AP14)-SUMIFS(OFFSET($S14,,,,MATCH($R$5,$S$7:$AP$7,0)),OFFSET($S$8,,,,MATCH($R$5,$S$7:$AP$7,0)),$S$8)+R14 -> 1200000 | R14: =SUMIFS(OFFSET($S14,,,,MATCH($R$5,$S$7:$AP$7,0)+1),OFFSET($S$8,,,,MATCH($R$5,$S$7:$AP$7,0)+1),$T$8) -> 1200000 | AD14: 1200000 | AI14: 1600000 | AO14: 0
C15: TOTAL IMPOT TAXE ET FRAIS FINANCIERS | G15: =SUM(G10:G14) -> 57438454 | H15: =SUM(H10:H14) -> 95842752 | I15: =SUM(I10:I14) -> 91907402 | J15: =SUM(J10:J14) -> 90889045 | K15: =SUM(K10:K14) -> 71287979 | L15: =SUM(L10:L14) -> 0 | Q15: =SUM(Q10:Q14) -> 71763179 | R15: =SUM(R10:R14) -> 49957637 | S15: =SUM(S10:S14) -> 2325000 | T15: =SUM(T10:T14) -> 2325000 | U15: =SUM(U10:U14) -> 9583153 | V15: =SUM(V10:V14) -> 7711360 | W15: =SUM(W10:W14) -> 6268401 | X15: =SUM(X10:X14) -> 4204844 | ... AP15: =SUM(AP10:AP14) -> 0
C16: TOTAL FRAIS DE STRUCTURE | G16: =SUM(G10:G15)/2 -> 57438454 | H16: =H15 -> 95842752 | I16: 91907402 | J16: 90889045 | K16: 71763179 | L16: =+L15 -> 0 | Q16: =+Q15 -> 71763179 | R16: =+R15 -> 49957637 | S16: =+S15 -> 2325000 | T16: =+T15 -> 2325000 | U16: =+U15 -> 9583153 | V16: =+V15 -> 7711360 | W16: =+W15 -> 6268401 | X16: =+X15 -> 4204844 | ... AP16: =+AP15 -> 0
C17: Recettes externes | K17: 0
C18: Majorations proportionnelles | G18: =-'Rés.par affaires'!J68 -> 348061.63 | H18: 0 | I18: 0 | J18: 0 | L18: =-('Rés.par affaires'!AP68)*1000 -> 529139611 | R18: 0
C19: TOTAL RECETTE | G19: =SUM(G17:G18) -> 348061.63 | H19: =SUM(H17:H18) -> 0 | I19: =SUM(I17:I18) -> 0 | J19: =SUM(J17:J18) -> 0 | K19: =SUM(K17:K18) -> 0 | L19: =SUM(L17:L18) -> 529139611
C20: A régulariser | G20: 0 | H20: 0
C21: RESULTAT NET | G21: =G16+G19+G20 -> 57786516 | H21: =H16+H19+H20 -> 95842752 | I21: =I16+I19+I20 -> 91907402 | J21: =J16+J19+J20 -> 90889045 | K21: =K16+K19+K20 -> 71763179 | L21: =L19-L16 -> 529139611
C23: % MARGE NETTE | K23: =(+L21/1000)/'Situation Interne Intermédiaire'!G12 -> 0.2 | L23: =(+L21/1000)/'Situation Interne Intermédiaire'!G12 -> 0.2
R27: =R16/Q16 -> 0.69614582
